Workbook

Sheet REVENUE
B2: Main-Rev-id | C2: Sub-Rev-id | D2: Sub-Rev-Name | E2: Item-id
B4: Taxes | E4: 1100000
B5: 1111000 | C5: 1111001 | D5: Pay As You Earn (PAYE) Tax | E5: Taxes
B6: 1111000 | C6: 1111002 | D6: Self Employed | E6: Taxes
B7: 1111000 | C7: 1111003 | D7: Vehicle Income Tax (VIT) | E7: Taxes
B8: 1111000 | C8: 1111004 | D8: Income Tax Refund | E8: Taxes
B9: 1111000 | C9: 1111005 | D9: SSNIT 2.5 % | E9: Taxes
B10: 1111100 | C10: 1111101 | D10: Capital Gains Tax | E10: Taxes
B11: 1111100 | C11: 1111102 | D11: Capital Gains Tax Refund | E11: Taxes
B12: 1111200 | C12: 1111201 | D12: Residents Withholding Tax - Dividends | E12: Taxes
B13: 1111200 | C13: 1111202 | D13: Part Time Teachers, Lecturers, Exam Invigilators - Withholding Tax | E13: Taxes
B14: 1111200 | C14: 1111203 | D14: Endorsement Fee | E14: Taxes
B15: 1111200 | C15: 1111204 | D15: Payment for supply of goods or use of property or supply of services (Rent) | E15: Taxes
B16: 1111200 | C16: 1111205 | D16: Interest on the debt contracted for petroleum operations | E16: Taxes
... B206: 1161100 | C206: 1161101 | D206: NFSL | E206: Taxes
B207: Donor Grants & Reliefs | E207: 1300000
B208: 1321000 | C208: 1321001 | D208: NGOs | E208: Donor Grants & Reliefs
B209: 1331000 | C209: 1331001 | D209: Central Government - GOG Paid Salaries | E209: Donor Grants & Reliefs
B210: 1331000 | C210: 1331002 | D210: DACF - Assembly | E210: Donor Grants & Reliefs
B211: 1331000 | C211: 1331003 | D211: DACF - MP | E211: Donor Grants & Reliefs
B212: 1331000 | C212: 1331004 | D212: Ceded Revenue | E212: Donor Grants & Reliefs
B213: 1331000 | C213: 1331005 | D213: HIPC | E213: Donor Grants & Reliefs
B214: 1331000 | C214: 1331006 | D214: Sanitation Fund | E214: Donor Grants & Reliefs
B215: 1331000 | C215: 1331007 | D215: National Youth Employment | E215: Donor Grants & Reliefs
B216: 1331000 | C216: 1331008 | D216: Ghana School Feeding Prog./HIV AIDS, etc | E216: Donor Grants & Reliefs
B217: 1331000 | C217: 1331008 1 | D217: Urban Transport Project | E217: Donor Grants & Reliefs
B218: 1331000 | C218: 1331008 2 | D218: Disability Fund | E218: Donor Grants & Reliefs
B219: 1331000 | C219: 1331008 3 | D219: M-SHAP | E219: Donor Grants & Reliefs
B220: 1331000 | C220: 1331009 | D220: G and S (Decent. Depts) GOG | E220: Donor Grants & Reliefs
B221: 1331000 | C221: 1331010 | D221: DDF Related Recurrent transfers(cap. Build) | E221: Donor Grants & Reliefs
B222: 1331000 | C222: 1332001 | D222: DACF Direct transfers | E222: Donor Grants & Reliefs
B223: 1331000 | C223: 1332002 | D223: DACF MP Transfers Capital Dev't Projects | E223: Donor Grants & Reliefs
B224: 1331000 | C224: 1332003 | D224: Sector specific Transfers(Decent. Depts) | E224: Donor Grants & Reliefs
B225: 1331000 | C225: 1332004 | D225: DDF (Investments) | E225: Donor Grants & Reliefs
B226: 1331000 | C226: 1332005 | D226: UDG Transfer 1 | E226: Donor Grants & Reliefs
B227: 1331000 | C227: 1332006 | D227: Other Donor Funded Grants | E227: Donor Grants & Reliefs
B228: 1331000 | C228: 1332006 2 | D228: Other Donor Funded Grants (CSF) | E228: Donor Grants & Reliefs
B229: 1331000 | C229: 1332006 1 | D229: Other Donor Funded Grants (UNDP) | E229: Donor Grants & Reliefs
B230: Other Revenue | E230: 1400000
B231: 1411000 | C231: 1411001 | D231: Petroleum - Participating Interest | E231: Other Revenue
B232: 1411000 | C232: 1411002 | D232: Petroleum - Initial Interest | E232: Other Revenue
B233: 1411000 | C233: 1411003 | D233: Interest on Re-scheduled debt - Customs | E233: Other Revenue
B234: 1411000 | C234: 1411004 | D234: Interest on GoG on-lent Loan | E234: Other Revenue
B235: 1411000 | C235: 1411005 | D235: Interest on loans/CAGD Loans Repayment | E235: Other Revenue
B236: 1412000 | C236: 1412001 | D236: Mineral Royalties | E236: Other Revenue
B237: 1412000 | C237: 1412002 | D237: Concessions | E237: Other Revenue
B238: 1412000 | C238: 1412003 | D238: Stool Land Revenue | E238: Other Revenue
B239: 1412000 | C239: 1412004 | D239: Sale of Building Permit Jacket | E239: Other Revenue
B240: 1412000 | C240: 1412005 | D240: Registration of Plot/Fees | E240: Other Revenue
B241: 1412000 | C241: 1412006 | D241: Transfer of Plot | E241: Other Revenue
B242: 1412000 | C242: 1412007 | D242: Building Plans / Permit | E242: Other Revenue
... B1007: 1450000 | C1007: 1450015 | D1007: Sponsorship (Film TV Festival)/GBC | E1007: Other Revenue
B1008: Other Accounts Payable | E1008: 4100000
B1009: 4102000 | C1009: 4102001 | D1009: Provision for Bad Debts | E1009: Other Accounts Payable
B1010: 4103000 | C1010: 4103001 | D1010: Consolidated Fund | E1010: Other Accounts Payable
B1011: 4104000 | C1011: 4104001 | D1011: Contingency/ Road Fund | E1011: Other Accounts Payable
B1012: 4104000 | C1012: 4104002 | D1012: Energy Fund | E1012: Other Accounts Payable
B1013: 4104000 | C1013: 4104003 | D1013: District Assembly Common Fund | E1013: Other Accounts Payable
B1014: 4104000 | C1014: 4104004 | D1014: District Assemblies Common Fund | E1014: Other Accounts Payable
B1015: 4104000 | C1015: 4104005 | D1015: Petroleum Fund | E1015: Other Accounts Payable
B1016: 4104000 | C1016: 4104006 | D1016: GET Fund | E1016: Other Accounts Payable
B1017: 4104000 | C1017: 4104007 | D1017: Drug Fund | E1017: Other Accounts Payable
B1018: 4104000 | C1018: 4104008 | D1018: Oil Fund | E1018: Other Accounts Payable
B1019: 4104000 | C1019: 4104009 | D1019: Retained Internally Generated Fund | E1019: Other Accounts Payable
B1020: 4104000 | C1020: 4104010 | D1020: Petroleum Holding Fund | E1020: Other Accounts Payable
... B1045: 4117000 | C1045: 4117701 | D1045: Central Government | E1045: Other Accounts Payable
B1046: Schedules | E1046: 9000000
B1047: ZCREDITORS | C1047: 9A.01 | D1047: BANK OVERDRAFT (SANITATION A/C) | E1047: Schedules
B1048: ZDEPOSITS | C1048: 9B.01 | D1048: DEPOSITS | E1048: Schedules
B1049: ZINCOME TAX | C1049: 9C.01 | D1049: Income Tax | E1049: Schedules
B1050: ZRATEFUND | C1050: 9D.01 | D1050: Surplus as at 31/12/2013 | E1050: Schedules
B1051: ZRETENTION | C1051: 9E.01 | D1051: RETENTION | E1051: Schedules
B1052: ZUNPAID BILLS | C1052: 9F.01 | D1052: UNPAID BILLS | E1052: Schedules
B1053: ZWELFARE | C1053: 9G.01 | D1053: WELFARE | E1053: Schedules
B1054: ZACCRUEDEXPENSES | C1054: 9Y.01 | D1054: ACCRUED EXPENSES | E1054: Schedules

Sheet EXPENSE
B2: Main-exp-id | C2: Sub-Exp-id | D2: Sub-exp-name | E2: Item-Nature
B4: Compensation of Employees | E4: 2100000
B5: 2111000 | C5: 2111001 | D5: Established Post | E5: Compensation of Employees
B6: 2111100 | C6: 2111101 | D6: Daily Rated | E6: Compensation of Employees
B7: 2111100 | C7: 2111102 | D7: Monthly Paid & Casual Labour | E7: Compensation of Employees
B8: 2111100 | C8: 2111103 | D8: Probation | E8: Compensation of Employees
B9: 2111100 | C9: 2111104 | D9: Recruitment | E9: Compensation of Employees
B10: 2111100 | C10: 2111105 | D10: Secondment | E10: Compensation of Employees
B11: 2111100 | C11: 2111106 | D11: Limited Engagements | E11: Compensation of Employees
B12: 2111200 | C12: 2111201 | D12: Motorbike Allowance | E12: Compensation of Employees
B13: 2111200 | C13: 2111202 | D13: Bicycle Maintenance Allowance | E13: Compensation of Employees
B14: 2111200 | C14: 2111203 | D14: Car Maintenance Allowance | E14: Compensation of Employees
B15: 2111200 | C15: 2111204 | D15: Bereavement Allowance | E15: Compensation of Employees
B16: 2111200 | C16: 2111205 | D16: Book Subsidy | E16: Compensation of Employees
... B67: 2121300 | C67: 2121007 | D67: NHIL | E67: Compensation of Employees
B68: Use of Goods & Services | E68: 2200000
B69: 2210100 | C69: 2210101 | D69: Printed Material & Stationery | E69: Use of Goods & Services
B70: 2210100 | C70: 2210102 | D70: Office Facilities, Supplies & Accessories | E70: Use of Goods & Services
B71: 2210100 | C71: 2210103 | D71: Refreshment Items | E71: Use of Goods & Services
B72: 2210100 | C72: 2210104 | D72: Medical Supplies | E72: Use of Goods & Services
B73: 2210100 | C73: 2210105 | D73: Drugs | E73: Use of Goods & Services
B74: 2210100 | C74: 2210106 | D74: Oils and Lubricants | E74: Use of Goods & Services
B75: 2210100 | C75: 2210107 | D75: Electrical Accessories | E75: Use of Goods & Services
B76: 2210100 | C76: 2210108 | D76: Construction Material | E76: Use of Goods & Services
B77: 2210100 | C77: 2210109 | D77: Spare Parts | E77: Use of Goods & Services
B78: 2210100 | C78: 2210110 | D78: Specialised Stock | E78: Use of Goods & Services
B79: 2210100 | C79: 2210111 | D79: Other Office Materials and Consumables | E79: Use of Goods & Services
B80: 2210100 | C80: 2210112 | D80: Uniform and Protective Clothing | E80: Use of Goods & Services
... B115: 2210500 | C115: 2210505 | D115: Running Cost - Official Vehicles | E115: Use of Goods & Services
B116: 2210500 | C116: 2210505 1 | D116: Running Cost - Grader Maint. | E116: Use of Goods & Services
B117: 2210500 | C117: 2210506 | D117: Freight and Handling Charges | E117: Use of Goods & Services
B118: 2210500 | C118: 2210507 | D118: Running Cost of Presidential Aircraft | E118: Use of Goods & Services
B119: 2210500 | C119: 2210508 | D119: Running Cost of Fighting Vehicles | E119: Use of Goods & Services
B120: 2210500 | C120: 2210509 | D120: Other Travel & Transportation | E120: Use of Goods & Services
B121: 2210500 | C121: 2210510 | D121: Night Allowances | E121: Use of Goods & Services
B122: 2210500 | C122: 2210511 | D122: Local Travel Cost | E122: Use of Goods & Services
B123: 2210500 | C123: 2210512 | D123: Mileage Allowance | E123: Use of Goods & Services
B124: 2210500 | C124: 2210513 | D124: Local Hotel Accommodation | E124: Use of Goods & Services
B125: 2210500 | C125: 2210514 | D125: Foreign Travel- Per Diem | E125: Use of Goods & Services
B126: 2210500 | C126: 2210515 | D126: Foreign Travel Cost and Expenses | E126: Use of Goods & Services
B127: 2210500 | C127: 2210516 | D127: Toll Charges and Tickets | E127: Use of Goods & Services
B128: 2210500 | C128: 2210517 | D128: Fuel Allocation To Waste Management Department | E128: Use of Goods & Services
... B182: 2212200 | C182: 2211204 | D182: Security Forces Contingency (election) | E182: Use of Goods & Services
B183: Consumption of Fixed Capital [GFS] | E183: 2300000
B184: 2311100 | C184: 2311101 | D184: Depreciation - Lands & Buildings | E184: Consumption of Fixed Capital [GFS]
B185: 2311100 | C185: 2311102 | D185: Depreciation - Transport (Motor Vehicles, Airplanes, Trains, Ships & Vessels) | E185: Consumption of Fixed Capital [GFS]
B186: 2311100 | C186: 2311103 | D186: Depreciation - Furniture and Fittings | E186: Consumption of Fixed Capital [GFS]
B187: 2311100 | C187: 2311104 | D187: Depreciation - Plant and Equipment | E187: Consumption of Fixed Capital [GFS]
B188: 2311100 | C188: 2311105 | D188: Depreciation - Other Assets | E188: Consumption of Fixed Capital [GFS]
B189: Interest [GFS] | E189: 2400000
B190: 2411100 | C190: 2411101 | D190: External Statutory Payments - Interest | E190: Interest [GFS]
B191: 2421100 | C191: 2421101 | D191: Internal Statutory Payments - Interest | E191: Interest [GFS]
B192: Grants | E192: 2600000
B193: 2631100 | C193: 2631101 | D193: District Assemblies Common Fund | E193: Grants
B194: 2631100 | C194: 2631102 | D194: Ghana Educational Trust Fund | E194: Grants
B195: 2631100 | C195: 2631103 | D195: Road Fund | E195: Grants
B196: 2631100 | C196: 2631104 | D196: Petroleum Related Fund | E196: Grants
B197: 2631100 | C197: 2631105 | D197: Stool Land Allocation DDF (Capacity Building Grant) | E197: Grants
B198: 2631100 | C198: 2631106 | D198: DDF (Capacity Building Grant) | E198: Grants
B199: 2631100 | C199: 2631107 | D199: School Feeding Program | E199: Grants
B200: 2631100 | C200: 2631107 1 | D200: Urban Transport Project | E200: Grants
B201: 2631100 | C201: 2631107 2 | D201: M-SHAP | E201: Grants
B202: 2631100 | C202: 2631107 3 | D202: Disability Fund | E202: Grants
B203: 2631100 | C203: 2632101 | D203: Domastic Statutory P'ment(District Ass.) | E203: Grants
B204: 2631100 | C204: 2632102 | D204: MPs Capacity Building Project | E204: Grants
B205: 2631100 | C205: 2632103 | D205: Transfer of Sector Specific Access to MMDA's | E205: Grants
B206: 2631100 | C206: 2632104 | D206: DDF (Capacity Building Grant) Cap. Expenditure | E206: Grants
B207: 2631100 | C207: 2632105 | D207: Urban Dev't Grants | E207: Grants
B208: 2631100 | C208: 2632106 | D208: Other Donor Funded Projects (IDA) | E208: Grants
B209: 2631100 | C209: 2632106 2 | D209: Other Donor Funded Projects (CSF) | E209: Grants
B210: 2631100 | C210: 2632106 1 | D210: Other Donor Funded Projects (UNDP) | E210: Grants
B211: Social Benefits [GFS] | E211: 2700000
B212: 2711100 | C212: 2711101 | D212: National Health Insurance Scheme | E212: Social Benefits [GFS]
B213: 2721100 | C213: 2721101 | D213: Exempt for Aged, Antenal & Under 5 Years | E213: Social Benefits [GFS]
B214: 2721100 | C214: 2721102 | D214: Refund for Medical Expenses (Paupers/Disease Category) | E214: Social Benefits [GFS]
B215: 2731100 | C215: 2731101 | D215: Workman compensation | E215: Social Benefits [GFS]
B216: 2731100 | C216: 2731102 | D216: Staff Welfare Expenses | E216: Social Benefits [GFS]
B217: 2731100 | C217: 2731103 | D217: Refund of Medical Expenses | E217: Social Benefits [GFS]
B218: Other Expense | E218: 2800000
B219: 2821100 | C219: 2821001 | D219: Insurance and compensation | E219: Other Expense
B220: 2821100 | C220: 2821002 | D220: Professional Fees | E220: Other Expense
B221: 2821100 | C221: 2821003 | D221: Customs Duties | E221: Other Expense
B222: 2821100 | C222: 2821004 | D222: DA's | E222: Other Expense
B223: 2821100 | C223: 2821005 | D223: UN - Peace | E223: Other Expense
B224: 2821100 | C224: 2821006 | D224: Other Charges | E224: Other Expense
B225: 2821100 | C225: 2821007 | D225: Court Expenses | E225: Other Expense
B226: 2821100 | C226: 2821008 | D226: Awards & Rewards | E226: Other Expense
B227: 2821100 | C227: 2821009 | D227: Donations | E227: Other Expense
B228: 2821100 | C228: 2821010 | D228: Contributions | E228: Other Expense
B229: 2821100 | C229: 2821011 | D229: Tuition Fees | E229: Other Expense
B230: 2821100 | C230: 2821012 | D230: Scholarship/Awards | E230: Other Expense
... B240: 2821100 | C240: 2821022 | D240: National Awards | E240: Other Expense
B241: 2821100 | C241: 2821022 1 | D241: NALAG Activities | E241: Other Expense
B242: Fixed Assets | E242: 3110000
B243: 3111000 | C243: 3111101 | D243: Buildings | E243: Fixed Assets
B244: 3111000 | C244: 3111102 | D244: Dest. Homes/Homes of Age | E244: Fixed Assets
B245: 3111000 | C245: 3111103 | D245: Bungalows/Palace | E245: Fixed Assets
B246: 3111150 | C246: 3111151 | D246: WIP - Buildings | E246: Fixed Assets
B247: 3111150 | C247: 3111152 | D247: WIP - Dest. Homes/Homes of Age | E247: Fixed Assets
B248: 3111150 | C248: 3111153 | D248: WIP - Bungalows/Palace | E248: Fixed Assets
...

Sheet Bal. Sheet
B2: ~ ASOKORE MAMPONG MUNICIPAL ASSEMBLY ~
B4: ANNUAL STATEMENT OF FINANCIAL POSITION FOR THE YEARS ENDED
B5: 31st DECEMBER 2013 AND 2014
D7: 2014 | F7: 2013
B8: ASSETS | C8: Notes | D8: GH¢ | F8: GH¢
B10: CURRENT ASSETS
B11: Cash and Cash Equivalents | C11: 19 | D11: ='Cash & Bank bal.'!E70+'Cash & Bank bal.'!#REF! -> #REF! | F11: ='Cash & Bank bal.'!#REF!+'Cash & Bank bal.'!G70 -> #REF!
B12: Receivables | C12: 20 | D12: =SCHEDULES!H18 -> 21567.25 | F12: =SCHEDULES!I18 -> 16260.15
B13: Prepayments | C13: 21 | D13: 0 | F13: 0
B15: TOTAL CURRENT ASSET | D15: =SUM(D11:D14) -> #REF! | F15: =SUM(F11:F14) -> #REF!
B17: NON CURRENT ASSETS
B18: Receivables | C18: 22 | D18: =SCHEDULES!H48+SCHEDULES!H78 -> 0 | F18: =SCHEDULES!I78+SCHEDULES!I48 -> 0
B19: Equity Investments | C19: 23 | D19: =SCHEDULES!H108 -> 0 | F19: =SCHEDULES!I108 -> 0
B20: Infrastructure, plant and Equipment | C20: 24 | D20: ='Rec. & Pay.'!E28 -> #REF! | F20: 0
B21: Work In-Progress | C21: 25 | D21: ='Rec. & Pay.'!E29 -> 136226.57 | F21: 0
B23: TOTAL NON-CURRENT ASSET | D23: =SUM(D18:D21) -> #REF! | F23: =SUM(F18:F21) -> 0
B25: TOTAL ASSETS | D25: =D15+D23 -> #REF! | F25: =F15+F23 -> #REF!
B27: LIABILITIES
B29: CURRENT LIABILITIES
B30: Payables | C30: 26 | D30: =SCHEDULES!H140 -> 0 | F30: =SCHEDULES!I140 -> 0
B31: Deposits and Other Trust Monies | C31: 27 | D31: =SCHEDULES!H166+SCHEDULES!H195 -> 0 | F31: =SCHEDULES!I195+SCHEDULES!I166 -> 0
B32: Short-term borrowings | C32: 28a | D32: =SCHEDULES!H226 -> 0 | F32: =SCHEDULES!I226 -> 0
B34: TOTAL CURRENT LIABILITIES | D34: =SUM(D30:D32) -> 0 | F34: =SUM(F30:F32) -> 0
B36: NON- CURRENT LIABILITIES
B37: Domestic | C37: 28b | D37: 0 | F37: 0
B38: External | C38: 29 | D38: 0 | F38: 0
B40: TOTAL NON-CURRENT LIABILITIES | D40: =SUM(D37:D38) -> 0 | F40: =SUM(F37:F38) -> 0
B42: TOTAL LIABILITIES | D42: =D34+D40 -> 0 | F42: =F34+F40 -> 0
B44: NET ASSETS | D44: =D25-D42 -> #REF! | F44: =F25-F42 -> #REF!
B46: CONTRIBUTED BY
B47: Surpluses / (Deficits) | D47: ='Inc. & Exp.'!E34 -> 2174667.3 | F47: ='Rec. & Pay.'!I33 -> #REF!
B49: Accumulated Surpluses / (Deficits) | D49: =F51 -> #REF! | F49: 325848.86
B51: NETWORTH | D51: =SUM(D47:D49) -> #REF! | F51: =SUM(F47:F49) -> #REF!
B59: (MUNICIPAL FINANCE OFFICER) | C59: (MUNICIPAL COORDINATING DIRECTOR)
D60: =D44-D51 -> #REF! | F60: =F44-F51 -> #REF!

Sheet Cash Flow.
B2: STATEMENT OF CASH FLOW FOR THE YEARS ENDED
B3: ='Bal. Sheet'!B5:F5 -> 31st DECEMBER 2013 AND 2014
F5: 2014 | H5: 2013
B6: CASH FLOW FROM OPERATING ACTIVITIES | E6: Notes | F6: GH¢ | H6: GH¢
B8: Cash Receipts From Operating Activities
B10: Grants | C10: 1300000-1399999 | E10: 7 | F10: ='Rec. & Pay.'!E15 -> 5018692.2 | H10: ='Rec. & Pay.'!I15 -> 6046976
B11: Other Revenue | C11: 1400000-1499999 | E11: 2-6+8-9 | F11: ='Rec. & Pay.'!E10+'Rec. & Pay.'!E11+'Rec. & Pay.'!E12+'Rec. & Pay.'!E13+'Rec. & Pay.'!E14+'Rec. & Pay.'!E16+'Rec. & Pay.'!E17 -> 719210.43 | H11: ='Rec. & Pay.'!I10+'Rec. & Pay.'!I11+'Rec. & Pay.'!I12+'Rec. & Pay.'!I13+'Rec. & Pay.'!I14+'Rec. & Pay.'!I16+'Rec. & Pay.'!I17 -> 520243.6
B12: =IF(F12>=0,"Increase in Other Receivables","Decrease in Other Receivables") -> Increase in Other Receivables | F12: =P94 -> 0 | H12: =Q94 -> 0
B14: Total Cash Receipts From Operating Activities | F14: =SUM(F10:F13) -> 5737902.7 | H14: =SUM(H10:H13) -> 6567219.6
B16: Cash Payments From Operating Activities
B18: Compensation of Employees | C18: 2100000-2199999 | E18: 10 | F18: ='Rec. & Pay.'!E22 -> 1631630.7 | H18: ='Rec. & Pay.'!I22 -> 777941.64
B19: Goods and Services | C19: 2200000-2299999 | E19: 11 | F19: ='Rec. & Pay.'!E23 -> 1246406.8 | H19: ='Rec. & Pay.'!I23 -> 1357404.8
B20: Interest | C20: 2400000-2499999 | E20: 13 | F20: ='Rec. & Pay.'!E24 -> 0 | H20: ='Rec. & Pay.'!I24 -> 0
B21: Grant | E21: 14 | F21: ='Rec. & Pay.'!E25 -> 0 | H21: ='Rec. & Pay.'!I25 -> 0
B22: Social Benefits | C22: 2500000-2599999 | E22: 15 | F22: ='Rec. & Pay.'!E26 -> 5125 | H22: ='Rec. & Pay.'!I26 -> 3945
B23: Other Expenses | E23: 16 | F23: ='Rec. & Pay.'!E27 -> 680072.9 | H23: ='Rec. & Pay.'!I27 -> 860354.75
B24: =IF(F24>=0,"Increase in Other Payables","Decrease in Other Payables") -> Increase in Other Payables | F24: =P87 -> 5307.1 | H24: ='Cash Flow.'!Q87 -> 0
B26: Total Cash Payments From Operating Activities | F26: =SUM(F18:F25) -> 3568542.5 | H26: =SUM(H18:H25) -> 2999646.2
B28: Net cash flow from operating activities | F28: =F14-F26 -> 2169360.2 | H28: =H14-H26 -> 3567573.4
B30: CASH FLOW FROM INVESTING ACTIVITIES
B32: Purchase/Granting of non-financial assets
B34: Non-Financial Assets | C34: 3111100-3111199 | E34: 17 | F34: ='Rec. & Pay.'!E28 -> #REF! | H34: ='Rec. & Pay.'!I28 -> #REF!
B35: Inventory | C35: 3121100-3121199 | F35: 0 | H35: 0
B36: W I P | C36: 3122200-3122299 | E36: 18 | F36: ='Rec. & Pay.'!E29 -> 136226.57 | H36: ='Rec. & Pay.'!I29 -> 0
B38: Cash outflow from investing in non-financial assets | F38: =SUM(F34:F37) -> #REF! | H38: =SUM(H34:H37) -> #REF!
B40: Sale/Recovery of non-financial assets
B42: Non-Financial Assets | C42: 3111100-3111199 | F42: 0 | H42: 0
B43: Inventory | C43: 3121100-3121199 | F43: 0 | H43: 0
B44: W I P | C44: 3122200-3122299 | F44: 0 | H44: 0
B46: Cash inflow from sale of non-financial assets | F46: =SUM(F42:F45) -> 0 | H46: =SUM(H42:H45) -> 0
B48: Net cash flow from investment in Financial assets | F48: =F46-F38 -> #REF! | H48: =H46-H38 -> #REF!
B50: CASH FLOW FROM FINANCING ACTIVITY
B52: DOMESTIC
B53: INFLOWS | C53: 4112000-4112999, 4123400-4123499 | F53: 0 | H53: 0
B54: OUTFLOWS | C54: 4112000-4112999, 4123400-4123499 | F54: 0 | H54: 0
B56: Net incurrence of domestic liability | F56: =F53-F54 -> 0 | H56: =H53-H54 -> 0
B58: FOREIGN
B59: INFLOWS | C59: 4121100-4121199, 4123100-4123199, 4123200-4123299 4123300-4123399, 4123500-4123599 | F59: 0 | H59: 0
B60: OUTFLOWS | C60: 4121100-4121199, 4123100-4123199, 4123200-4123299 4123300-4123399, 4123500-4123599 | F60: 0 | H60: 0
B62: Net incurrence of foreign liability | F62: =F59-F60 -> 0 | H62: =H59-H60 -> 0
B64: NET CHANGE IN STOCK OF CASH | F64: =SUM(F28,F48,F56,F62) -> #REF! | H64: =SUM(H28,H48,H56,H62) -> #REF!
B66: Cash and cash equivalent @ beginning | C66: 3210000-3219999 | F66: =H68 -> #REF! | H66: 325848.86
B68: Cash and cash equivalent @ close | F68: =SUM(F64:F67) -> #REF! | H68: =SUM(H64:H67) -> #REF!
F69: ='Bal. Sheet'!D11-'Cash Flow.'!F68 -> #REF! | H69: ='Bal. Sheet'!F11-'Cash Flow.'!H68 -> #REF!
O81: Other Receivables
P82: Amt. Received | Q82: Amt Paid
O83: Receivables | P83: ='Bal. Sheet'!D12-'Bal. Sheet'!F12 -> 5307.1 | Q83: 0
O84: Prepayments | P84: ='Bal. Sheet'!D13-'Bal. Sheet'!F13 -> 0 | Q84: 0
O85: Receivables | P85: ='Bal. Sheet'!D18-'Bal. Sheet'!F18 -> 0 | Q85: 0
O86: Equity Investments | P86: ='Bal. Sheet'!D19-'Bal. Sheet'!F19 -> 0 | Q86: 0
P87: =SUM(P83:P86) -> 5307.1 | Q87: =SUM(Q83:Q86) -> 0
O89: Other Payables
O91: Payables | P91: ='Bal. Sheet'!D30-'Bal. Sheet'!F30 -> 0 | Q91: 0
O92: Deposits and Other Trust Monies | P92: ='Bal. Sheet'!D31-'Bal. Sheet'!F31 -> 0 | Q92: 0
O93: Short-term borrowings | P93: ='Bal. Sheet'!D32-'Bal. Sheet'!F32 -> 0 | Q93: 0
P94: =SUM(P91:P93) -> 0 | Q94: =SUM(Q91:Q93) -> 0

Sheet Rec. & Pay.
B2: ='Bal. Sheet'!B2 -> ~ ASOKORE MAMPONG MUNICIPAL ASSEMBLY ~
B3: ANNUAL STATEMENT OF RECEIPTS AND PAYMENTS FOR THE YEARS ENDED
B4: ='Bal. Sheet'!B5 -> 31st DECEMBER 2013 AND 2014
D6: 2014 ANNUAL | E6: 2014 | F6: % OF | H6: 2013 ANNUAL | I6: 2013 | J6: % OF
D7: BUDGET | E7: CUM. ACTUAL | F7: ACTUAL | H7: BUDGET | I7: CUM. ACTUAL | J7: ACTUAL
B8: RECEIPTS | C8: NOTE | D8: GH¢ | E8: GH¢ | H8: GH¢ | I8: GH¢
B10: Rates | C10: 2 | D10: =Summarys!E43 -> 171065 | E10: =Summarys!I43 -> 170579.21 | F10: =E10/E19 -> 0.029728495 | H10: =Summarys!L41 -> 171065 | I10: =Summarys!M41 -> 125766.84 | J10: =I10/I19 -> 0.019150698
B11: Land and Concessions | C11: 3 | D11: =Summarys!E53 -> 124391.97 | E11: =Summarys!I53 -> 182943.86 | F11: =E11/E19 -> 0.031883402 | H11: =Summarys!L53 -> 56100 | I11: =Summarys!M53 -> 88073.53 | J11: =I11/I19 -> 0.013411083
B12: Fees and Fines | C12: 4 | D12: =Summarys!E56+Summarys!E57 -> 269946.31 | E12: =Summarys!I56+Summarys!I57 -> 161514.5 | F12: =E12/E19 -> 0.0281487 | H12: =Summarys!L56+Summarys!L57 -> 215040 | I12: =Summarys!M56+Summarys!M57 -> 133110.5 | J12: =I12/I19 -> 0.020268928
B13: Licenses | C13: 5 | D13: =Summarys!E55 -> 115911 | E13: =Summarys!I55 -> 138819 | F13: =E13/E19 -> 0.024193335 | H13: =Summarys!L55 -> 94411 | I13: =Summarys!M55 -> 129752 | J13: =I13/I19 -> 0.019757524
B14: Rent | C14: 6 | D14: =Summarys!E54 -> 52490 | E14: =Summarys!I54 -> 35908 | F14: =E14/E19 -> 0.0062580357 | H14: =Summarys!L54 -> 27805 | I14: =Summarys!M54 -> 10204 | J14: =I14/I19 -> 0.0015537778
B15: Grants | C15: 7 | D15: =Summarys!E49 -> 8654065.7 | E15: =Summarys!I49 -> 5018692.2 | F15: =E15/E19 -> 0.87465622 | H15: =Summarys!L47 -> 9483876.5 | I15: =Summarys!M47 -> 6046976 | J15: =I15/I19 -> 0.92078176
B16: Investment Income | C16: 8 | D16: 0 | E16: 0 | F16: =E16/E19 -> 0 | H16: 0 | I16: 0 | J16: =I16/I19 -> 0
B17: Miscellaneous | C17: 9 | D17: =Summarys!E58 -> 42080 | E17: =Summarys!I58 -> 29445.86 | F17: =E17/E19 -> 0.0051318159 | H17: =Summarys!L58 -> 42080.6 | I17: =Summarys!M58 -> 33336.73 | J17: =I17/I19 -> 0.005076232
B19: TOTAL RECEIPTS | D19: =SUM(D10:D18) -> 9429950 | E19: =SUM(E10:E18) -> 5737902.7 | F19: =SUM(F10:F18) -> 1 | H19: =SUM(H10:H18) -> 10090378 | I19: =SUM(I10:I18) -> 6567219.6 | J19: =SUM(J10:J18) -> 1
B21: PAYMENTS
B22: Compensation of Employees | C22: 10 | D22: =Summarys!E108 -> 2154514 | E22: =Summarys!I108 -> 1631630.7 | F22: =E22/E31 -> #REF! | H22: =Summarys!L72 -> 1944808.1 | I22: =Summarys!M72 -> 777941.64 | J22: =I22/I31 -> #REF!
B23: Goods and Services | C23: 11 | D23: =Summarys!E124 -> 2187037 | E23: =Summarys!I124 -> 1246406.8 | F23: =E23/E31 -> #REF! | H23: =Summarys!L73 -> 2486994 | I23: =Summarys!M73 -> 1357404.8 | J23: =I23/I31 -> #REF!
B24: Interest | C24: 13 | D24: 0 | E24: 0 | F24: =E24/E31 -> #REF! | H24: 0 | I24: 0 | J24: =I24/I31 -> #REF!
B25: Grants | C25: 14 | D25: =Summarys!E136 -> 0 | E25: =Summarys!I136 -> 0 | F25: =E25/E31 -> #REF! | H25: =Summarys!L75 -> 0 | I25: =Summarys!M75 -> 0 | J25: =I25/I31 -> #REF!
B26: Social Benefits | C26: 15 | D26: =Summarys!E143 -> 22419 | E26: =Summarys!I143 -> 5125 | F26: =E26/E31 -> #REF! | H26: =Summarys!L76 -> 5500 | I26: =Summarys!M76 -> 3945 | J26: =I26/I31 -> #REF!
B27: Other Expenses | C27: 16 | D27: =Summarys!E149 -> 1278583 | E27: =Summarys!I149 -> 680072.9 | F27: =E27/E31 -> #REF! | H27: =Summarys!L77 -> 815600 | I27: =Summarys!M77 -> 860354.75 | J27: =I27/I31 -> #REF!
B28: Non-Financial Assets | C28: 17 | D28: =Summarys!E153+Summarys!E155+Summarys!E157+Summarys!E159+Summarys!E161+Summarys!E163+Summarys!#REF! -> #REF! | E28: =Summarys!I153+Summarys!I155+Summarys!I157+Summarys!I159+Summarys!I161+Summarys!I163+Summarys!#REF! -> #REF! | F28: =E28/E31 -> #REF! | H28: =Summarys!L153+Summarys!L155+Summarys!L157+Summarys!L159+Summarys!L161+Summarys!L163+Summarys!#REF! -> #REF! | I28: =Summarys!M153+Summarys!M155+Summarys!M157+Summarys!M159+Summarys!M161+Summarys!M163+Summarys!#REF! -> #REF! | J28: =I28/I31 -> #REF!
B29: Other Payments (WIP) | C29: 18 | D29: =Summarys!E154+Summarys!E156+Summarys!E158+Summarys!E160+Summarys!E162+Summarys!E164 -> 836179 | E29: =Summarys!I154+Summarys!I156+Summarys!I158+Summarys!I160+Summarys!I162+Summarys!I164 -> 136226.57 | F29: =E29/E31 -> #REF! | H29: =Summarys!L154+Summarys!L156+Summarys!L158+Summarys!L160+Summarys!L162+Summarys!L164 -> 0 | I29: =Summarys!M154+Summarys!M156+Summarys!M158+Summarys!M160+Summarys!M162+Summarys!M164 -> 0 | J29: =I29/I31 -> #REF!
B31: TOTAL PAYMENTS | D31: =SUM(D22:D30) -> #REF! | E31: =SUM(E22:E30) -> #REF! | F31: =SUM(F22:F30) -> #REF! | H31: =SUM(H22:H30) -> #REF! | I31: =SUM(I22:I30) -> #REF! | J31: =SUM(J22:J29) -> #REF!
B33: Net Receipts/ (Payments) | D33: =D19-D31 -> #REF! | E33: =E19-E31 -> #REF! | H33: =H19-H31 -> #REF! | I33: =I19-I31 -> #REF!
B35: Cash and Bank Balance as at ….(1st JANUARY) | E35: ='Cash Flow.'!F66 -> #REF! | I35: ='Cash Flow.'!H66 -> 325848.86
B37: Cash and Bank Balance at ….(31st DECEMBER) | E37: =SUM(E33:E35) -> #REF! | I37: =SUM(I33:I35) -> #REF!

Sheet Inc. & Exp.
B2: ='Bal. Sheet'!B2 -> ~ ASOKORE MAMPONG MUNICIPAL ASSEMBLY ~
B3: STATEMENT OF REVENUE AND EXPENDITURE FOR THE YEARS ENDED
B4: ='Bal. Sheet'!B5 -> 31st DECEMBER 2013 AND 2014
D7: 2014 ANNUAL | E7: 2014 | F7: % OF | H7: 2013 ANNUAL | I7: 2013 | J7: % OF
D8: BUDGET | E8: CUM. ACTUAL | F8: ACTUAL | H8: BUDGET | I8: CUM. ACTUAL | J8: ACTUAL
B9: REVENUE | C9: NOTE | D9: GH¢ | E9: GH¢ | H9: GH¢ | I9: GH¢
B11: Rates | C11: 2 | D11: ='Rec. & Pay.'!D10 -> 171065 | E11: ='Rec. & Pay.'!E10 -> 170579.21 | F11: =E11/E20 -> 0.029728495 | H11: ='Rec. & Pay.'!H10 -> 171065 | I11: ='Rec. & Pay.'!I10 -> 125766.84 | J11: =I11/I20 -> 0.019150698
B12: Land and Concessions | C12: 3 | D12: ='Rec. & Pay.'!D11 -> 124391.97 | E12: ='Rec. & Pay.'!E11 -> 182943.86 | F12: =E12/E20 -> 0.031883402 | H12: ='Rec. & Pay.'!H11 -> 56100 | I12: ='Rec. & Pay.'!I11 -> 88073.53 | J12: =I12/I20 -> 0.013411083
B13: Fees and Fines | C13: 4 | D13: ='Rec. & Pay.'!D12 -> 269946.31 | E13: ='Rec. & Pay.'!E12 -> 161514.5 | F13: =E13/E20 -> 0.0281487 | H13: ='Rec. & Pay.'!H12 -> 215040 | I13: ='Rec. & Pay.'!I12 -> 133110.5 | J13: =I13/I20 -> 0.020268928
B14: Licenses | C14: 5 | D14: ='Rec. & Pay.'!D13 -> 115911 | E14: ='Rec. & Pay.'!E13 -> 138819 | F14: =E14/E20 -> 0.024193335 | H14: ='Rec. & Pay.'!H13 -> 94411 | I14: ='Rec. & Pay.'!I13 -> 129752 | J14: =I14/I20 -> 0.019757524
B15: Rent | C15: 6 | D15: ='Rec. & Pay.'!D14 -> 52490 | E15: ='Rec. & Pay.'!E14 -> 35908 | F15: =E15/E20 -> 0.0062580357 | H15: ='Rec. & Pay.'!H14 -> 27805 | I15: ='Rec. & Pay.'!I14 -> 10204 | J15: =I15/I20 -> 0.0015537778
B16: Grants | C16: 7 | D16: ='Rec. & Pay.'!D15 -> 8654065.7 | E16: ='Rec. & Pay.'!E15 -> 5018692.2 | F16: =E16/E20 -> 0.87465622 | H16: ='Rec. & Pay.'!H15 -> 9483876.5 | I16: ='Rec. & Pay.'!I15 -> 6046976 | J16: =I16/I20 -> 0.92078176
B17: Investment Income | C17: 8 | D17: ='Rec. & Pay.'!D16 -> 0 | E17: ='Rec. & Pay.'!E16 -> 0 | F17: =E17/E20 -> 0 | H17: ='Rec. & Pay.'!H16 -> 0 | I17: ='Rec. & Pay.'!I16 -> 0 | J17: =I17/I20 -> 0
B18: Miscellaneous | C18: 9 | D18: ='Rec. & Pay.'!D17 -> 42080 | E18: ='Rec. & Pay.'!E17 -> 29445.86 | F18: =E18/E20 -> 0.0051318159 | H18: ='Rec. & Pay.'!H17 -> 42080.6 | I18: ='Rec. & Pay.'!I17 -> 33336.73 | J18: =I18/I20 -> 0.005076232
B20: TOTAL RECEIPTS | D20: =SUM(D11:D19) -> 9429950 | E20: =SUM(E11:E18) -> 5737902.7 | F20: =SUM(F11:F19) -> 1 | H20: =SUM(H11:H19) -> 10090378 | I20: =SUM(I11:I18) -> 6567219.6 | J20: =SUM(J11:J19) -> 1
B23: EXPENDITURE
B24: Compensation of Employees | C24: 10 | D24: ='Rec. & Pay.'!D22 -> 2154514 | E24: ='Rec. & Pay.'!E22 -> 1631630.7 | F24: =E24/E32 -> 0.45790708 | H24: ='Rec. & Pay.'!H22 -> 1944808.1 | I24: ='Rec. & Pay.'!I22 -> 777941.64 | J24: =I24/I32 -> 0.25934447
B25: Goods and Services | C25: 11 | D25: ='Rec. & Pay.'!D23 -> 2187037 | E25: ='Rec. & Pay.'!E23 -> 1246406.8 | F25: =E25/E32 -> 0.34979637 | H25: ='Rec. & Pay.'!H23 -> 2486994 | I25: ='Rec. & Pay.'!I23 -> 1357404.8 | J25: =I25/I32 -> 0.45252163
B26: =Summarys!D128 -> Consumption of Fixed Capital [GFS] | C26: 12 | D26: =Summarys!E128 -> 0 | E26: =Summarys!I128 -> 0 | F26: =E26/E32 -> 0 | H26: =Summarys!L128 -> 0 | I26: =Summarys!M128 -> 0 | J26: =I26/I32 -> 0
B27: Interest | C27: 13 | D27: ='Rec. & Pay.'!D24 -> 0 | E27: 0 | F27: =E27/E32 -> 0 | H27: ='Rec. & Pay.'!H24 -> 0 | I27: ='Rec. & Pay.'!I24 -> 0 | J27: =I27/I32 -> 0
B28: Grants | C28: 14 | D28: ='Rec. & Pay.'!D25 -> 0 | E28: ='Rec. & Pay.'!E25 -> 0 | F28: =E28/E32 -> 0 | H28: ='Rec. & Pay.'!H25 -> 0 | I28: ='Rec. & Pay.'!I25 -> 0 | J28: =I28/I32 -> 0
B29: Social Benefits | C29: 15 | D29: ='Rec. & Pay.'!D26 -> 22419 | E29: ='Rec. & Pay.'!E26 -> 5125 | F29: =E29/E32 -> 0.0014382996 | H29: ='Rec. & Pay.'!H26 -> 5500 | I29: ='Rec. & Pay.'!I26 -> 3945 | J29: =I29/I32 -> 0.0013151551
B30: Other Expenses | C30: 16 | D30: ='Rec. & Pay.'!D27 -> 1278583 | E30: ='Rec. & Pay.'!E27 -> 680072.9 | F30: =E30/E32 -> 0.19085826 | H30: ='Rec. & Pay.'!H27 -> 815600 | I30: ='Rec. & Pay.'!I27 -> 860354.75 | J30: =I30/I32 -> 0.28681875
B32: TOTAL PAYMENTS | D32: =SUM(D24:D31) -> 5642553 | E32: =SUM(E24:E30) -> 3563235.4 | F32: =SUM(F24:F31) -> 1 | H32: =SUM(H24:H31) -> 5252902 | I32: =SUM(I24:I30) -> 2999646.2 | J32: =SUM(J24:J31) -> 1
B34: SURPLUS / (DEFICIT) | D34: =D20-D32 -> 3787397 | E34: =E20-E32 -> 2174667.3 | H34: =H20-H32 -> 4837476 | I34: =I20-I32 -> 3567573.4

Sheet Charts
B4: REVENUE
B5: Rates | C5: ='Rec. & Pay.'!E10 -> 170579.21
B6: Lands and Concessions | C6: ='Rec. & Pay.'!E11 -> 182943.86
B7: Fees and Fines | C7: ='Rec. & Pay.'!E12 -> 161514.5
B8: Licenses | C8: ='Rec. & Pay.'!E13 -> 138819
B9: Rent | C9: ='Rec. & Pay.'!E14 -> 35908
B10: Grants | C10: ='Rec. & Pay.'!E15 -> 5018692.2
B11: Investment Income | C11: ='Rec. & Pay.'!E16 -> 0
B12: Miscellaneous | C12: ='Rec. & Pay.'!E17 -> 29445.86
B14: TOTAL | C14: =SUM(C5:C13) -> 5737902.7
B20: EXPENDITURE
B21: Compensation of Employees | C21: ='Rec. & Pay.'!E22 -> 1631630.7
B22: Goods and Services | C22: ='Rec. & Pay.'!E23 -> 1246406.8
B23: Consumption of Fixed Capital | C23: ='Inc. & Exp.'!E26 -> 0
B24: Interest | C24: ='Rec. & Pay.'!E24 -> 0
B25: Grants | C25: ='Rec. & Pay.'!E25 -> 0
B26: Social Benefits | C26: ='Rec. & Pay.'!E26 -> 5125
B27: Other Expense | C27: ='Rec. & Pay.'!E27 -> 680072.9
B29: TOTAL | C29: =SUM(C21:C28) -> 3563235.4

Sheet Bal. Sht
B2: ~ 0215100 - KOMENDA-EDINA-EGUAFO-ABREM MUNICIPAL ASSEMBLY ~
B3: STATEMENT OF FINANCIAL POSITION AS AT
B4: 31st DECEMBER 2017
D6: 2017 | F6: 2016 | H6: 2016 Restated
B7: ASSETS | C7: Notes | D7: GH¢ | F7: GH¢ | H7: GH¢
B9: CURRENT ASSETS
B11: Cash and Cash Equivalents | C11: 19 | D11: ='Cash & Bank bal.'!E42+'Cash & Bank bal.'!E70 -> 1178936.6 | F11: ='Cash & Bank bal.'!G42+'Cash & Bank bal.'!G70 -> 1154859.8 | H11: ='Cash & Bank bal.'!G54+'Cash & Bank bal.'!G70 -> 1154859.8
B12: Receivables | C12: 20 | D12: =SCHEDULES!H18 -> 21567.25 | F12: =SCHEDULES!I18 -> 16260.15 | H12: =SCHEDULES!I18 -> 16260.15
B13: Prepayments | C13: 21 | D13: 0 | F13: 0 | H13: 0
B15: TOTAL CURRENT ASSET | D15: =SUM(D11:D14) -> 1200503.8 | F15: =SUM(F11:F14) -> 1171120 | H15: =SUM(H11:H14) -> 1171120
B17: NON CURRENT ASSETS
B19: Receivables | C19: 22 | D19: =SCHEDULES!H48+SCHEDULES!H78 -> 0 | F19: =SCHEDULES!I48+SCHEDULES!I78 -> 0 | H19: =SCHEDULES!K48+SCHEDULES!K78 -> 0
B20: Equity Investments | C20: 23 | D20: =SCHEDULES!H108 -> 0 | F20: =SCHEDULES!I108 -> 0 | H20: =SCHEDULES!K108 -> 0
B21: Infrastructure, plant and Equipment | C21: 24 | D21: 0 | F21: 0 | H21: ='Notes (2)'!H122 -> 5460595
B22: Work In-Progress | C22: 25 | D22: 0 | F22: 0 | H22: ='Notes (2)'!H129 -> 703860.93
B24: TOTAL NON-CURRENT ASSET | D24: =SUM(D19:D22) -> 0 | F24: =SUM(F19:F22) -> 0 | H24: =SUM(H19:H22) -> 6164455.9
B26: TOTAL ASSETS | D26: =D15+D24 -> 1200503.8 | F26: =F15+F24 -> 1171120 | H26: =H15+H24 -> 7335575.9
B28: LIABILITIES
B30: CURRENT LIABILITIES
B32: Payables | C32: 26 | D32: =SCHEDULES!H140 -> 0 | F32: =SCHEDULES!I140 -> 0 | H32: =SCHEDULES!K140 -> 0
B33: Deposits and Other Trust Monies | C33: 27 | D33: =SCHEDULES!H166+SCHEDULES!H195 -> 0 | F33: =SCHEDULES!I166+SCHEDULES!I195 -> 0 | H33: =SCHEDULES!K166+SCHEDULES!K195 -> 0
B34: Short-term borrowings | C34: 28a | D34: ='Cash & Bank bal.'!E50 -> 0 | F34: ='Cash & Bank bal.'!G50 -> 0 | H34: ='Cash & Bank bal.'!I50 -> 0
B36: TOTAL CURRENT LIABILITIES | D36: =SUM(D32:D34) -> 0 | F36: =SUM(F32:F34) -> 0 | H36: =SUM(H32:H34) -> 0
B38: NON- CURRENT LIABILITIES
B40: Domestic | C40: 28b | D40: 0 | F40: 0 | H40: 0
B41: External | C41: 29 | D41: 0 | F41: 0 | H41: 0
B43: TOTAL NON-CURRENT LIABILITIES | D43: =SUM(D40:D41) -> 0 | F43: =SUM(F40:F41) -> 0 | H43: =SUM(H40:H41) -> 0
B45: TOTAL LIABILITIES | D45: =D36+D43 -> 0 | F45: =F36+F43 -> 0 | H45: =H36+H43 -> 0
B47: NET ASSETS | D47: =D26-D45 -> 1200503.8 | F47: =F26-F45 -> 1171120 | H47: =H26-H45 -> 7335575.9
B50: FINANCED BY
B52: Surpluses / (Deficits) | D52: ='Re. & Pay.'!E35 -> 29383.84 | F52: ='Re. & Pay.'!J35 -> 462457.06 | H52: 3567573.4
B54: Accumulated Surpluses / (Deficits) | D54: =F56 -> 1171120 | F54: 708662.91 | H54: 3768002.5
B56: NETWORTH | D56: =SUM(D52:D54) -> 1200503.8 | F56: =SUM(F52:F54) -> 1171120 | H56: =SUM(H52:H54) -> 7335575.9
B61: ………………………………………………………… | D61: ……………………………………………………..
B62: (MUNICIPAL COORDINATING DIRECTOR) | D62: (MUNICIPAL FINANCE OFFICER)
D63: =D47-D56 -> 0 | F63: =F47-F56 -> 0

Sheet Re. & Pay.
B2: ='Bal. Sht'!B2:F2 -> ~ 0215100 - KOMENDA-EDINA-EGUAFO-ABREM MUNICIPAL ASSEMBLY ~
B3: ANNUAL COMPARATIVE STATEMENT OF REVENUE AND EXPENDITURE FOR THE YEARS ENDED
B4: ='Bal. Sht'!B4:F4 -> 31st DECEMBER 2017
D6: ='Bal. Sht'!D6 -> 2017 | I6: 2016
D7: ANNUAL | E7: CUMM. ACTUAL | G7: % OF | I7: ANNUAL | J7: CUMM. ACTUAL | L7: % OF
B8: REVENUE | C8: Notes | D8: BUDGET GH¢ | E8: GH¢ | G8: ACTUAL | I8: BUDGET GH¢ | J8: GH¢ | L8: ACTUAL
B10: Rates | C10: 2 | D10: =Summarys!E41 -> 171065 | E10: =Summarys!I41 -> 170579.21 | G10: =E10/E19 -> 0.029728495 | I10: =Summarys!L41 -> 171065 | J10: =Summarys!M41 -> 125766.84 | L10: =J10/J19 -> 0.019150698
B11: Land and Concessions | C11: 3 | D11: =Summarys!E53 -> 124391.97 | E11: =Summarys!I53 -> 182943.86 | G11: =E11/E19 -> 0.031883402 | I11: =Summarys!L53 -> 56100 | J11: =Summarys!M53 -> 88073.53 | L11: =J11/J19 -> 0.013411083
B12: Fees and Fines | C12: 4 | D12: =Summarys!E56+Summarys!E57 -> 269946.31 | E12: =Summarys!I56+Summarys!I57 -> 161514.5 | G12: =E12/E19 -> 0.0281487 | I12: =Summarys!L56+Summarys!L57 -> 215040 | J12: =Summarys!M56+Summarys!M57 -> 133110.5 | L12: =J12/J19 -> 0.020268928
B13: Licenses | C13: 5 | D13: =Summarys!E55 -> 115911 | E13: =Summarys!I55 -> 138819 | G13: =E13/E19 -> 0.024193335 | I13: =Summarys!L55 -> 94411 | J13: =Summarys!M55 -> 129752 | L13: =J13/J19 -> 0.019757524
B14: Rent | C14: 6 | D14: =Summarys!E54 -> 52490 | E14: =Summarys!I54 -> 35908 | G14: =E14/E19 -> 0.0062580357 | I14: =Summarys!L54 -> 27805 | J14: =Summarys!M54 -> 10204 | L14: =J14/J19 -> 0.0015537778
B15: Grants | C15: 7 | D15: =Summarys!E47 -> 8654065.7 | E15: =Summarys!I47 -> 5018692.2 | G15: =E15/E19 -> 0.87465622 | I15: =Summarys!L47 -> 9483876.5 | J15: =Summarys!M47 -> 6046976 | L15: =J15/J19 -> 0.92078176
B16: Investment Income | C16: 8 | D16: 0 | E16: 0 | G16: =E16/E19 -> 0 | I16: 0 | J16: 0 | L16: =J16/J19 -> 0
B17: Miscellaneous | C17: 9 | D17: =Summarys!E58 -> 42080 | E17: =Summarys!I58 -> 29445.86 | G17: =E17/E19 -> 0.0051318159 | I17: =Summarys!L58 -> 42080.6 | J17: =Summarys!M58 -> 33336.73 | L17: =J17/J19 -> 0.005076232
B19: TOTAL | D19: =SUM(D10:D18) -> 9429950 | E19: =SUM(E10:E18) -> 5737902.7 | G19: =SUM(G10:G18) -> 1 | I19: =SUM(I10:I18) -> 10090378 | J19: =SUM(J10:J18) -> 6567219.6 | L19: =SUM(L10:L18) -> 1
B22: EXPENDITURE
B24: Compensation of Employees | C24: 10 | D24: =Summarys!E108 -> 2154514 | E24: =Summarys!I108 -> 1631630.7 | G24: =E24/E33 -> 0.28582383 | I24: =Summarys!L108 -> 1944808.1 | J24: =Summarys!M108 -> 777941.64 | L24: =J24/J33 -> 0.12743192
B25: Goods and Services | C25: 11 | D25: =Summarys!E124 -> 2187037 | E25: =Summarys!I124 -> 1246406.8 | G25: =E25/E33 -> 0.21834154 | I25: =Summarys!L124 -> 2486994 | J25: =Summarys!M124 -> 1357404.8 | L25: =J25/J33 -> 0.22235177
B26: Interest | C26: 13 | D26: 0 | E26: 0 | G26: =E26/E33 -> 0 | I26: 0 | J26: 0 | L26: =J26/J33 -> 0
B27: Grants | C27: 14 | D27: =Summarys!E136 -> 0 | E27: =Summarys!I136 -> 0 | G27: =E27/E33 -> 0 | I27: =Summarys!L136 -> 0 | J27: =Summarys!M136 -> 0 | L27: =J27/J33 -> 0
B28: Social Benefits | C28: 15 | D28: =Summarys!E143 -> 22419 | E28: =Summarys!I143 -> 5125 | G28: =E28/E33 -> 0.00089778104 | I28: =Summarys!L143 -> 5500 | J28: =Summarys!M143 -> 3945 | L28: =J28/J33 -> 0.00064621678
B29: Other Expenses | C29: 16 | D29: =Summarys!E149 -> 1278583 | E29: =Summarys!I149 -> 680072.9 | G29: =E29/E33 -> 0.11913299 | I29: =Summarys!L149 -> 815600 | J29: =Summarys!M149 -> 860354.75 | L29: =J29/J33 -> 0.14093173
B30: Non-Financial Assets | C30: 17 | D30: =Summarys!E153+Summarys!E155+Summarys!E157+Summarys!E159+Summarys!E161+Summarys!E163 -> 2951218 | E30: =Summarys!I153+Summarys!I155+Summarys!I157+Summarys!I159+Summarys!I161+Summarys!I163 -> 2009056.9 | G30: =E30/E33 -> 0.35194013 | I30: =Summarys!L153+Summarys!L155+Summarys!L157+Summarys!L159+Summarys!L161+Summarys!L163 -> 4837476 | J30: =Summarys!M153+Summarys!M155+Summarys!M157+Summarys!M159+Summarys!M161+Summarys!M163 -> 3105116.4 | L30: =J30/J33 -> 0.50863836
B31: Other Payments (WIP) | C31: 18 | D31: =Summarys!E154+Summarys!E156+Summarys!E158+Summarys!E160+Summarys!E162+Summarys!E164 -> 836179 | E31: =Summarys!I154+Summarys!I156+Summarys!I158+Summarys!I160+Summarys!I162+Summarys!I164 -> 136226.57 | G31: =E31/E33 -> 0.023863733 | I31: =Summarys!L154+Summarys!L156+Summarys!L158+Summarys!L160+Summarys!L162+Summarys!L164 -> 0 | J31: =Summarys!M154+Summarys!M156+Summarys!M158+Summarys!M160+Summarys!M162+Summarys!M164 -> 0 | L31: =J31/J33 -> 0
B33: TOTAL | D33: =SUM(D24:D32) -> 9429950 | E33: =SUM(E24:E32) -> 5708518.8 | G33: =SUM(G24:G32) -> 1 | I33: =SUM(I24:I32) -> 10090378 | J33: =SUM(J24:J32) -> 6104762.5 | L33: =SUM(L24:L32) -> 1
B35: SURPLUS/(DEFICIT) | D35: =D19-D33 -> 0 | E35: =E19-E33 -> 29383.84 | I35: =I19-I33 -> 0 | J35: =J19-J33 -> 462457.06
B37: Cash and Bank Balance as at ….(Opening) | E37: =J39 -> 1154859.8 | J37: ='Cash Flow '!H68 -> 692621.06
B39: Cash and Bank Balance at ….(Closing) | E39: =SUM(E35:E38)+'Cash Flow '!F13-'Cash Flow '!F26 -> 1178936.6 | J39: =SUM(J35:J38)+'Cash Flow '!H13-'Cash Flow '!H26 -> 1154859.8

Sheet Cash Flow 
B2: ='Bal. Sht'!B2:F2 -> ~ 0215100 - KOMENDA-EDINA-EGUAFO-ABREM MUNICIPAL ASSEMBLY ~
B3: STATEMENT OF CASH FLOW FOR THE YEAR ENDED
F5: 2017 | H5: 2016
B6: CASH FLOW FROM OPERATING ACTIVITIES | E6: Notes | F6: CURRENT | H6: PREVIOUS
F7: GH¢ | H7: GH¢
B9: Cash Receipts From Operating Activities
B11: Grants | C11: 1300000-1399999 | E11: 7 | F11: ='Rev. T''bal.'!F42-'Rev. T''bal.'!F25 -> 3573276.4 | H11: ='Rev. T''bal.'!J42-'Rev. T''bal.'!J25 -> 5395202.3
B12: Other Revenue | C12: 1400000-1499999 | E12: 2,3,4,5,6,8,9 | F12: =SUM('Re. & Pay.'!E10,'Re. & Pay.'!E11,'Re. & Pay.'!E12,'Re. & Pay.'!E13,'Re. & Pay.'!E14,'Re. & Pay.'!E16,'Re. & Pay.'!E17) -> 719210.43 | H12: =SUM('Re. & Pay.'!J10,'Re. & Pay.'!J11,'Re. & Pay.'!J12,'Re. & Pay.'!J13,'Re. & Pay.'!J14,'Re. & Pay.'!J16,'Re. & Pay.'!J17) -> 520243.6
B13: Other Receivables | F13: 0 | H13: -218.3
B15: Total Cash Receipts From Operating Activities | F15: =SUM(F11:F14) -> 4292486.9 | H15: =SUM(H11:H14) -> 5915227.6
B17: Cash Payments From Operating Activities
B19: Compensation of Employees | C19: 2100000-2199999 | E19: 10 | F19: ='Exp. T''bal.'!F39-'Exp. T''bal.'!F14 -> 186214.9 | H19: ='Exp. T''bal.'!J39-'Exp. T''bal.'!J14 -> 126167.98
B20: Goods and Services | C20: 2200000-2299999 | E20: 11 | F20: ='Re. & Pay.'!E25 -> 1246406.8 | H20: ='Re. & Pay.'!J25 -> 1357404.8
B21: Consumption of Fixed Capital | E21: 12 | F21: ='Rev. & Exp.'!E26 -> 0 | H21: ='Rev. & Exp.'!K26 -> 0
B22: Interest | C22: 2400000-2499999 | E22: 13 | F22: ='Re. & Pay.'!E26 -> 0 | H22: ='Re. & Pay.'!J26 -> 0
B23: Grant | E23: 14 | F23: ='Re. & Pay.'!E27 -> 0 | H23: ='Re. & Pay.'!J27 -> 0
B24: Social Benefits | C24: 2500000-2599999 | E24: 15 | F24: ='Re. & Pay.'!E28 -> 5125 | H24: ='Re. & Pay.'!J28 -> 3945
B25: Other Expenses | E25: 16 | F25: ='Re. & Pay.'!E29 -> 680072.9 | H25: ='Re. & Pay.'!J29 -> 860354.75
B26: =IF(F26>=0,"Increase in Other Payables","Inrease in Other Receivables") -> Increase in Other Payables | E26: 20 | F26: 5307.1 | H26: 0
B28: Total Cash Payments From Operating Activities | F28: =SUM(F19:F27) -> 2123126.7 | H28: =SUM(H19:H27) -> 2347872.5
B30: Net cash flow from operating activities | F30: =F15-F28 -> 2169360.2 | H30: =H15-H28 -> 3567355.1
B32: CASH FLOW FROM INVESTING ACTIVITIES
B34: Purchase/Granting of non-financial assets
B36: Non-Financial Assets | C36: 3111100-3111199 | E36: 17 | F36: ='Re. & Pay.'!E30 -> 2009056.9 | H36: ='Re. & Pay.'!J30 -> 3105116.4
B37: Inventory | C37: 3121100-3121199 | F37: 0 | H37: 0
B38: W I P | C38: 3122200-3122299 | E38: 18 | F38: ='Re. & Pay.'!E31 -> 136226.57 | H38: ='Re. & Pay.'!J31 -> 0
B40: Cash outflow from investing in non-financial assets | F40: =SUM(F36:F39) -> 2145283.4 | H40: =SUM(H36:H39) -> 3105116.4
B42: Sale/Recovery of non-financial assets
B44: Non-Financial Assets | C44: 3111100-3111199 | F44: 0 | H44: 0
B45: Inventory | C45: 3121100-3121199 | F45: 0 | H45: 0
B46: W I P | C46: 3122200-3122299 | F46: 0 | H46: 0
B48: Cash inflow from sale of non-financial assets | F48: =SUM(F44:F47) -> 0 | H48: =SUM(H44:H47) -> 0
B50: Net cash flow from investment in Financial assets | F50: =F48-F40 -> -2145283.4 | H50: =H48-H40 -> -3105116.4
B52: CASH FLOW FROM FINANCING ACTIVITY
B54: DOMESTIC
B55: INFLOWS | C55: 4112000-4112999, 4123400-4123499 | F55: 0 | H55: 0
B56: OUTFLOWS | C56: 4112000-4112999, 4123400-4123499 | F56: 0 | H56: 0
B58: Net incurrence of domestic liability | F58: =F55-F56 -> 0 | H58: =H55-H56 -> 0
B60: FOREIGN
B61: INFLOWS | C61: 4121100-4121199, 4123100-4123199, 4123200-4123299 4123300-4123399, 4123500-4123599 | F61: 0 | H61: 0
B62: OUTFLOWS | C62: 4121100-4121199, 4123100-4123199, 4123200-4123299 4123300-4123399, 4123500-4123599 | F62: 0 | H62: 0
B64: Net incurrence of foreign liability | F64: =F61-F62 -> 0 | H64: =H61-H62 -> 0
B66: NET CHANGE IN STOCK OF CASH | F66: =SUM(F30,F50,F58,F64) -> 24076.74 | H66: =SUM(H30,H50,H58,H64) -> 462238.76
B68: Cash and cash equivalent @ beginning | C68: 3210000-3219999 | F68: =H70 -> 1154859.8 | H68: 692621.06
B70: Cash and cash equivalent @ close | F70: =SUM(F66:F69) -> 1178936.6 | H70: =SUM(H66:H69) -> 1154859.8
F72: =D47-D56 -> 0 | H72: 0
O95: Other Receivables
P96: Amt. Received | Q96: Amt Paid
O97: Receivables | P97: 0 | Q97: 0
O98: Prepayments | P98: 0 | Q98: 0
O99: Receivables | P99: 0 | Q99: 0
O100: Equity Investments | P100: 0 | Q100: 0
P101: =SUM(P97:P100) -> 0 | Q101: =SUM(Q97:Q100) -> 0
O103: Other Payables
O105: Payables | P105: 0 | Q105: 0
O106: Deposits and Other Trust Monies | P106: 0 | Q106: 0
O107: Short-term borrowings | P107: 0 | Q107: 0
P108: =SUM(P105:P107) -> 0 | Q108: =SUM(Q105:Q107) -> 0
B134: Other Receivables | F134: 2014 | H134: 2013
B136: ='Bal. Sht'!B12 -> Receivables | D136: = | F136: ='Bal. Sht'!D12-'Bal. Sht'!F12 -> 5307.1 | H136: =3846.9-42624.69 -> -38777.79
B137: ='Bal. Sht'!B13 -> Prepayments | D137: = | F137: ='Bal. Sht'!D13-'Bal. Sht'!F13 -> 0 | H137: 0
B138: ='Bal. Sht'!B19 -> Receivables | D138: = | F138: ='Bal. Sht'!D19-'Bal. Sht'!F19 -> 0 | H138: 0
B139: ='Bal. Sht'!B20 -> Equity Investments | D139: = | F139: ='Bal. Sht'!D20-'Bal. Sht'!F20 -> 0 | H139: 0
B141: Total | F141: =SUM(F136:F140) -> 5307.1 | H141: =SUM(H136:H140) -> -38777.79
B145: Other Payables
B147: ='Bal. Sht'!B32 -> Payables | D147: = | F147: ='Bal. Sht'!D32-'Bal. Sht'!F32 -> 0 | H147: 0
B148: ='Bal. Sht'!B33 -> Deposits and Other Trust Monies | D148: = | F148: ='Bal. Sht'!D33-'Bal. Sht'!F33 -> 0 | H148: =534.02-1371.52 -> -837.5
B149: ='Bal. Sht'!B34 -> Short-term borrowings | D149: = | F149: ='Bal. Sht'!D34-'Bal. Sht'!F34 -> 0 | H149: 0
B151: Total | F151: =SUM(F147:F150) -> 0 | H151: =5342.23-24778.56 -> -19436.33

Sheet Rev. & Exp.
B1: ='Bal. Sht'!B2:F2 -> ~ 0215100 - KOMENDA-EDINA-EGUAFO-ABREM MUNICIPAL ASSEMBLY ~
B2: ANNUAL COMPARATIVE STATEMENT OF REVENUE AND EXPENDITURE AS AT
B3: ='Re. & Pay.'!B4:L4 -> 31st DECEMBER 2017
D6: ='Bal. Sht'!D6 -> 2017 | J6: ='Bal. Sht'!F6 -> 2016
D7: ANNUAL | E7: CUMM. ACTUAL | G7: % OF | H7: VARIANCE | J7: ANNUAL | K7: CUMM. ACTUAL | M7: % OF | N7: VARIANCE
B8: REVENUE | C8: Notes | D8: BUDGET GH¢ | E8: GH¢ | G8: ACTUAL | H8: GH¢ | J8: BUDGET GH¢ | K8: GH¢ | M8: ACTUAL | N8: GH¢
B10: Rates | C10: ='Re. & Pay.'!C10 -> 2 | D10: ='Re. & Pay.'!D10 -> 171065 | E10: ='Re. & Pay.'!E10 -> 170579.21 | G10: =E10/E19 -> 0.029728495 | H10: =D10-E10 -> 485.79 | J10: ='Re. & Pay.'!I10 -> 171065 | K10: ='Re. & Pay.'!J10 -> 125766.84 | M10: =K10/K19 -> 0.019150698 | N10: =J10-K10 -> 45298.16
B11: Land and Concessions | C11: ='Re. & Pay.'!C11 -> 3 | D11: ='Re. & Pay.'!D11 -> 124391.97 | E11: ='Re. & Pay.'!E11 -> 182943.86 | G11: =E11/E19 -> 0.031883402 | H11: =D11-E11 -> -58551.89 | J11: ='Re. & Pay.'!I11 -> 56100 | K11: ='Re. & Pay.'!J11 -> 88073.53 | M11: =K11/K19 -> 0.013411083 | N11: =J11-K11 -> -31973.53
B12: Fees and Fines | C12: ='Re. & Pay.'!C12 -> 4 | D12: ='Re. & Pay.'!D12 -> 269946.31 | E12: ='Re. & Pay.'!E12 -> 161514.5 | G12: =E12/E19 -> 0.0281487 | H12: =D12-E12 -> 108431.81 | J12: ='Re. & Pay.'!I12 -> 215040 | K12: ='Re. & Pay.'!J12 -> 133110.5 | M12: =K12/K19 -> 0.020268928 | N12: =J12-K12 -> 81929.5
B13: Licenses | C13: ='Re. & Pay.'!C13 -> 5 | D13: ='Re. & Pay.'!D13 -> 115911 | E13: ='Re. & Pay.'!E13 -> 138819 | G13: =E13/E19 -> 0.024193335 | H13: =D13-E13 -> -22908 | J13: ='Re. & Pay.'!I13 -> 94411 | K13: ='Re. & Pay.'!J13 -> 129752 | M13: =K13/K19 -> 0.019757524 | N13: =J13-K13 -> -35341
B14: Rent | C14: ='Re. & Pay.'!C14 -> 6 | D14: ='Re. & Pay.'!D14 -> 52490 | E14: ='Re. & Pay.'!E14 -> 35908 | G14: =E14/E19 -> 0.0062580357 | H14: =D14-E14 -> 16582 | J14: ='Re. & Pay.'!I14 -> 27805 | K14: ='Re. & Pay.'!J14 -> 10204 | M14: =K14/K19 -> 0.0015537778 | N14: =J14-K14 -> 17601
B15: Grants | C15: ='Re. & Pay.'!C15 -> 7 | D15: ='Re. & Pay.'!D15 -> 8654065.7 | E15: ='Re. & Pay.'!E15 -> 5018692.2 | G15: =E15/E19 -> 0.87465622 | H15: =D15-E15 -> 3635373.5 | J15: ='Re. & Pay.'!I15 -> 9483876.5 | K15: ='Re. & Pay.'!J15 -> 6046976 | M15: =K15/K19 -> 0.92078176 | N15: =J15-K15 -> 3436900.5
B16: Investment Income | C16: ='Re. & Pay.'!C16 -> 8 | D16: ='Re. & Pay.'!D16 -> 0 | E16: ='Re. & Pay.'!E16 -> 0 | G16: =E16/E19 -> 0 | H16: =D16-E16 -> 0 | J16: ='Re. & Pay.'!I16 -> 0 | K16: ='Re. & Pay.'!J16 -> 0 | M16: =K16/K19 -> 0 | N16: =J16-K16 -> 0
B17: Miscellaneous | C17: ='Re. & Pay.'!C17 -> 9 | D17: ='Re. & Pay.'!D17 -> 42080 | E17: ='Re. & Pay.'!E17 -> 29445.86 | G17: =E17/E19 -> 0.0051318159 | H17: =D17-E17 -> 12634.14 | J17: ='Re. & Pay.'!I17 -> 42080.6 | K17: ='Re. & Pay.'!J17 -> 33336.73 | M17: =K17/K19 -> 0.005076232 | N17: =J17-K17 -> 8743.87
B19: TOTAL REVENUE | D19: =SUM(D10:D18) -> 9429950 | E19: =SUM(E10:E18) -> 5737902.7 | G19: =SUM(G10:G18) -> 1 | H19: =SUM(H10:H18) -> 3692047.3 | J19: =SUM(J10:J18) -> 10090378 | K19: =SUM(K10:K18) -> 6567219.6 | M19: =SUM(M10:M18) -> 1 | N19: =SUM(N10:N18) -> 3523158.5
B22: EXPENDITURE
B24: Compensation of Employees | C24: ='Re. & Pay.'!C24 -> 10 | D24: ='Re. & Pay.'!D24 -> 2154514 | E24: ='Re. & Pay.'!E24 -> 1631630.7 | G24: =E24/E32 -> 0.45790708 | H24: =D24-E24 -> 522883.3 | J24: ='Re. & Pay.'!I24 -> 1944808.1 | K24: ='Re. & Pay.'!J24 -> 777941.64 | M24: =K24/K32 -> 0.25934447 | N24: =J24-K24 -> 1166866.4
B25: Goods and Services | C25: ='Re. & Pay.'!C25 -> 11 | D25: ='Re. & Pay.'!D25 -> 2187037 | E25: ='Re. & Pay.'!E25 -> 1246406.8 | G25: =E25/E32 -> 0.34979637 | H25: =D25-E25 -> 940630.2 | J25: ='Re. & Pay.'!I25 -> 2486994 | K25: ='Re. & Pay.'!J25 -> 1357404.8 | M25: =K25/K32 -> 0.45252163 | N25: =J25-K25 -> 1129589.2
B26: Consumption of Fixed Capital | C26: 12 | D26: =Summarys!E130 -> 0 | E26: =Summarys!I130 -> 0 | G26: =E26/E32 -> 0 | H26: =D26-E26 -> 0 | J26: =Summarys!L130 -> 0 | K26: =Summarys!M130 -> 0 | M26: =K26/K32 -> 0 | N26: =J26-K26 -> 0
B27: Interest | C27: ='Re. & Pay.'!C26 -> 13 | D27: ='Re. & Pay.'!D26 -> 0 | E27: ='Re. & Pay.'!E26 -> 0 | G27: =E27/E32 -> 0 | H27: =D27-E27 -> 0 | J27: ='Re. & Pay.'!I26 -> 0 | K27: ='Re. & Pay.'!J26 -> 0 | M27: =K27/K32 -> 0 | N27: =J27-K27 -> 0
B28: Grants | C28: ='Re. & Pay.'!C27 -> 14 | D28: ='Re. & Pay.'!D27 -> 0 | E28: ='Re. & Pay.'!E27 -> 0 | G28: =E28/E32 -> 0 | H28: =D28-E28 -> 0 | J28: ='Re. & Pay.'!I27 -> 0 | K28: ='Re. & Pay.'!J27 -> 0 | M28: =K28/K32 -> 0 | N28: =J28-K28 -> 0
B29: Social Benefits | C29: ='Re. & Pay.'!C28 -> 15 | D29: ='Re. & Pay.'!D28 -> 22419 | E29: ='Re. & Pay.'!E28 -> 5125 | G29: =E29/E32 -> 0.0014382996 | H29: =D29-E29 -> 17294 | J29: ='Re. & Pay.'!I28 -> 5500 | K29: ='Re. & Pay.'!J28 -> 3945 | M29: =K29/K32 -> 0.0013151551 | N29: =J29-K29 -> 1555
B30: Other Expenses | C30: ='Re. & Pay.'!C29 -> 16 | D30: ='Re. & Pay.'!D29 -> 1278583 | E30: ='Re. & Pay.'!E29 -> 680072.9 | G30: =E30/E32 -> 0.19085826 | H30: =D30-E30 -> 598510.1 | J30: ='Re. & Pay.'!I29 -> 815600 | K30: ='Re. & Pay.'!J29 -> 860354.75 | M30: =K30/K32 -> 0.28681875 | N30: =J30-K30 -> -44754.75
B32: TOTAL EXPENDITURE | D32: =SUM(D24:D31) -> 5642553 | E32: =SUM(E24:E31) -> 3563235.4 | G32: =SUM(G24:G31) -> 1 | H32: =SUM(H24:H31) -> 2079317.6 | J32: =SUM(J24:J31) -> 5252902 | K32: =SUM(K24:K31) -> 2999646.2 | M32: =SUM(M24:M31) -> 1 | N32: =SUM(N24:N31) -> 2253255.9
B34: SURPLUS/(DEFICIT) | D34: =D19-D32 -> 3787397 | E34: =E19-E32 -> 2174667.3 | H34: =H19+H32 -> 5771364.9 | J34: =J19-J32 -> 4837476 | K34: =K19-K32 -> 3567573.4 | N34: =N19+N32 -> 5776414.4

Sheet Chart
C2: REVENUE BAR CHART FOR THE ENDED FINANCIAL YEARS
C3: 31st DECEMBER 2015 AND 2016
E5: ='Bal. Sht'!D6 -> 2017 | G5: ='Bal. Sht'!F6 -> 2016
C6: ITEM NATURE | E6: CUM ACTUAL | G6: =E6 -> CUM ACTUAL
C8: Rates | E8: ='Rev. & Exp.'!E10 -> 170579.21 | G8: ='Rev. & Exp.'!K10 -> 125766.84
C9: Land and Concessions | E9: ='Rev. & Exp.'!E11 -> 182943.86 | G9: ='Rev. & Exp.'!K11 -> 88073.53
C10: Fees and Fines | E10: ='Rev. & Exp.'!E12 -> 161514.5 | G10: ='Rev. & Exp.'!K12 -> 133110.5
C11: Licenses | E11: ='Rev. & Exp.'!E13 -> 138819 | G11: ='Rev. & Exp.'!K13 -> 129752
C12: Rent | E12: ='Rev. & Exp.'!E14 -> 35908 | G12: ='Rev. & Exp.'!K14 -> 10204
C13: Grants | E13: ='Rev. & Exp.'!E15 -> 5018692.2 | G13: ='Rev. & Exp.'!K15 -> 6046976
C14: Investment Income | E14: ='Rev. & Exp.'!E16 -> 0 | G14: ='Rev. & Exp.'!K16 -> 0
C15: Miscellaneous | E15: ='Rev. & Exp.'!E17 -> 29445.86 | G15: ='Rev. & Exp.'!K17 -> 33336.73
C17: Total | E17: =SUM(E8:E16) -> 5737902.7 | G17: =SUM(G8:G16) -> 6567219.6
C35: EXPENDITURE PIE CHART FOR THE ENDED FINANCIAL YEARS
C36: =C3 -> 31st DECEMBER 2015 AND 2016
E38: =E5 -> 2017 | G38: =G5 -> 2016
C39: ITEM NATURE | E39: CUM ACTUAL | G39: =E39 -> CUM ACTUAL
C41: Compensation of Employees | E41: ='Rev. & Exp.'!E24 -> 1631630.7 | G41: ='Rev. & Exp.'!K24 -> 777941.64
C42: Goods and Services | E42: ='Rev. & Exp.'!E25 -> 1246406.8 | G42: ='Rev. & Exp.'!K25 -> 1357404.8
C43: Consumption of Fixed Capital | E43: ='Rev. & Exp.'!E26 -> 0 | G43: ='Rev. & Exp.'!K26 -> 0
C44: Interest | E44: ='Rev. & Exp.'!E27 -> 0 | G44: ='Rev. & Exp.'!K27 -> 0
C45: Grants | E45: ='Rev. & Exp.'!E28 -> 0 | G45: ='Rev. & Exp.'!K28 -> 0
C46: Social Benefits | E46: ='Rev. & Exp.'!E29 -> 5125 | G46: ='Rev. & Exp.'!K29 -> 3945
C47: Other Expenses | E47: ='Rev. & Exp.'!E30 -> 680072.9 | G47: ='Rev. & Exp.'!K30 -> 860354.75
C49: Total | E49: =SUM(E41:E48) -> 3563235.4 | G49: =SUM(G41:G48) -> 2999646.2

Sheet Notes (2)
B2: PRINCIPAL NOTES TO THE FINANACIAL STATEMENTS
B3: ='Bal. Sht'!B4:F4 -> 31st DECEMBER 2017
B6: NOTES | D6: CHANGES | F6: ='Bal. Sht'!D6 -> 2017 | H6: 2016
F7: GH¢ | H7: GH¢
B10: Note 1 | C10: ACCOUNTING POLICIES
B11: a. Basis of Accounts
B12: i. The Finanacial Statements are prepared on a modified cash basis
B13: ii. Revenue is recorded in the period in which it is received
B14: iii. Expenditure is recognised when goods and services are received and paid for
B15: iv. Payment for fixed assets acquired are written off in the year of the acquisition
B16: v.Advances, Debtors, Deposite are recorded at historical cost basis without dimunition in value.
B18: DISCLOSURE
B20: 2 | C20: Rates | D20: =F20-H20 -> 44812.37 | F20: =Summarys!I41 -> 170579.21 | H20: =Summarys!M41 -> 125766.84
B21: 3 | C21: Land and Concessions
C22: Lands & Royalities | D22: =F22-H22 -> 94870.33 | F22: =Summarys!I53 -> 182943.86 | H22: =Summarys!M53 -> 88073.53
B23: 4 | C23: Fees and Fines
C24: Fees | D24: =F24-H24 -> 15361.5 | F24: =Summarys!I56 -> 133085 | H24: =Summarys!M56 -> 117723.5
C25: Fines, Penalties & Forfeits | D25: =F25-H25 -> 13042.5 | F25: =Summarys!I57 -> 28429.5 | H25: =Summarys!M57 -> 15387
D26: =F26-H26 -> 28404 | F26: =SUM(F24:F25) -> 161514.5 | H26: =SUM(H24:H25) -> 133110.5
B27: 5 | C27: Licenses | D27: =F27-H27 -> 9067 | F27: =Summarys!I55 -> 138819 | H27: =Summarys!M55 -> 129752
B28: 6 | C28: Rent | D28: =F28-H28 -> 25704 | F28: =Summarys!I54 -> 35908 | H28: =Summarys!M54 -> 10204
B29: 7 | C29: Grants
C30: Grants - Districts | D30: =F30-H30 -> -1028283.8 | F30: =Summarys!I47 -> 5018692.2 | H30: =Summarys!M47 -> 6046976
B31: 8 | C31: Investment Income | D31: =F31-H31 -> 0 | F31: 0 | H31: 0
B32: 9 | C32: Miscellaneous | D32: =F32-H32 -> -3890.87 | F32: =Summarys!I58 -> 29445.86 | H32: =Summarys!M58 -> 33336.73
C33: Other Receivables | D33: =F33-H33 -> 0 | F33: 0 | H33: 0
B35: A | C35: Total Receipt | D35: =SUM(D32+D31+D30+D28+D27+D26+D22+D20)+D33 -> -829316.93 | F35: =SUM(F32+F31+F30+F28+F27+F26+F22+F20)+F33 -> 5737902.7 | H35: =SUM(H32+H31+H30+H28+H27+H26+H22+H20)+H33 -> 6567219.6
B37: 10 | C37: Compensation of Employees
C38: Established Position | D38: =F38-H38 -> 793642.14 | F38: =Summarys!I103 -> 1445415.8 | H38: =Summarys!M103 -> 651773.66
C39: Non-Established Post | D39: =F39-H39 -> 39538.24 | F39: =Summarys!I104 -> 122724.42 | H39: =Summarys!M104 -> 83186.18
C40: Other Allowances | D40: =F40-H40 -> 16518.48 | F40: =Summarys!I105 -> 59500.28 | H40: =Summarys!M105 -> 42981.8
C41: National Pension Contribution | D41: =F41-H41 -> 3990.2 | F41: =Summarys!I106 -> 3990.2 | H41: =Summarys!M106 -> 0
D42: =F42-H42 -> 853689.06 | F42: =SUM(F38:F41) -> 1631630.7 | H42: =SUM(H38:H41) -> 777941.64
B43: 11 | C43: Goods and Services
C44: Materials & Office Consumables | D44: =F44-H44 -> -20522.47 | F44: =Summarys!I112 -> 148975.34 | H44: =Summarys!M112 -> 169497.81
C45: Utilities | D45: =F45-H45 -> 28679.8 | F45: =Summarys!I113 -> 140997 | H45: =Summarys!M113 -> 112317.2
C46: General Cleaning | D46: =F46-H46 -> 1213.2 | F46: =Summarys!I114 -> 1558.2 | H46: =Summarys!M114 -> 345
C47: Rentals | D47: =F47-H47 -> -8492.77 | F47: =Summarys!I115 -> 0 | H47: =Summarys!M115 -> 8492.77
C48: Travel & Transport | D48: =F48-H48 -> -55759.46 | F48: =Summarys!I116 -> 161605.09 | H48: =Summarys!M116 -> 217364.55
C49: Repairs & Maintenance | D49: =F49-H49 -> -4084.65 | F49: =Summarys!I117 -> 364010.75 | H49: =Summarys!M117 -> 368095.4
C50: Traning, Seminar & Confer. Cost | D50: =F50-H50 -> -51184.6 | F50: =Summarys!I118 -> 240853.95 | H50: =Summarys!M118 -> 292038.55
C51: Consultancy Expenses | D51: =F51-H51 -> 85360.37 | F51: =Summarys!I119 -> 85360.37 | H51: =Summarys!M119 -> 0
C52: Special Services | D52: =F52-H52 -> -10552.6 | F52: =Summarys!I120 -> 97668.4 | H52: =Summarys!M120 -> 108221
C53: Other Charges & Fees | D53: =F53-H53 -> -6064.39 | F53: =Summarys!I121 -> 5377.7 | H53: =Summarys!M121 -> 11442.09
C54: Emergency Services | D54: =F54-H54 -> -69590.4 | F54: =Summarys!I122 -> 0 | H54: =Summarys!M122 -> 69590.4
D55: =F55-H55 -> -110997.97 | F55: =SUM(F44:F54) -> 1246406.8 | H55: =SUM(H44:H54) -> 1357404.8
B56: 12 | C56: Consumption of Fixed Capital
C57: Consumption of Fixed Capital [GFS] | D57: =F57-H57 -> 0 | F57: =Summarys!I128 -> 0 | H57: =Summarys!M128 -> 0
D58: =F58-H58 -> 0 | F58: =SUM(F57) -> 0 | H58: =SUM(H57) -> 0
B59: 13 | C59: Interest
C60: Residents | D60: =F60-H60 -> 0 | F60: 0 | H60: 0
D61: =F61-H61 -> 0 | F61: =SUM(F60) -> 0 | H61: =SUM(H60) -> 0
B62: 14 | C62: Grants
C63: Grant Current | D63: =F63-H63 -> 0 | F63: =Summarys!I134 -> 0 | H63: =Summarys!M134 -> 0
D64: =F64-H64 -> 0 | F64: =SUM(F63) -> 0 | H64: =SUM(H63) -> 0
B65: 15 | C65: Social Benefits
C66: Employer Social Benefits in Cash | D66: =F66-H66 -> 1180 | F66: =Summarys!I141 -> 5125 | H66: =Summarys!M141 -> 3945
D67: =F67-H67 -> 1180 | F67: =SUM(F66:F66) -> 5125 | H67: =SUM(H66:H66) -> 3945
B68: 16 | C68: Other Expenses
C69: General Expenses | D69: =F69-H69 -> -180281.85 | F69: =Summarys!I147 -> 680072.9 | H69: =Summarys!M147 -> 860354.75
D70: =F70-H70 -> -180281.85 | F70: =SUM(F69) -> 680072.9 | H70: =SUM(H69) -> 860354.75
B71: 17 | C71: Non-Financial Assets
C72: Dwellings | D72: =F72-H72 -> -1197349.6 | F72: =Summarys!I153 -> 578193.37 | H72: =Summarys!M153 -> 1775543
C73: Non-Residential Building | D73: =F73-H73 -> -168395.68 | F73: =Summarys!I155 -> 753186.99 | H73: =Summarys!M155 -> 921582.67
C74: Other Structures | D74: =F74-H74 -> 358945.2 | F74: =Summarys!I157 -> 677676.5 | H74: =Summarys!M157 -> 318731.3
C75: Transport & Equipment | D75: =F75-H75 -> 0 | F75: =Summarys!I159 -> 0 | H75: =Summarys!M159 -> 0
C76: Other Machinery & Equipment | D76: =F76-H76 -> -82559.42 | F76: =Summarys!I161 -> 0 | H76: =Summarys!M161 -> 82559.42
C77: Infrastructure Assets | D77: =F77-H77 -> -6700 | F77: =Summarys!I163 -> 0 | H77: =Summarys!M163 -> 6700
D79: =SUM(D72:D78) -> -1096059.5 | F79: =SUM(F72:F78) -> 2009056.9 | H79: =SUM(H72:H78) -> 3105116.4
B80: 18 | C80: Other Payments (WIP)
C81: WIP-Dwellings | D81: =F81-H81 -> 4315.04 | F81: =Summarys!I154 -> 4315.04 | H81: =Summarys!M154 -> 0
C82: WIP-Non-Residential Building | D82: =F82-H82 -> 131911.53 | F82: =Summarys!I156 -> 131911.53 | H82: =Summarys!M156 -> 0
C83: WIP-Other Structures | D83: =F83-H83 -> 0 | F83: =Summarys!I158 -> 0 | H83: =Summarys!M158 -> 0
C84: WIP-Transport & Equipment | D84: =F84-H84 -> 0 | F84: =Summarys!I160 -> 0 | H84: =Summarys!M160 -> 0
C85: WIP-Other Machinery & Equipment | D85: =F85-H85 -> 0 | F85: =Summarys!I162 -> 0 | H85: =Summarys!M162 -> 0
C86: WIP-Infrastructure Assets | D86: =F86-H86 -> 0 | F86: =Summarys!I164 -> 0 | H86: =Summarys!M164 -> 0
D87: =F87-H87 -> 136226.57 | F87: =SUM(F81:F86) -> 136226.57 | H87: =SUM(H81:H86) -> 0
B89: B | C89: Total Payment | D89: =SUM(D87,D79,D70,D67,D64,D61,D58,D55,D42) -> -396243.71 | F89: =SUM(F87,F79,F70,F67,F64,F61,F58,F55,F42) -> 5708518.8 | H89: =SUM(H87,H79,H70,H67,H64,H61,H58,H55,H42) -> 6104762.5
B91: 19 | C91: Cash and Cash Equivalents
C92: Cash at Bank | D92: =F92-H92 -> 24574.84 | F92: ='Cash & Bank bal.'!E54 -> 1178936.6 | H92: ='Cash & Bank bal.'!G54 -> 1154361.7
C93: Cash on Hand | D93: =F93-H93 -> -498.1 | F93: ='Cash & Bank bal.'!E70 -> 0 | H93: ='Cash & Bank bal.'!G70 -> 498.1
D94: =F94-H94 -> 24076.74 | F94: =SUM(F92:F93) -> 1178936.6 | H94: =SUM(H92:H93) -> 1154859.8
B95: 20 | C95: Receivables
C96: Advances | D96: =F96-H96 -> 5307.1 | F96: =SCHEDULES!H18 -> 21567.25 | H96: =SCHEDULES!I18 -> 16260.15
C97: Imprest | D97: =F97-H97 -> 0 | F97: 0 | H97: 0
D98: =F98-H98 -> 5307.1 | F98: =SUM(F96:F97) -> 21567.25 | H98: =SUM(H96:H97) -> 16260.15
B99: 21 | C99: Prepayments
D100: =F100-H100 -> 0 | F100: 0 | H100: 0
D101: =F101-H101 -> 0 | F101: 0 | H101: 0
B102: 22 | C102: Receivables
C103: Debtors | D103: =F103-H103 -> 0 | F103: =SCHEDULES!H48 -> 0 | H103: =SCHEDULES!I48 -> 0
C104: Poverty Reduction | D104: =F104-H104 -> 0 | F104: =SCHEDULES!H78 -> 0 | H104: =SCHEDULES!I78 -> 0
D105: =F105-H105 -> 0 | F105: =SUM(F103:F104) -> 0 | H105: =SUM(H103:H104) -> 0
B106: 23 | C106: Equity Investments
C107: Investments | D107: =F107-H107 -> 0 | F107: =SCHEDULES!H108 -> 0 | H107: =SCHEDULES!I108 -> 0
D108: =F108-H108 -> 0 | F108: =SUM(F107) -> 0 | H108: =SUM(H107) -> 0
B109: 24 | C109: Infrastructure, plant and Equipment
C110: Bungalows/Palace | D110: =F110-H110 -> -1197349.6 | F110: ='Exp. T''bal.'!F195 -> 578193.37 | H110: ='Exp. T''bal.'!J195 -> 1775543
C111: Clinics | D111: =F111-H111 -> 145276.45 | F111: ='Exp. T''bal.'!F205 -> 145276.45 | H111: ='Exp. T''bal.'!J205 -> 0
C112: Office Buildings | D112: =F112-H112 -> -123626.48 | F112: ='Exp. T''bal.'!F206 -> 0 | H112: ='Exp. T''bal.'!J206 -> 123626.48
...

Sheet Notes
B2: PRICIPAL NOTES TO THE FINANACIAL STATEMENTS
B3: ='Bal. Sheet'!B5:F5 -> 31st DECEMBER 2013 AND 2014
B7: NOTES | D7: 2014 | F7: 2013
D8: GH¢ | F8: GH¢
B10: 2 | C10: Rates | D10: =Summarys!I41 -> 170579.21 | F10: =Summarys!M41 -> 125766.84
B12: 3 | C12: Land and Concessions
C13: Lands & Royalities | D13: =Summarys!I53 -> 182943.86 | F13: =Summarys!M53 -> 88073.53
B15: 4 | C15: Fees and Fines
C16: Fees | D16: =Summarys!I56 -> 133085 | F16: =Summarys!M56 -> 117723.5
C17: Fines, Penalties & Forfeits | D17: =Summarys!I57 -> 28429.5 | F17: =Summarys!M57 -> 15387
D18: =SUM(D16:D17) -> 161514.5 | F18: =SUM(F16:F17) -> 133110.5
B20: 5 | C20: Licenses | D20: =Summarys!I55 -> 138819 | F20: =Summarys!M55 -> 129752
B22: 6 | C22: Rent | D22: =Summarys!I54 -> 35908 | F22: =Summarys!M54 -> 10204
B24: 7 | C24: Grants
C25: Grants - Districts | D25: =Summarys!I47 -> 5018692.2 | F25: =Summarys!M47 -> 6046976
B27: 8 | C27: Investment Income | D27: 0 | F27: 0
B29: 9 | C29: Miscellaneous | D29: =Summarys!I58 -> 29445.86 | F29: =Summarys!M58 -> 33336.73
C31: Total Receipt | D31: =SUM(D29+D27+D25+D22+D20+D18+D13+D10) -> 5737902.7 | F31: =SUM(F29+F27+F25+F22+F20+F18+F13+F10) -> 6567219.6
B33: 10 | C33: Compensation of Employees
C34: Established Position | D34: =Summarys!I103 -> 1445415.8 | F34: =Summarys!M103 -> 651773.66
C35: Non-Established Post | D35: =Summarys!I104 -> 122724.42 | F35: =Summarys!M104 -> 83186.18
C36: Other Allowances | D36: =Summarys!I105 -> 59500.28 | F36: =Summarys!M105 -> 42981.8
C37: National Pension Contribution | D37: =Summarys!I106 -> 3990.2 | F37: =Summarys!M106 -> 0
D38: =SUM(D34:D37) -> 1631630.7 | F38: =SUM(F34:F37) -> 777941.64
B39: 11 | C39: Goods and Services
C40: Materials & Office Consumables | D40: =Summarys!I112 -> 148975.34 | F40: =Summarys!M112 -> 169497.81
C41: Utilities | D41: =Summarys!I113 -> 140997 | F41: =Summarys!M113 -> 112317.2
C42: General Cleaning | D42: =Summarys!I114 -> 1558.2 | F42: =Summarys!M114 -> 345
C43: Rentals | D43: =Summarys!I115 -> 0 | F43: =Summarys!M115 -> 8492.77
C44: Travel & Transport | D44: =Summarys!I116 -> 161605.09 | F44: =Summarys!M116 -> 217364.55
C45: Repairs & Maintenance | D45: =Summarys!I117 -> 364010.75 | F45: =Summarys!M117 -> 368095.4
C46: Traning, Seminar & Confer. Cost | D46: =Summarys!I118 -> 240853.95 | F46: =Summarys!M118 -> 292038.55
C47: Consultancy Expenses | D47: =Summarys!I119 -> 85360.37 | F47: =Summarys!M119 -> 0
C48: Special Services | D48: =Summarys!I120 -> 97668.4 | F48: =Summarys!M120 -> 108221
C49: Other Charges & Fees | D49: =Summarys!I121 -> 5377.7 | F49: =Summarys!M121 -> 11442.09
C50: Emergency Services | D50: =Summarys!I122 -> 0 | F50: =Summarys!M122 -> 69590.4
D51: =SUM(D40:D50) -> 1246406.8 | F51: =SUM(F40:F50) -> 1357404.8
B52: 12 | C52: Consumption of Fixed Capital
C53: Consumption of Fixed Capital [GFS] | D53: =Summarys!I128 -> 0 | F53: =Summarys!M128 -> 0
D54: =SUM(D53) -> 0 | F54: =SUM(F53) -> 0
B55: 13 | C55: Interest
C56: Residents | D56: 0 | F56: 0
D57: =SUM(D56) -> 0 | F57: =SUM(F56) -> 0
B58: 14 | C58: Grants
C59: Grant Current | D59: =Summarys!I134 -> 0 | F59: =Summarys!M134 -> 0
D60: =SUM(D59) -> 0 | F60: =SUM(F59) -> 0
B61: 15 | C61: Social Benefits
C62: Social Assistance Benefits in Cash | D62: 0 | F62: 0
C63: Employer Social Benefits in Cash | D63: =Summarys!I141 -> 5125 | F63: =Summarys!M141 -> 3945
D64: =SUM(D62:D63) -> 5125 | F64: =SUM(F62:F63) -> 3945
B65: 16 | C65: Other Expenses
C66: General Expenses | D66: =Summarys!I147 -> 680072.9 | F66: =Summarys!M147 -> 860354.75
D67: =SUM(D66) -> 680072.9 | F67: =SUM(F66) -> 860354.75
B68: 17 | C68: Non-Financial Assets
C69: Dwellings | D69: =Summarys!I153 -> 578193.37 | F69: =Summarys!M153 -> 1775543
C70: Non-Residential Building | D70: =Summarys!I155 -> 753186.99 | F70: =Summarys!M155 -> 921582.67
C71: Other Structures | D71: =Summarys!I157 -> 677676.5 | F71: =Summarys!M157 -> 318731.3
C72: Transport & Equipment | D72: =Summarys!I159 -> 0 | F72: =Summarys!M159 -> 0
C73: Other Machinery & Equipment | D73: =Summarys!I161 -> 0 | F73: =Summarys!M161 -> 82559.42
C74: Infrastructure Assets | D74: =Summarys!I163 -> 0 | F74: =Summarys!M163 -> 6700
C75: Materials - Supplies | D75: =Summarys!#REF! -> #REF! | F75: =Summarys!#REF! -> #REF!
D76: =SUM(D69:D75) -> #REF! | F76: =SUM(F69:F75) -> #REF!
B77: 18 | C77: Other Payments (WIP)
C78: WIP-Dwellings | D78: =Summarys!I154 -> 4315.04 | F78: =Summarys!M154 -> 0
C79: WIP-Non-Residential Building | D79: =Summarys!I156 -> 131911.53 | F79: =Summarys!M156 -> 0
C80: WIP-Other Structures | D80: =Summarys!I158 -> 0 | F80: =Summarys!M158 -> 0
C81: WIP-Transport & Equipment | D81: =Summarys!I160 -> 0 | F81: =Summarys!M160 -> 0
C82: WIP-Other Machinery & Equipment | D82: =Summarys!I162 -> 0 | F82: =Summarys!M162 -> 0
C83: WIP-Infrastructure Assets | D83: =Summarys!I164 -> 0 | F83: =Summarys!M164 -> 0
D84: =SUM(D78:D83) -> 136226.57 | F84: =SUM(F78:F83) -> 0
C86: Total Payment | D86: =SUM(D84,D76,D67,D64,D60,D57,D54,D51,D38) -> #REF! | F86: =SUM(F84,F76,F67,F64,F60,F57,F54,F51,F38) -> #REF!
B88: 19 | C88: Cash and Cash Equivalents
C89: Cash at Bank | D89: ='Cash & Bank bal.'!#REF! -> #REF! | F89: ='Cash & Bank bal.'!#REF! -> #REF!
C90: Cash on Hand | D90: ='Cash & Bank bal.'!E70 -> 0 | F90: ='Cash & Bank bal.'!G70 -> 498.1
D91: =SUM(D89:D90) -> #REF! | F91: =SUM(F89:F90) -> #REF!
B92: 20 | C92: Receivables
C93: Advances | D93: =SCHEDULES!H18 -> 21567.25 | F93: =SCHEDULES!I18 -> 16260.15
C94: Imprest | D94: 0 | F94: 0
D95: =SUM(D93:D94) -> 21567.25 | F95: =SUM(F93:F94) -> 16260.15
B96: 21 | C96: Prepayments
D97: 0 | F97: 0
D98: 0 | F98: 0
B99: 22 | C99: Receivables
C100: Debtors | D100: =SCHEDULES!H48 -> 0 | F100: =SCHEDULES!I48 -> 0
C101: Poverty Reduction | D101: =SCHEDULES!H78 -> 0 | F101: =SCHEDULES!I78 -> 0
D102: =SUM(D100:D101) -> 0 | F102: =SUM(F100:F101) -> 0
B103: 23 | C103: Equity Investments
C104: Investments | D104: =SCHEDULES!H108 -> 0 | F104: =SCHEDULES!I108 -> 0
D105: =SUM(D104) -> 0 | F105: =SUM(F104) -> 0
B106: 24 | C106: Infrastructure, plant and Equipment
C107: Non-Financial Assets | D107: =D76 -> #REF! | F107: =F76 -> #REF!
D108: =SUM(D107) -> #REF! | F108: =SUM(F107) -> #REF!
B109: 25 | C109: Work In-Progress
C110: Other Payments (WIP) | D110: =D84 -> 136226.57 | F110: =F84 -> 0
D111: =D84 -> 136226.57 | F111: =F84 -> 0
C113: Total Assets | D113: =SUM(D111,D108,D105,D102,D98,D95,D91) -> #REF! | F113: =SUM(F111,F108,F105,F102,F98,F95,F91) -> #REF!
B115: 26 | C115: Payables
D116: 0 | F116: 0
D117: =SUM(D116) -> 0 | F117: =SUM(F116) -> 0
B118: 27 | C118: Deposits and Other Trust Monies
...

Sheet Summarys
B2: ='Bal. Sht'!B2:F2 -> ~ 0215100 - KOMENDA-EDINA-EGUAFO-ABREM MUNICIPAL ASSEMBLY ~
B3: REVENUE MAIN SUMMARY
B4: ='Bal. Sht'!B4:F4 -> 31st DECEMBER 2017
E6: ='Bal. Sht'!D6 -> 2017 | L6: ='Bal. Sht'!F6 -> 2016
E7: ANNUAL | F7: BUDGET | G7: ACTUALS | I7: CUM ACTUAL | J7: % OF | L7: ANNUAL | M7: CUM ACTUAL | N7: % OF
B8: CODES | D8: MAIN ITEM NAME | E8: BUDGET GH¢ | F8: (GH¢) | G8: (GH¢) | H8: (GH¢) | I8: GH¢ | J8: ACTUAL | L8: BUDGET GH¢ | M8: GH¢ | N8: ACTUAL
B10: 1100000 | D10: Taxes | E10: =E43 -> 171065 | F10: =F43 -> #REF! | G10: =G43 -> #REF! | H10: =H43 -> #REF! | I10: =I43 -> 170579.21 | J10: =I10/E10 -> 0.9971602 | L10: =L43 -> 171065 | M10: =M43 -> 125766.84 | N10: =M10/L10 -> 0.73519913
B11: 1300000 | D11: Donor Grants & Reliefs | E11: =E49 -> 8654065.7 | F11: =F49 -> #REF! | G11: =G49 -> #REF! | H11: =H49 -> #REF! | I11: =I49 -> 5018692.2 | J11: =I11/E11 -> 0.57992306 | L11: =L49 -> 9483876.5 | M11: =M49 -> 6046976 | N11: =M11/L11 -> 0.63760594
B12: 1400000 | D12: Other Revenue | E12: =E60 -> 604819.28 | F12: =F60 -> #REF! | G12: =G60 -> #REF! | H12: =H60 -> #REF! | I12: =I60 -> 548631.22 | J12: =I12/E12 -> 0.90709942 | L12: =L60 -> 435436.6 | M12: =M60 -> 394476.76 | N12: =M12/L12 -> 0.90593386
B14: GRAND TOTAL | E14: =SUM(E10:E13) -> 9429950 | F14: =SUM(F10:F13) -> #REF! | G14: =SUM(G10:G13) -> #REF! | H14: =SUM(H10:H13) -> #REF! | I14: =SUM(I10:I13) -> 5737902.7 | J14: =I14/E14 -> 0.60847647 | L14: =SUM(L10:L13) -> 10090378 | M14: =SUM(M10:M13) -> 6567219.6 | N14: =M14/L14 -> 0.65083979
B31: =B2 -> ~ 0215100 - KOMENDA-EDINA-EGUAFO-ABREM MUNICIPAL ASSEMBLY ~
B32: REVENUE SUB SUMMARY
B33: =B4 -> 31st DECEMBER 2017
E35: =E6 -> 2017 | L35: =L6 -> 2016
E36: ANNUAL | F36: BUDGET | G36: ACTUALS | I36: CUM ACTUAL | J36: % OF | L36: ANNUAL | M36: CUM ACTUAL | N36: % OF
B37: CODES | D37: MAIN ITEM NAME | E37: BUDGET GH¢ | F37: (GH¢) | G37: (GH¢) | H37: (GH¢) | I37: GH¢ | J37: ACTUAL | L37: BUDGET GH¢ | M37: GH¢ | N37: ACTUAL
B39: 1100000 | D39: Taxes
B41: 1131000 | D41: Rates | E41: ='Rev. T''bal.'!E18 -> 171065 | F41: ='Rev. T''bal.'!#REF! -> #REF! | G41: ='Rev. T''bal.'!#REF! -> #REF! | H41: ='Rev. T''bal.'!#REF! -> #REF! | I41: ='Rev. T''bal.'!F18 -> 170579.21 | J41: =I41/E41 -> 0.9971602 | L41: ='Rev. T''bal.'!I18 -> 171065 | M41: ='Rev. T''bal.'!J18 -> 125766.84 | N41: =M41/L41 -> 0.73519913
E43: =SUM(E41:E42) -> 171065 | F43: =SUM(F41:F42) -> #REF! | G43: =SUM(G41:G42) -> #REF! | H43: =SUM(H41:H42) -> #REF! | I43: =SUM(I41:I42) -> 170579.21 | J43: =I43/E43 -> 0.9971602 | L43: =SUM(L41:L42) -> 171065 | M43: =SUM(M41:M42) -> 125766.84 | N43: =M43/L43 -> 0.73519913
B45: 1300000 | D45: Donor Grants & Reliefs
B47: 1331000 | D47: Grants - Districts | E47: ='Rev. T''bal.'!E40 -> 8654065.7 | F47: ='Rev. T''bal.'!#REF! -> #REF! | G47: ='Rev. T''bal.'!#REF! -> #REF! | H47: ='Rev. T''bal.'!#REF! -> #REF! | I47: ='Rev. T''bal.'!F40 -> 5018692.2 | J47: =I47/E47 -> 0.57992306 | L47: ='Rev. T''bal.'!I40 -> 9483876.5 | M47: ='Rev. T''bal.'!J40 -> 6046976 | N47: =M47/L47 -> 0.63760594
E49: =SUM(E46:E47) -> 8654065.7 | F49: =SUM(F46:F47) -> #REF! | G49: =SUM(G46:G47) -> #REF! | H49: =SUM(H46:H47) -> #REF! | I49: =SUM(I46:I47) -> 5018692.2 | J49: =I49/E49 -> 0.57992306 | L49: =SUM(L46:L47) -> 9483876.5 | M49: =SUM(M46:M47) -> 6046976 | N49: =M49/L49 -> 0.63760594
B51: 1400000 | D51: Other Revenue
B53: 1412000 | D53: Lands & Royalities | E53: ='Rev. T''bal.'!E52 -> 124391.97 | F53: ='Rev. T''bal.'!#REF! -> #REF! | G53: ='Rev. T''bal.'!#REF! -> #REF! | H53: ='Rev. T''bal.'!#REF! -> #REF! | I53: ='Rev. T''bal.'!F52 -> 182943.86 | J53: =I53/E53 -> 1.4707047 | L53: ='Rev. T''bal.'!I52 -> 56100 | M53: ='Rev. T''bal.'!J52 -> 88073.53 | N53: =M53/L53 -> 1.5699381
B54: 1415000 | D54: Rents of Land, Buildings & Houses | E54: ='Rev. T''bal.'!E62 -> 52490 | F54: ='Rev. T''bal.'!#REF! -> #REF! | G54: ='Rev. T''bal.'!#REF! -> #REF! | H54: ='Rev. T''bal.'!#REF! -> #REF! | I54: ='Rev. T''bal.'!F62 -> 35908 | J54: =I54/E54 -> 0.68409221 | L54: ='Rev. T''bal.'!I62 -> 27805 | M54: ='Rev. T''bal.'!J62 -> 10204 | N54: =M54/L54 -> 0.36698436
B55: 1422000 | D55: Licenses | E55: ='Rev. T''bal.'!E93 -> 115911 | F55: ='Rev. T''bal.'!#REF! -> #REF! | G55: ='Rev. T''bal.'!#REF! -> #REF! | H55: ='Rev. T''bal.'!#REF! -> #REF! | I55: ='Rev. T''bal.'!F93 -> 138819 | J55: =I55/E55 -> 1.1976344 | L55: ='Rev. T''bal.'!I93 -> 94411 | M55: ='Rev. T''bal.'!J93 -> 129752 | N55: =M55/L55 -> 1.3743314
B56: 1423000 | D56: Fees | E56: ='Rev. T''bal.'!E109 -> 261546.31 | F56: ='Rev. T''bal.'!#REF! -> #REF! | G56: ='Rev. T''bal.'!#REF! -> #REF! | H56: ='Rev. T''bal.'!#REF! -> #REF! | I56: ='Rev. T''bal.'!F109 -> 133085 | J56: =I56/E56 -> 0.50883914 | L56: ='Rev. T''bal.'!I109 -> 206640 | M56: ='Rev. T''bal.'!J109 -> 117723.5 | N56: =M56/L56 -> 0.56970335
B57: 1430000 | D57: Fines, Penalties & Forfeits | E57: ='Rev. T''bal.'!E115 -> 8400 | F57: ='Rev. T''bal.'!#REF! -> #REF! | G57: ='Rev. T''bal.'!#REF! -> #REF! | H57: ='Rev. T''bal.'!#REF! -> #REF! | I57: ='Rev. T''bal.'!F115 -> 28429.5 | J57: =I57/E57 -> 3.3844643 | L57: ='Rev. T''bal.'!I115 -> 8400 | M57: ='Rev. T''bal.'!J115 -> 15387 | N57: =M57/L57 -> 1.8317857
B58: 1450000 | D58: Miscellaneous and Unidentified Revenue | E58: ='Rev. T''bal.'!E120 -> 42080 | F58: ='Rev. T''bal.'!#REF! -> #REF! | G58: ='Rev. T''bal.'!#REF! -> #REF! | H58: ='Rev. T''bal.'!#REF! -> #REF! | I58: ='Rev. T''bal.'!F120 -> 29445.86 | J58: =I58/E58 -> 0.69975903 | L58: ='Rev. T''bal.'!I120 -> 42080.6 | M58: ='Rev. T''bal.'!J120 -> 33336.73 | N58: =M58/L58 -> 0.79221138
E60: =SUM(E53:E58) -> 604819.28 | F60: =SUM(F53:F58) -> #REF! | G60: =SUM(G53:G58) -> #REF! | H60: =SUM(H53:H58) -> #REF! | I60: =SUM(I53:I58) -> 548631.22 | J60: =I60/E60 -> 0.90709942 | L60: =SUM(L53:L58) -> 435436.6 | M60: =SUM(M53:M58) -> 394476.76 | N60: =M60/L60 -> 0.90593386
B62: GRAND TOTAL | E62: =SUM(E60,E49,E43) -> 9429950 | F62: =SUM(F60,F49,F43) -> #REF! | G62: =SUM(G60,G49,G43) -> #REF! | H62: =SUM(H60,H49,H43) -> #REF! | I62: =SUM(I60,I49,I43) -> 5737902.7 | J62: =I62/E62 -> 0.60847647 | L62: =SUM(L60,L49,L43) -> 10090378 | M62: =SUM(M60,M49,M43) -> 6567219.6 | N62: =M62/L62 -> 0.65083979
B64: =B2 -> ~ 0215100 - KOMENDA-EDINA-EGUAFO-ABREM MUNICIPAL ASSEMBLY ~
B65: EXPENDITURE MAIN SUMMARY
B66: ='Bal. Sht'!B4:F4 -> 31st DECEMBER 2017
E68: =E6 -> 2017 | L68: =L6 -> 2016
E69: ANNUAL | F69: BUDGET | G69: ACTUALS | I69: CUM ACTUAL | J69: % OF | L69: ANNUAL | M69: CUM ACTUAL | N69: % OF
B70: CODES | D70: MAIN ITEM NAME | E70: BUDGET GH¢ | F70: (GH¢) | G70: (GH¢) | H70: (GH¢) | I70: GH¢ | J70: ACTUAL | L70: BUDGET GH¢ | M70: GH¢ | N70: ACTUAL
B72: 2100000 | D72: Compensation of Employees | E72: =E108 -> 2154514 | F72: =F108 -> #REF! | G72: =G108 -> #REF! | H72: =H108 -> #REF! | I72: =I108 -> 1631630.7 | J72: =I72/E72 -> 0.75730801 | L72: =L108 -> 1944808.1 | M72: =M108 -> 777941.64 | N72: =M72/L72 -> 0.40000947
B73: 2200000 | D73: Use of Goods & Services | E73: =E124 -> 2187037 | F73: =F124 -> #REF! | G73: =G124 -> #REF! | H73: =H124 -> #REF! | I73: =I124 -> 1246406.8 | J73: =I73/E73 -> 0.56990659 | L73: =L124 -> 2486994 | M73: =M124 -> 1357404.8 | N73: =M73/L73 -> 0.54580139
B74: 2300000 | D74: Consumption of Fixed Capital [GFS] | E74: =E130 -> 0 | F74: =E74/12 -> 0 | G74: 0 | H74: =G74-F74 -> 0 | I74: ='Exp. T''bal.'!F143 -> 0 | J74: - | L74: 0 | M74: 0 | N74: -
B75: 2600000 | D75: Grants | E75: =E136 -> 0 | F75: =F136 -> #REF! | G75: =G136 -> #REF! | H75: =H136 -> #REF! | I75: =I136 -> 0 | J75: - | L75: =L136 -> 0 | M75: =M136 -> 0 | N75: -
B76: 2700000 | D76: Social Benefits [GFS] | E76: =E143 -> 22419 | F76: =F143 -> #REF! | G76: =G143 -> #REF! | H76: =H143 -> #REF! | I76: =I143 -> 5125 | J76: =I76/E76 -> 0.22860074 | L76: =L143 -> 5500 | M76: =M143 -> 3945 | N76: =M76/L76 -> 0.71727273
B77: 2800000 | D77: Other Expense | E77: =E149 -> 1278583 | F77: =F149 -> #REF! | G77: =G149 -> #REF! | H77: =H149 -> #REF! | I77: =I149 -> 680072.9 | J77: =I77/E77 -> 0.53189578 | L77: =L149 -> 815600 | M77: =M149 -> 860354.75 | N77: =M77/L77 -> 1.0548734
B78: 3110000 | D78: Fixed Assets | E78: =E166 -> 3787397 | F78: =F166 -> #REF! | G78: =G166 -> #REF! | H78: =H166 -> #REF! | I78: =I166 -> 2145283.4 | J78: =I78/E78 -> 0.56642687 | L78: =L166 -> 4837476 | M78: =M166 -> 3105116.4 | N78: =M78/L78 -> 0.6418877
B80: GRAND TOTAL | E80: =SUM(E72:E79) -> 9429950 | F80: =SUM(F72:F79) -> #REF! | G80: =SUM(G72:G79) -> #REF! | H80: =SUM(H72:H79) -> #REF! | I80: =SUM(I72:I79) -> 5708518.8 | J80: =I80/E80 -> 0.60536046 | L80: =SUM(L72:L79) -> 10090378 | M80: =SUM(M72:M79) -> 6104762.5 | N80: =M80/L80 -> 0.6050083
B93: =B64 -> ~ 0215100 - KOMENDA-EDINA-EGUAFO-ABREM MUNICIPAL ASSEMBLY ~
B94: EXPENDITURE SUB SUMMARY
B95: =B66 -> 31st DECEMBER 2017
E97: =E6 -> 2017 | L97: =L6 -> 2016
E98: ANNUAL | F98: BUDGET | G98: ACTUALS | I98: CUM ACTUAL | J98: % OF | L98: ANNUAL | M98: CUM ACTUAL | N98: % OF
B99: CODES | D99: MAIN ITEM NAME | E99: BUDGET GH¢ | F99: (GH¢) | G99: (GH¢) | H99: (GH¢) | I99: GH¢ | J99: ACTUAL | L99: BUDGET GH¢ | M99: GH¢ | N99: ACTUAL
B101: 2100000 | D101: Compensation of Employees
B103: 2111000 | D103: Established Position | E103: ='Exp. T''bal.'!E16 -> 1945168 | F103: ='Exp. T''bal.'!#REF! -> #REF! | G103: ='Exp. T''bal.'!#REF! -> #REF! | H103: ='Exp. T''bal.'!#REF! -> #REF! | I103: ='Exp. T''bal.'!F16 -> 1445415.8 | J103: =I103/E103 -> 0.74308019 | L103: ='Exp. T''bal.'!I16 -> 1790106.4 | M103: ='Exp. T''bal.'!J16 -> 651773.66 | N103: =M103/L103 -> 0.36409771
B104: 2111100 | D104: Non-Established Post | E104: ='Exp. T''bal.'!E22 -> 120346 | F104: ='Exp. T''bal.'!#REF! -> #REF! | G104: ='Exp. T''bal.'!#REF! -> #REF! | H104: ='Exp. T''bal.'!#REF! -> #REF! | I104: ='Exp. T''bal.'!F22 -> 122724.42 | J104: =I104/E104 -> 1.0197632 | L104: ='Exp. T''bal.'!I22 -> 80682.6 | M104: ='Exp. T''bal.'!J22 -> 83186.18 | N104: =M104/L104 -> 1.03103
B105: 2111200 | D105: Other Allowances | E105: ='Exp. T''bal.'!E31 -> 80000 | F105: ='Exp. T''bal.'!#REF! -> #REF! | G105: ='Exp. T''bal.'!#REF! -> #REF! | H105: ='Exp. T''bal.'!#REF! -> #REF! | I105: ='Exp. T''bal.'!F31 -> 59500.28 | J105: =I105/E105 -> 0.7437535 | L105: ='Exp. T''bal.'!I31 -> 65450 | M105: ='Exp. T''bal.'!J31 -> 42981.8 | N105: =M105/L105 -> 0.65671199
B106: 2121300 | D106: National Pension Contribution | E106: ='Exp. T''bal.'!E37 -> 9000 | F106: ='Exp. T''bal.'!#REF! -> #REF! | G106: ='Exp. T''bal.'!#REF! -> #REF! | H106: ='Exp. T''bal.'!#REF! -> #REF! | I106: ='Exp. T''bal.'!F37 -> 3990.2 | J106: =I106/E106 -> 0.44335556 | L106: ='Exp. T''bal.'!I37 -> 8569 | M106: ='Exp. T''bal.'!J37 -> 0 | N106: =M106/L106 -> 0
E108: =SUM(E103:E107) -> 2154514 | F108: =SUM(F103:F106) -> #REF! | G108: =SUM(G103:G106) -> #REF! | H108: =SUM(H103:H106) -> #REF! | I108: =SUM(I103:I107) -> 1631630.7 | J108: =I108/E108 -> 0.75730801 | L108: =SUM(L103:L106) -> 1944808.1 | M108: =SUM(M103:M106) -> 777941.64 | N108: =M108/L108 -> 0.40000947
B110: 2200000 | D110: Use of Goods & Services
B112: 2210100 | D112: Materials & Office Consumables | E112: ='Exp. T''bal.'!E58 -> 665977 | F112: ='Exp. T''bal.'!#REF! -> #REF! | G112: ='Exp. T''bal.'!#REF! -> #REF! | H112: ='Exp. T''bal.'!#REF! -> #REF! | I112: ='Exp. T''bal.'!F58 -> 148975.34 | J112: =I112/E112 -> 0.22369442 | L112: ='Exp. T''bal.'!I58 -> 911294 | M112: ='Exp. T''bal.'!J58 -> 169497.81 | N112: =M112/L112 -> 0.18599685
B113: 2210200 | D113: Utilities | E113: ='Exp. T''bal.'!E69 -> 359936 | F113: ='Exp. T''bal.'!#REF! -> #REF! | G113: ='Exp. T''bal.'!#REF! -> #REF! | H113: ='Exp. T''bal.'!#REF! -> #REF! | I113: ='Exp. T''bal.'!F69 -> 140997 | J113: =I113/E113 -> 0.39172797 | L113: ='Exp. T''bal.'!I69 -> 140400 | M113: ='Exp. T''bal.'!J69 -> 112317.2 | N113: =M113/L113 -> 0.79998006
B114: 2210300 | D114: General Cleaning | E114: ='Exp. T''bal.'!E74 -> 3000 | F114: ='Exp. T''bal.'!#REF! -> #REF! | G114: ='Exp. T''bal.'!#REF! -> #REF! | H114: ='Exp. T''bal.'!#REF! -> #REF! | I114: ='Exp. T''bal.'!F74 -> 1558.2 | J114: =I114/E114 -> 0.5194 | L114: ='Exp. T''bal.'!I74 -> 3000 | M114: ='Exp. T''bal.'!J74 -> 345 | N114: =M114/L114 -> 0.115
B115: 2210400 | D115: Rentals | E115: ='Exp. T''bal.'!E79 -> 0 | F115: ='Exp. T''bal.'!#REF! -> #REF! | G115: ='Exp. T''bal.'!#REF! -> #REF! | H115: ='Exp. T''bal.'!#REF! -> #REF! | I115: ='Exp. T''bal.'!F79 -> 0 | J115: - | L115: ='Exp. T''bal.'!I79 -> 19000 | M115: ='Exp. T''bal.'!J79 -> 8492.77 | N115: =M115/L115 -> 0.44698789
B116: 2210500 | D116: Travel & Transport | E116: ='Exp. T''bal.'!E88 -> 234844 | F116: ='Exp. T''bal.'!#REF! -> #REF! | G116: ='Exp. T''bal.'!#REF! -> #REF! | H116: ='Exp. T''bal.'!#REF! -> #REF! | I116: ='Exp. T''bal.'!F88 -> 161605.09 | J116: =I116/E116 -> 0.68813804 | L116: ='Exp. T''bal.'!I88 -> 197000 | M116: ='Exp. T''bal.'!J88 -> 217364.55 | N116: =M116/L116 -> 1.1033734
B117: 2210600 | D117: Repairs & Maintenance | E117: ='Exp. T''bal.'!E102 -> 311707 | F117: ='Exp. T''bal.'!#REF! -> #REF! | G117: ='Exp. T''bal.'!#REF! -> #REF! | H117: ='Exp. T''bal.'!#REF! -> #REF! | I117: ='Exp. T''bal.'!F102 -> 364010.75 | J117: =I117/E117 -> 1.1677978 | L117: ='Exp. T''bal.'!I102 -> 572300 | M117: ='Exp. T''bal.'!J102 -> 368095.4 | N117: =M117/L117 -> 0.64318609
B118: 2210700 | D118: Traning, Seminar & Confer. Cost | E118: ='Exp. T''bal.'!E114 -> 401553 | F118: ='Exp. T''bal.'!#REF! -> #REF! | G118: ='Exp. T''bal.'!#REF! -> #REF! | H118: ='Exp. T''bal.'!#REF! -> #REF! | I118: ='Exp. T''bal.'!F114 -> 240853.95 | J118: =I118/E118 -> 0.59980613 | L118: ='Exp. T''bal.'!I114 -> 348000 | M118: ='Exp. T''bal.'!J114 -> 292038.55 | N118: =M118/L118 -> 0.83919124
B119: 2210800 | D119: Consultancy Expenses | E119: ='Exp. T''bal.'!E119 -> 90520 | F119: ='Exp. T''bal.'!#REF! -> #REF! | G119: ='Exp. T''bal.'!#REF! -> #REF! | H119: ='Exp. T''bal.'!#REF! -> #REF! | I119: ='Exp. T''bal.'!F119 -> 85360.37 | J119: =I119/E119 -> 0.94300011 | L119: ='Exp. T''bal.'!I119 -> 0 | M119: ='Exp. T''bal.'!J119 -> 0 | N119: -
B120: 2210900 | D120: Special Services | E120: ='Exp. T''bal.'!E126 -> 113500 | F120: ='Exp. T''bal.'!#REF! -> #REF! | G120: ='Exp. T''bal.'!#REF! -> #REF! | H120: ='Exp. T''bal.'!#REF! -> #REF! | I120: ='Exp. T''bal.'!F126 -> 97668.4 | J120: =I120/E120 -> 0.86051454 | L120: ='Exp. T''bal.'!I126 -> 152000 | M120: ='Exp. T''bal.'!J126 -> 108221 | N120: =M120/L120 -> 0.71198026
B121: 2211100 | D121: Other Charges & Fees | E121: ='Exp. T''bal.'!E131 -> 6000 | F121: ='Exp. T''bal.'!#REF! -> #REF! | G121: ='Exp. T''bal.'!#REF! -> #REF! | H121: ='Exp. T''bal.'!#REF! -> #REF! | I121: ='Exp. T''bal.'!F131 -> 5377.7 | J121: =I121/E121 -> 0.89628333 | L121: ='Exp. T''bal.'!I131 -> 11000 | M121: ='Exp. T''bal.'!J131 -> 11442.09 | N121: =M121/L121 -> 1.04019
B122: 2212200 | D122: Emergency Services | E122: ='Exp. T''bal.'!E136 -> 0 | F122: ='Exp. T''bal.'!#REF! -> #REF! | G122: ='Exp. T''bal.'!#REF! -> #REF! | H122: ='Exp. T''bal.'!#REF! -> #REF! | I122: ='Exp. T''bal.'!F136 -> 0 | J122: - | L122: ='Exp. T''bal.'!I136 -> 133000 | M122: ='Exp. T''bal.'!J136 -> 69590.4 | N122: =M122/L122 -> 0.52323609
E124: =SUM(E112:E123) -> 2187037 | F124: =SUM(F111:F122) -> #REF! | G124: =SUM(G111:G122) -> #REF! | H124: =SUM(H111:H122) -> #REF! | I124: =SUM(I112:I123) -> 1246406.8 | J124: =I124/E124 -> 0.56990659 | L124: =SUM(L111:L122) -> 2486994 | M124: =SUM(M111:M122) -> 1357404.8 | N124: =M124/L124 -> 0.54580139
B126: 2300000 | D126: Consumption of Fixed Capital [GFS]
B128: 2311100 | D128: Consumption of Fixed Capital [GFS] | E128: ='Exp. T''bal.'!E145 -> 0 | F128: ='Exp. T''bal.'!#REF! -> #REF! | G128: ='Exp. T''bal.'!#REF! -> #REF! | H128: ='Exp. T''bal.'!#REF! -> #REF! | I128: ='Exp. T''bal.'!F145 -> 0 | J128: - | L128: ='Exp. T''bal.'!I145 -> 0 | M128: ='Exp. T''bal.'!J145 -> 0 | N128: -
E130: =SUM(E128:E129) -> 0 | F130: =SUM(F128:F129) -> #REF! | G130: =SUM(G128:G129) -> #REF! | H130: =SUM(H128:H129) -> #REF! | I130: =SUM(I128:I129) -> 0 | J130: - | L130: =SUM(L128:L129) -> 0 | M130: =SUM(M128:M129) -> 0 | N130: -
B132: 2600000 | D132: Grants
B134: 2631100 | D134: Grant Current | E134: ='Exp. T''bal.'!E154 -> 0 | F134: ='Exp. T''bal.'!#REF! -> #REF! | G134: ='Exp. T''bal.'!#REF! -> #REF! | H134: ='Exp. T''bal.'!#REF! -> #REF! | I134: ='Exp. T''bal.'!F154 -> 0 | J134: - | L134: ='Exp. T''bal.'!I154 -> 0 | M134: ='Exp. T''bal.'!J154 -> 0 | N134: -
E136: =SUM(E133:E134) -> 0 | F136: =SUM(F133:F134) -> #REF! | G136: =SUM(G133:G134) -> #REF! | H136: =SUM(H133:H134) -> #REF! | I136: =SUM(I133:I134) -> 0 | J136: - | L136: =SUM(L133:L134) -> 0 | M136: =SUM(M133:M134) -> 0 | N136: -
B138: 2700000 | D138: Social Benefits [GFS]
B140: 2721100 | D140: Social Assistance Benefits in Cash | E140: ='Exp. T''bal.'!E161 -> 9850 | I140: ='Exp. T''bal.'!F161 -> 0 | J140: =I140/E140 -> 0 | L140: ='Exp. T''bal.'!I163 -> 0 | M140: ='Exp. T''bal.'!J163 -> 0 | N140: -
B141: 2731100 | D141: Employer Social Benefits in Cash | E141: ='Exp. T''bal.'!E170 -> 12569 | F141: ='Exp. T''bal.'!#REF! -> #REF! | G141: ='Exp. T''bal.'!#REF! -> #REF! | H141: ='Exp. T''bal.'!#REF! -> #REF! | I141: ='Exp. T''bal.'!F170 -> 5125 | J141: =I141/E141 -> 0.40774922 | L141: ='Exp. T''bal.'!I170 -> 5500 | M141: ='Exp. T''bal.'!J170 -> 3945 | N141: =M141/L141 -> 0.71727273
E143: =SUM(E139:E141) -> 22419 | F143: =SUM(F139:F141) -> #REF! | G143: =SUM(G139:G141) -> #REF! | H143: =SUM(H139:H141) -> #REF! | I143: =SUM(I139:I141) -> 5125 | J143: =I143/E143 -> 0.22860074 | L143: =SUM(L139:L141) -> 5500 | M143: =SUM(M139:M141) -> 3945 | N143: =M143/L143 -> 0.71727273
B145: 2800000 | D145: Other Expense
B147: 2821100 | D147: General Expenses | E147: ='Exp. T''bal.'!E188 -> 1278583 | F147: ='Exp. T''bal.'!#REF! -> #REF! | G147: ='Exp. T''bal.'!#REF! -> #REF! | H147: ='Exp. T''bal.'!#REF! -> #REF! | I147: ='Exp. T''bal.'!F188 -> 680072.9 | J147: =I147/E147 -> 0.53189578 | L147: ='Exp. T''bal.'!I188 -> 815600 | M147: ='Exp. T''bal.'!J188 -> 860354.75 | N147: =M147/L147 -> 1.0548734
E149: =SUM(E146:E147) -> 1278583 | F149: =SUM(F146:F147) -> #REF! | G149: =SUM(G146:G147) -> #REF! | H149: =SUM(H146:H147) -> #REF! | I149: =SUM(I146:I147) -> 680072.9 | J149: =I149/E149 -> 0.53189578 | L149: =SUM(L146:L147) -> 815600 | M149: =SUM(M146:M147) -> 860354.75 | N149: =M149/L149 -> 1.0548734
B151: 3110000 | D151: Fixed Assets
B153: 3111000 | D153: Dwellings | E153: ='Exp. T''bal.'!E197 -> 521561 | F153: ='Exp. T''bal.'!#REF! -> #REF! | G153: ='Exp. T''bal.'!#REF! -> #REF! | H153: ='Exp. T''bal.'!#REF! -> #REF! | I153: ='Exp. T''bal.'!F197 -> 578193.37 | J153: =I153/E153 -> 1.1085824 | L153: ='Exp. T''bal.'!I197 -> 1550000 | M153: ='Exp. T''bal.'!J197 -> 1775543 | N153: =M153/L153 -> 1.1455116
B154: 3111150 | D154: WIP-Dwellings | E154: ='Exp. T''bal.'!E202 -> 264541 | F154: ='Exp. T''bal.'!#REF! -> #REF! | G154: ='Exp. T''bal.'!#REF! -> #REF! | H154: ='Exp. T''bal.'!#REF! -> #REF! | I154: ='Exp. T''bal.'!F202 -> 4315.04 | J154: =I154/E154 -> 0.016311422 | L154: ='Exp. T''bal.'!I202 -> 0 | M154: ='Exp. T''bal.'!J202 -> 0 | N154: -
B155: 3111200 | D155: Non Residential Buildings | E155: ='Exp. T''bal.'!E210 -> 927382 | F155: ='Exp. T''bal.'!#REF! -> #REF! | G155: ='Exp. T''bal.'!#REF! -> #REF! | H155: ='Exp. T''bal.'!#REF! -> #REF! | I155: ='Exp. T''bal.'!F210 -> 753186.99 | J155: =I155/E155 -> 0.81216477 | L155: ='Exp. T''bal.'!I210 -> 1543000 | M155: ='Exp. T''bal.'!J210 -> 921582.67 | N155: =M155/L155 -> 0.5972668
B156: 3111250 | D156: WIP-Non-Residential Building | E156: ='Exp. T''bal.'!E215 -> 535253 | F156: ='Exp. T''bal.'!#REF! -> #REF! | G156: ='Exp. T''bal.'!#REF! -> #REF! | H156: ='Exp. T''bal.'!#REF! -> #REF! | I156: ='Exp. T''bal.'!F215 -> 131911.53 | J156: =I156/E156 -> 0.24644706 | L156: ='Exp. T''bal.'!I215 -> 0 | M156: ='Exp. T''bal.'!J215 -> 0 | N156: -
B157: 3111300 | D157: Other Structures | E157: ='Exp. T''bal.'!E224 -> 1072275 | F157: ='Exp. T''bal.'!#REF! -> #REF! | G157: ='Exp. T''bal.'!#REF! -> #REF! | H157: ='Exp. T''bal.'!#REF! -> #REF! | I157: ='Exp. T''bal.'!F224 -> 677676.5 | J157: =I157/E157 -> 0.63199879 | L157: ='Exp. T''bal.'!I224 -> 670000 | M157: ='Exp. T''bal.'!J224 -> 318731.3 | N157: =M157/L157 -> 0.47571836
B158: 3111350 | D158: WIP-Other Structures | E158: ='Exp. T''bal.'!E229 -> 36385 | F158: ='Exp. T''bal.'!#REF! -> #REF! | G158: ='Exp. T''bal.'!#REF! -> #REF! | H158: ='Exp. T''bal.'!#REF! -> #REF! | I158: ='Exp. T''bal.'!F229 -> 0 | J158: =I158/E158 -> 0 | L158: ='Exp. T''bal.'!I229 -> 0 | M158: ='Exp. T''bal.'!J229 -> 0 | N158: -
B159: 3112100 | D159: Transport Equipment | E159: ='Exp. T''bal.'!E234 -> 130000 | F159: ='Exp. T''bal.'!#REF! -> #REF! | G159: ='Exp. T''bal.'!#REF! -> #REF! | H159: ='Exp. T''bal.'!#REF! -> #REF! | I159: ='Exp. T''bal.'!F234 -> 0 | J159: =I159/E159 -> 0 | L159: ='Exp. T''bal.'!I234 -> 50000 | M159: ='Exp. T''bal.'!J234 -> 0 | N159: =M159/L159 -> 0
B160: 3112150 | D160: WIP-Transport Equipment | E160: ='Exp. T''bal.'!E239 -> 0 | F160: ='Exp. T''bal.'!#REF! -> #REF! | G160: ='Exp. T''bal.'!#REF! -> #REF! | H160: ='Exp. T''bal.'!#REF! -> #REF! | I160: ='Exp. T''bal.'!F239 -> 0 | J160: - | L160: ='Exp. T''bal.'!I239 -> 0 | M160: ='Exp. T''bal.'!J239 -> 0 | N160: -
B161: 3112200 | D161: Other Machinery and Equipment | E161: ='Exp. T''bal.'!E244 -> 0 | F161: ='Exp. T''bal.'!#REF! -> #REF! | G161: ='Exp. T''bal.'!#REF! -> #REF! | H161: ='Exp. T''bal.'!#REF! -> #REF! | I161: ='Exp. T''bal.'!F244 -> 0 | J161: - | L161: ='Exp. T''bal.'!I244 -> 944476.05 | M161: ='Exp. T''bal.'!J244 -> 82559.42 | N161: =M161/L161 -> 0.087412931
B162: 3112250 | D162: WIP-Other Machinery & Equipment | E162: ='Exp. T''bal.'!E249 -> 0 | F162: ='Exp. T''bal.'!#REF! -> #REF! | G162: ='Exp. T''bal.'!#REF! -> #REF! | H162: ='Exp. T''bal.'!#REF! -> #REF! | I162: ='Exp. T''bal.'!F249 -> 0 | J162: - | L162: ='Exp. T''bal.'!I249 -> 0 | M162: ='Exp. T''bal.'!J249 -> 0 | N162: -
B163: 3113100 | D163: Infrastructure Assets | E163: ='Exp. T''bal.'!E256 -> 300000 | F163: ='Exp. T''bal.'!#REF! -> #REF! | G163: ='Exp. T''bal.'!#REF! -> #REF! | H163: ='Exp. T''bal.'!#REF! -> #REF! | I163: ='Exp. T''bal.'!F256 -> 0 | J163: =I163/E163 -> 0 | L163: ='Exp. T''bal.'!I256 -> 80000 | M163: ='Exp. T''bal.'!J256 -> 6700 | N163: =M163/L163 -> 0.08375
B164: 3113150 | D164: WIP-Infrastructure Assets | E164: ='Exp. T''bal.'!E261 -> 0 | F164: ='Exp. T''bal.'!#REF! -> #REF! | G164: ='Exp. T''bal.'!#REF! -> #REF! | H164: ='Exp. T''bal.'!#REF! -> #REF! | I164: ='Exp. T''bal.'!F261 -> 0 | J164: - | L164: ='Exp. T''bal.'!I261 -> 0 | M164: ='Exp. T''bal.'!J261 -> 0 | N164: -
E166: =SUM(E153:E164) -> 3787397 | F166: =SUM(F153:F164) -> #REF! | G166: =SUM(G153:G164) -> #REF! | H166: =SUM(H153:H164) -> #REF! | I166: =SUM(I153:I165) -> 2145283.4 | J166: =I166/E166 -> 0.56642687 | L166: =SUM(L153:L164) -> 4837476 | M166: =SUM(M153:M164) -> 3105116.4 | N166: =M166/L166 -> 0.6418877
B169: GRAND TOTAL | E169: =SUM(E166,E149,E143,E136,E130,E124,E108) -> 9429950 | F169: =SUM(F166,F149,F143,F136,F130,F124,F108,#REF!) -> #REF! | G169: =SUM(G166,G149,G143,G136,G130,G124,G108,#REF!) -> #REF! | H169: =SUM(H166,H149,H143,H136,H130,H124,H108,#REF!) -> #REF! | I169: =SUM(I166,I149,I143,I136,I130,I124,I108) -> 5708518.8 | J169: =I169/E169 -> 0.60536046 | L169: =SUM(L166,L149,L143,L136,L130,L124,L108) -> 10090378 | M169: =SUM(M166,M149,M143,M136,M130,M124,M108) -> 6104762.5 | N169: =M169/L169 -> 0.6050083

Sheet Rev. T'bal.
B2: ='Bal. Sht'!B2:F2 -> ~ 0215100 - KOMENDA-EDINA-EGUAFO-ABREM MUNICIPAL ASSEMBLY ~
B3: ANNUAL COMPARATIVE STATEMENT OF REVENUE AS AT THE YEAR
B4: ='Bal. Sht'!B4:F4 -> 31st DECEMBER 2017
E7: ='Bal. Sht'!D6 -> 2017 | F7: ='Bal. Sht'!D6 -> 2017 | G7: % OF | I7: 2016 | J7: 2016 | K7: % OF
B8: REVENUE ITEMS | E8: ANNUAL BUDGET | F8: ='Re. & Pay.'!E7 -> CUMM. ACTUAL | G8: ACTUAL | I8: ANNUAL BUDGET | J8: ='Re. & Pay.'!J7 -> CUMM. ACTUAL | K8: ACTUAL
E9: ='Rec. & Pay.'!D8 -> GH¢ | F9: =E9 -> GH¢ | G9: % | I9: GH¢ | J9: =I9 -> GH¢ | K9: %
B11: =Summarys!B10 -> 1100000 | C11: =Summarys!D10 -> Taxes
B13: =Summarys!B41 -> 1131000 | C13: =Summarys!D41 -> Rates
B14: =REVENUE!C80 -> 1131001 | C14: =VLOOKUP(B14,REVENUE!C:D,2,FALSE) -> Basic Rates | E14: 1500 | F14: 2197 | G14: =F14/E14 -> 1.4646667 | I14: 1500 | J14: 0 | K14: =J14/I14 -> 0
B15: 1131002 | C15: =VLOOKUP(B15,REVENUE!C:D,2,FALSE) -> Property Rates | E15: 169565 | F15: 163246.51 | G15: =F15/E15 -> 0.96273706 | I15: 124560 | J15: 125466.84 | K15: =J15/I15 -> 1.0072803
B16: 1131003 | C16: =VLOOKUP(B16,REVENUE!C:D,2,FALSE) -> Property Rate Arrears | E16: 0 | F16: 5135.7 | G16: - | I16: 45005 | J16: 300 | K16: =J16/I16 -> 0.006665926
C18: SUB SUB - TOTAL | E18: =SUM(E14:E17) -> 171065 | F18: =SUM(F14:F17) -> 170579.21 | G18: =SUM(G14:G16) -> 2.4274037 | I18: =SUM(I14:I17) -> 171065 | J18: =SUM(J14:J17) -> 125766.84 | K18: =J18/I18 -> 0.73519913
C20: SUB - TOTAL | E20: =SUM(E18) -> 171065 | F20: =SUM(F18) -> 170579.21 | G20: =F20/E20 -> 0.9971602 | I20: =SUM(I18) -> 171065 | J20: =SUM(J18) -> 125766.84 | K20: =J20/I20 -> 0.73519913
B22: =Summarys!B11 -> 1300000 | C22: =Summarys!D11 -> Donor Grants & Reliefs
B24: =Summarys!B47 -> 1331000 | C24: =Summarys!D47 -> Grants - Districts
B25: =REVENUE!C209 -> 1331001 | C25: =VLOOKUP(B25,REVENUE!C:D,2,FALSE) -> Central Government - GOG Paid Salaries | E25: 1945168 | F25: 1445415.8 | G25: =F25/E25 -> 0.74308019 | I25: 1790106.4 | J25: 651773.66 | K25: =J25/I25 -> 0.36409771
B26: =REVENUE!C210 -> 1331002 | C26: DACF/PWD - Assembly | E26: 0 | F26: 0 | G26: - | I26: 65280 | J26: 92700.06 | K26: =J26/I26 -> 1.4200377
B27: 1331003 | C27: =VLOOKUP(B27,REVENUE!C:D,2,FALSE) -> DACF - MP | E27: 345005 | F27: 218412.34 | G27: =F27/E27 -> 0.63307007 | I27: 345005 | J27: 99526.81 | K27: =J27/I27 -> 0.28847933
B28: =REVENUE!C212 -> 1331004 | C28: =VLOOKUP(B28,REVENUE!C:D,2,FALSE) -> Ceded Revenue | E28: 0 | F28: 0 | G28: - | I28: 0 | J28: 0 | K28: -
B29: 1331005 | C29: =VLOOKUP(B29,REVENUE!C:D,2,FALSE) -> HIPC | E29: 0 | F29: 0 | G29: - | I29: 0 | J29: 0 | K29: -
B30: 1331006 | C30: =VLOOKUP(B30,REVENUE!C:D,2,FALSE) -> Sanitation Fund | E30: 0 | F30: 0 | G30: - | I30: 0 | J30: 0 | K30: -
B31: 1331008 | C31: =VLOOKUP(B31,REVENUE!C:D,2,FALSE) -> Ghana School Feeding Prog./HIV AIDS, etc | E31: 0 | F31: 0 | G31: - | I31: 701294 | J31: 1600 | K31: =J31/I31 -> 0.0022814968
B32: 1331009 | C32: =VLOOKUP(B32,REVENUE!C:D,2,FALSE) -> G and S (Decent. Depts) GOG | E32: 80028 | F32: 28581 | G32: =F32/E32 -> 0.3571375 | I32: 54318.1 | J32: 16544 | K32: =J32/I32 -> 0.30457619
B33: 1331010 | C33: =VLOOKUP(B33,REVENUE!C:D,2,FALSE) -> DDF Related Recurrent transfers(cap. Build) | E33: 51413 | F33: 0 | G33: =F33/E33 -> 0 | I33: 302586.46 | J33: 0 | K33: =J33/I33 -> 0
B34: 1332001 | C34: =VLOOKUP(B34,REVENUE!C:D,2,FALSE) -> DACF Direct transfers | E34: 3351514.5 | F34: 1518203.2 | G34: =F34/E34 -> 0.45299018 | I34: 3225936 | J34: 2279842.9 | K34: =J34/I34 -> 0.70672291
B35: 1332003 | C35: =VLOOKUP(B35,REVENUE!C:D,2,FALSE) -> Sector specific Transfers(Decent. Depts) | E35: 0 | F35: 0 | G35: - | I35: 0 | J35: 0 | K35: -
B36: 1332004 | C36: =VLOOKUP(B36,REVENUE!C:D,2,FALSE) -> DDF (Investments) | E36: 538260 | F36: 0 | G36: =F36/E36 -> 0 | I36: 613256 | J36: 852709 | K36: =J36/I36 -> 1.3904617
B37: 1332005 | C37: UDG Transfer - Capital Dev't Project | E37: 2049977.2 | F37: 1415223.2 | G37: =F37/E37 -> 0.69036044 | I37: 2243394.5 | J37: 1981666.3 | K37: =J37/I37 -> 0.88333386
B38: 1332006 | C38: =VLOOKUP(B38,REVENUE!C:D,2,FALSE) -> Other Donor Funded Grants | E38: 292700 | F38: 392856.77 | G38: =F38/E38 -> 1.3421823 | I38: 142700 | J38: 70613.27 | K38: =J38/I38 -> 0.49483721
C40: SUB SUB - TOTAL | E40: =SUM(E25:E38) -> 8654065.7 | F40: =SUM(F25:F38) -> 5018692.2 | G40: =F40/E40 -> 0.57992306 | I40: =SUM(I25:I39) -> 9483876.5 | J40: =SUM(J25:J39) -> 6046976 | K40: =J40/I40 -> 0.63760594
C42: SUB - TOTAL | E42: =SUM(E40) -> 8654065.7 | F42: =SUM(F40) -> 5018692.2 | G42: =F42/E42 -> 0.57992306 | I42: =I40 -> 9483876.5 | J42: =J40 -> 6046976 | K42: =J42/I42 -> 0.63760594
B44: =Summarys!B12 -> 1400000 | C44: =Summarys!D12 -> Other Revenue
B46: =Summarys!B53 -> 1412000 | C46: =Summarys!D53 -> Lands & Royalities
B47: 1412002 | C47: =VLOOKUP(B47,REVENUE!C:D,2,FALSE) -> Concessions | E47: 500 | F47: 0 | G47: =F47/E47 -> 0 | I47: 500 | J47: 0 | K47: =J47/I47 -> 0
B48: 1412004 | C48: =VLOOKUP(B48,REVENUE!C:D,2,FALSE) -> Sale of Building Permit Jacket | E48: 77571.97 | F48: 13476 | G48: =F48/E48 -> 0.17372254 | I48: 9280 | J48: 4600 | K48: =J48/I48 -> 0.49568966
B49: 1412007 | C49: =VLOOKUP(B49,REVENUE!C:D,2,FALSE) -> Building Plans / Permit | E49: 40320 | F49: 112747 | G49: =F49/E49 -> 2.7963046 | I49: 40320 | J49: 83473.53 | K49: =J49/I49 -> 2.070276
B50: 1412009 | C50: =VLOOKUP(B50,REVENUE!C:D,2,FALSE) -> Comm. Mast Permit | E50: 6000 | F50: 56720.86 | G50: =F50/E50 -> 9.4534767 | I50: 6000 | J50: 0 | K50: =J50/I50 -> 0
F51: 0
C52: SUB SUB - TOTAL | E52: =SUM(E47:E51) -> 124391.97 | F52: =SUM(F47:F51) -> 182943.86 | G52: =F52/E52 -> 1.4707047 | I52: =SUM(I47:I51) -> 56100 | J52: =SUM(J47:J51) -> 88073.53 | K52: =J52/I52 -> 1.5699381
B55: =Summarys!B54 -> 1415000 | C55: =Summarys!D54 -> Rents of Land, Buildings & Houses
B56: 1415001 | C56: =VLOOKUP(B56,REVENUE!C:D,2,FALSE) -> Concession Rent | E56: 1200 | F56: 0 | G56: =F56/E56 -> 0 | I56: 1200 | J56: 0 | K56: =J56/I56 -> 0
B57: 1415011 | C57: =VLOOKUP(B57,REVENUE!C:D,2,FALSE) -> Other Investment Income | E57: 10010 | F57: 0 | G57: =F57/E57 -> 0 | I57: 5005 | J57: 240 | K57: =J57/I57 -> 0.047952048
B58: 1415015 | C58: Guest Houses/Bungalow | E58: 14400 | F58: 3700 | G58: =F58/E58 -> 0.25694444 | I58: 14400 | J58: 300 | K58: =J58/I58 -> 0.020833333
B59: 1415019 | C59: =VLOOKUP(B59,REVENUE!C:D,2,FALSE) -> Transit Quarters | E59: 7200 | F59: 2875 | G59: =F59/E59 -> 0.39930556 | I59: 7200 | J59: 9664 | K59: =J59/I59 -> 1.3422222
B60: 1415052 | C60: Stores Rental | E60: 19680 | F60: 29333 | G60: =F60/E60 -> 1.490498 | I60: 0 | J60: 0 | K60: -
C62: SUB SUB - TOTAL | E62: =SUM(E56:E61) -> 52490 | F62: =SUM(F56:F61) -> 35908 | G62: =F62/E62 -> 0.68409221 | I62: =SUM(I56:I61) -> 27805 | J62: =SUM(J56:J61) -> 10204 | K62: =J62/I62 -> 0.36698436
B64: =Summarys!B55 -> 1422000 | C64: =Summarys!D55 -> Licenses
B65: 1422001 | C65: =VLOOKUP(B65,REVENUE!C:D,2,FALSE) -> Pito / Palm Wine Sellers Tapers | E65: 156 | F65: 20 | G65: =F65/E65 -> 0.12820513 | I65: 156 | J65: 540 | K65: =J65/I65 -> 3.4615385
B66: 1422002 | C66: =VLOOKUP(B66,REVENUE!C:D,2,FALSE) -> Herbalist License | E66: 125 | F66: 225 | G66: =F66/E66 -> 1.8 | I66: 125 | J66: 465 | K66: =J66/I66 -> 3.72
B67: 1422003 | C67: =VLOOKUP(B67,REVENUE!C:D,2,FALSE) -> Hawkers License | E67: 300 | F67: 50 | G67: =F67/E67 -> 0.16666667 | I67: 300 | J67: 110 | K67: =J67/I67 -> 0.36666667
B68: 1422005 | C68: =VLOOKUP(B68,REVENUE!C:D,2,FALSE) -> Chop Bar/ Restaurants | E68: 1600 | F68: 45 | G68: =F68/E68 -> 0.028125 | I68: 1600 | J68: 40 | K68: =J68/I68 -> 0.025
B69: 1422006 | C69: =VLOOKUP(B69,REVENUE!C:D,2,FALSE) -> Corn / Rice / Flour Miller | E69: 120 | F69: 125 | G69: =F69/E69 -> 1.0416667 | I69: 120 | J69: 85 | K69: =J69/I69 -> 0.70833333
B70: 1422007 | C70: =VLOOKUP(B70,REVENUE!C:D,2,FALSE) -> Liquor License | E70: 4200 | F70: 8020 | G70: =F70/E70 -> 1.9095238 | I70: 4200 | J70: 6135 | K70: =J70/I70 -> 1.4607143
B71: 1422008 | C71: =VLOOKUP(B71,REVENUE!C:D,2,FALSE) -> Letter Writer License | E71: 150 | F71: 20 | G71: =F71/E71 -> 0.13333333 | I71: 150 | J71: 0 | K71: =J71/I71 -> 0
B72: 1422009 | C72: =VLOOKUP(B72,REVENUE!C:D,2,FALSE) -> Bakers License | E72: 150 | F72: 380 | G72: =F72/E72 -> 2.5333333 | I72: 150 | J72: 185 | K72: =J72/I72 -> 1.2333333
B73: 1422011 | C73: =VLOOKUP(B73,REVENUE!C:D,2,FALSE) -> Artisan / Self Employed | E73: 4425 | F73: 6615 | G73: =F73/E73 -> 1.4949153 | I73: 4425 | J73: 4265 | K73: =J73/I73 -> 0.96384181
B74: 1422012 | C74: =VLOOKUP(B74,REVENUE!C:D,2,FALSE) -> Kiosk License | E74: 5000 | F74: 3632 | G74: =F74/E74 -> 0.7264 | I74: 5000 | J74: 16215 | K74: =J74/I74 -> 3.243
B75: 1422013 | C75: =VLOOKUP(B75,REVENUE!C:D,2,FALSE) -> Sand and Stone Conts. License | E75: 1500 | F75: 0 | G75: =F75/E75 -> 0 | I75: 1500 | J75: 1635 | K75: =J75/I75 -> 1.09
B76: 1422014 | C76: =VLOOKUP(B76,REVENUE!C:D,2,FALSE) -> Charcoal / Firewood Dealers | E76: 150 | F76: 0 | G76: =F76/E76 -> 0 | I76: 150 | J76: 0 | K76: =J76/I76 -> 0
... B88: 1422044 | C88: =VLOOKUP(B88,REVENUE!C:D,2,FALSE) -> Financial Institutions | E88: 9600 | F88: 2400 | G88: =F88/E88 -> 0.25 | I88: 9600 | J88: 6850 | K88: =J88/I88 -> 0.71354167
B89: 1422069 | C89: =VLOOKUP(B89,REVENUE!C:D,2,FALSE) -> Open Spaces / Parks | E89: 1500 | F89: 3650 | G89: =F89/E89 -> 2.4333333 | I89: 0 | J89: 1522 | K89: -
B90: 1422071 | C90: Business Providers (B.O.P) | E90: 40000 | F90: 31000 | G90: =F90/E90 -> 0.775 | I90: 20000 | J90: 24000 | K90: =J90/I90 -> 1.2
B91: 1422072 | C91: =VLOOKUP(B91,REVENUE!C:D,2,FALSE) -> Registration of Contracts / Building / Road | E91: 1500 | F91: 39101 | G91: =F91/E91 -> 26.067333 | I91: 1500 | J91: 15760 | K91: =J91/I91 -> 10.506667
C93: SUB SUB - TOTAL | E93: =SUM(E65:E92) -> 115911 | F93: =SUM(F65:F92) -> 138819 | G93: =F93/E93 -> 1.1976344 | I93: =SUM(I65:I92) -> 94411 | J93: =SUM(J65:J92) -> 129752 | K93: =J93/I93 -> 1.3743314
B95: =Summarys!B56 -> 1423000 | C95: =Summarys!D56 -> Fees
B96: =REVENUE!C410 -> 1423001 | C96: =VLOOKUP(B96,REVENUE!C:D,2,FALSE) -> Markets | E96: 184586.31 | F96: 105020.5 | G96: =F96/E96 -> 0.56895064 | I96: 129680 | J96: 80645.5 | K96: =J96/I96 -> 0.62188078
A97: ` | B97: 1423002 | C97: =VLOOKUP(B97,REVENUE!C:D,2,FALSE) -> Livestock / Kraals/Cattle | E97: 200 | F97: 99 | G97: =F97/E97 -> 0.495 | I97: 0 | J97: 0 | K97: -
B98: 1423004 | C98: =VLOOKUP(B98,REVENUE!C:D,2,FALSE) -> Poultry Fee | E98: 0 | F98: 370 | G98: - | I98: 200 | J98: 2560 | K98: =J98/I98 -> 12.8
B99: 1423006 | C99: =VLOOKUP(B99,REVENUE!C:D,2,FALSE) -> Burial Fee | E99: 4900 | F99: 5794 | G99: =F99/E99 -> 1.182449 | I99: 4900 | J99: 5342 | K99: =J99/I99 -> 1.0902041
B100: 1423009 | C100: =VLOOKUP(B100,REVENUE!C:D,2,FALSE) -> Advertisement / Bill Boards | E100: 2500 | F100: 1815 | G100: =F100/E100 -> 0.726 | I100: 2500 | J100: 670 | K100: =J100/I100 -> 0.268
B101: 1423010 | C101: =VLOOKUP(B101,REVENUE!C:D,2,FALSE) -> Export of Commodities | E101: 300 | F101: 675 | G101: =F101/E101 -> 2.25 | I101: 300 | J101: 145 | K101: =J101/I101 -> 0.48333333
B102: 1423011 | C102: =VLOOKUP(B102,REVENUE!C:D,2,FALSE) -> Marriage / Divorce Registration | E102: 2400 | F102: 4416.5 | G102: =F102/E102 -> 1.8402083 | I102: 2400 | J102: 2448 | K102: =J102/I102 -> 1.02
B103: 1423013 | C103: =VLOOKUP(B103,REVENUE!C:D,2,FALSE) -> Dustin Clearance | E103: 0 | F103: 0 | G103: - | I103: 34560 | J103: 410 | K103: =J103/I103 -> 0.011863426
B104: 1423014 | C104: =VLOOKUP(B104,REVENUE!C:D,2,FALSE) -> Dislodging Fee | E104: 50560 | F104: 4550 | G104: =F104/E104 -> 0.089992089 | I104: 16000 | J104: 8165 | K104: =J104/I104 -> 0.5103125
B105: 1423017 | C105: =VLOOKUP(B105,REVENUE!C:D,2,FALSE) -> Conservancy | E105: 400 | F105: 2745 | G105: =F105/E105 -> 6.8625 | I105: 400 | J105: 588 | K105: =J105/I105 -> 1.47
B106: 1423132 | C106: =VLOOKUP(B106,REVENUE!C:D,2,FALSE) -> Contractors registration Fee | E106: 3200 | F106: 7600 | G106: =F106/E106 -> 2.375 | I106: 3200 | J106: 6750 | K106: =J106/I106 -> 2.109375
B107: 1423527 | C107: =VLOOKUP(B107,REVENUE!C:D,2,FALSE) -> Tender Documents | E107: 12500 | F107: 0 | G107: =F107/E107 -> 0 | I107: 12500 | J107: 10000 | K107: =J107/I107 -> 0.8
C109: SUB SUB - TOTAL | E109: =SUM(E96:E108) -> 261546.31 | F109: =SUM(F96:F108) -> 133085 | G109: =F109/E109 -> 0.50883914 | I109: =SUM(I96:I108) -> 206640 | J109: =SUM(J96:J108) -> 117723.5 | K109: =J109/I109 -> 0.56970335
B111: =Summarys!B57 -> 1430000 | C111: =Summarys!D57 -> Fines, Penalties & Forfeits
B112: 1430001 | C112: =VLOOKUP(B112,REVENUE!C:D,2,FALSE) -> Court Fines | E112: 400 | F112: 3325 | G112: =F112/E112 -> 8.3125 | I112: 400 | J112: 0 | K112: =J112/I112 -> 0
B113: 1430007 | C113: =VLOOKUP(B113,REVENUE!C:D,2,FALSE) -> Lorry Park Fines | E113: 8000 | F113: 25104.5 | G113: =F113/E113 -> 3.1380625 | I113: 8000 | J113: 15387 | K113: =J113/I113 -> 1.923375
C115: SUB SUB - TOTAL | E115: =SUM(E112:E114) -> 8400 | F115: =SUM(F112:F114) -> 28429.5 | G115: =F115/E115 -> 3.3844643 | I115: =SUM(I112:I114) -> 8400 | J115: =SUM(J112:J114) -> 15387 | K115: =J115/I115 -> 1.8317857
B117: =Summarys!B58 -> 1450000 | C117: =Summarys!D58 -> Miscellaneous and Unidentified Revenue
B118: 1450007 | C118: =VLOOKUP(B118,REVENUE!C:D,2,FALSE) -> Other Sundry Recoveries (Unsp. Re.) | E118: 42080 | F118: 29445.86 | G118: =F118/E118 -> 0.69975903 | I118: 42080.6 | J118: 33336.73 | K118: =J118/I118 -> 0.79221138
C120: SUB SUB - TOTAL | E120: =SUM(E118:E119) -> 42080 | F120: =SUM(F118:F119) -> 29445.86 | G120: =F120/E120 -> 0.69975903 | I120: =SUM(I118:I119) -> 42080.6 | J120: =SUM(J118:J119) -> 33336.73 | K120: =J120/I120 -> 0.79221138
C122: SUB - TOTAL | E122: =SUM(E120,E115,E109,E93,E62,E52) -> 604819.28 | F122: =SUM(F120,F115,F109,F93,F62,F52) -> 548631.22 | G122: =F122/E122 -> 0.90709942 | I122: =I120+I115+I109+I93+I62+I52 -> 435436.6 | J122: =J120+J115+J109+J93+J62+J52 -> 394476.76 | K122: =J122/I122 -> 0.90593386
B124: MAIN REVENUE- TOTAL | E124: =SUM(E122,E42,E20) -> 9429950 | F124: =SUM(F122,F42,F20) -> 5737902.7 | G124: =F124/E124 -> 0.60847647 | I124: =SUM(I122,I42,I20) -> 10090378 | J124: =SUM(J122,J42,J20) -> 6567219.6 | K124: =J124/I124 -> 0.65083979

Sheet Exp. T'bal.
I1: `
B2: ='Bal. Sht'!B2:F2 -> ~ 0215100 - KOMENDA-EDINA-EGUAFO-ABREM MUNICIPAL ASSEMBLY ~
B3: ANNUAL COMPARATIVE STATEMENT OF EXPENDITURE FOR THE YEAR ENDED
B4: ='Bal. Sht'!B4:F4 -> 31st DECEMBER 2017
E7: ='Bal. Sht'!D6 -> 2017 | F7: ='Bal. Sht'!D6 -> 2017 | G7: % OF | I7: 2016 | J7: 2016 | K7: % OF
B8: EXPENDITURE ITEMS | E8: ='Rev. T''bal.'!E8 -> ANNUAL BUDGET | F8: ='Rev. T''bal.'!F8 -> CUMM. ACTUAL | G8: ACTUAL | I8: =E8 -> ANNUAL BUDGET | J8: =F8 -> CUMM. ACTUAL | K8: ACTUAL
E9: ='Rec. & Pay.'!D8 -> GH¢ | F9: =E9 -> GH¢ | G9: % | I9: ='Rec. & Pay.'!H8 -> GH¢ | J9: =I9 -> GH¢ | K9: %
B11: =Summarys!B101 -> 2100000 | C11: Compensation of Employees
B13: =Summarys!B103 -> 2111000 | C13: Established Position
B14: 2111001 | C14: =VLOOKUP(B14,EXPENSE!C:D,2,FALSE) -> Established Post | E14: 1945168 | F14: 1445415.8 | G14: =F14/E14 -> 0.74308019 | I14: 1790106.4 | J14: 651773.66 | K14: =J14/I14 -> 0.36409771
C16: SUB SUB - TOTAL | E16: =SUM(E14:E15) -> 1945168 | F16: =SUM(F14:F15) -> 1445415.8 | G16: =F16/E16 -> 0.74308019 | I16: =SUM(I14:I15) -> 1790106.4 | J16: =SUM(J14:J15) -> 651773.66 | K16: =J16/I16 -> 0.36409771
B19: =Summarys!B104 -> 2111100 | C19: Non-Established Post
B20: =EXPENSE!C7 -> 2111102 | C20: =VLOOKUP(B20,EXPENSE!C:D,2,FALSE) -> Monthly Paid & Casual Labour | E20: 120346 | F20: 122724.42 | G20: =F20/E20 -> 1.0197632 | I20: 80682.6 | J20: 83186.18 | K20: =J20/I20 -> 1.03103
C22: SUB SUB - TOTAL | E22: =SUM(E20:E21) -> 120346 | F22: =SUM(F20:F21) -> 122724.42 | G22: =F22/E22 -> 1.0197632 | I22: =SUM(I20:I21) -> 80682.6 | J22: =SUM(J20:J21) -> 83186.18 | K22: =J22/I22 -> 1.03103
B25: =Summarys!B105 -> 2111200 | C25: Other Allowances
B26: 2111224 | C26: =VLOOKUP(B26,EXPENSE!C:D,2,FALSE) -> Traditional Authority Allowance | E26: 10000 | F26: 2000 | G26: =F26/E26 -> 0.2 | I26: 8950 | J26: 950 | K26: =J26/I26 -> 0.10614525
B27: 2111225 | C27: =VLOOKUP(B27,EXPENSE!C:D,2,FALSE) -> Commissions | E27: 45000 | F27: 36448.24 | G27: =F27/E27 -> 0.80996089 | I27: 36000 | J27: 32796.64 | K27: =J27/I27 -> 0.91101778
B28: 2111243 | C28: =VLOOKUP(B28,EXPENSE!C:D,2,FALSE) -> Transfer Grants | E28: 25000 | F28: 21052.04 | G28: =F28/E28 -> 0.8420816 | I28: 8000 | J28: 7744.16 | K28: =J28/I28 -> 0.96802
B29: 2111244 | C29: =VLOOKUP(B29,EXPENSE!C:D,2,FALSE) -> Out of Station Allowance | E29: 0 | F29: 0 | G29: - | I29: 12500 | J29: 1491 | K29: =J29/I29 -> 0.11928
C31: SUB SUB - TOTAL | E31: =SUM(E26:E30) -> 80000 | F31: =SUM(F26:F30) -> 59500.28 | G31: =F31/E31 -> 0.7437535 | I31: =SUM(I26:I30) -> 65450 | J31: =SUM(J26:J30) -> 42981.8 | K31: =J31/I31 -> 0.65671199
B34: =Summarys!B106 -> 2121300 | C34: National Pension Contribution
B35: 2121001 | C35: =VLOOKUP(B35,EXPENSE!C:D,2,FALSE) -> 13% SSF Contribution | E35: 9000 | F35: 3990.2 | G35: =F35/E35 -> 0.44335556 | I35: 8569 | J35: 0 | K35: =J35/I35 -> 0
C37: SUB SUB - TOTAL | E37: =SUM(E35:E36) -> 9000 | F37: =SUM(F35:F36) -> 3990.2 | G37: =F37/E37 -> 0.44335556 | I37: =SUM(I35:I36) -> 8569 | J37: =SUM(J35:J36) -> 0 | K37: =J37/I37 -> 0
C39: SUB - TOTAL | E39: =E37+E31+E22+E16 -> 2154514 | F39: =F37+F31+F22+F16 -> 1631630.7 | G39: =F39/E39 -> 0.75730801 | I39: =I37+I31+I22+I16 -> 1944808.1 | J39: =J37+J31+J22+J16 -> 777941.64 | K39: =J39/I39 -> 0.40000947
B41: =Summarys!B110 -> 2200000 | C41: Use of Goods & Services
B43: =Summarys!B112 -> 2210100 | C43: Materials & Office Consumables
B44: 2210101 | C44: =VLOOKUP(B44,EXPENSE!C:D,2,FALSE) -> Printed Material & Stationery | E44: 35912 | F44: 25698.59 | G44: =F44/E44 -> 0.71559896 | I44: 57000 | J44: 50502.3 | K44: =J44/I44 -> 0.88600526
B45: 2210102 | C45: =VLOOKUP(B45,EXPENSE!C:D,2,FALSE) -> Office Facilities, Supplies & Accessories | E45: 103704 | F45: 23279 | G45: =F45/E45 -> 0.22447543 | I45: 85000 | J45: 70383.55 | K45: =J45/I45 -> 0.82804176
B46: 2210103 | C46: =VLOOKUP(B46,EXPENSE!C:D,2,FALSE) -> Refreshment Items | E46: 40680 | F46: 64220 | G46: =F46/E46 -> 1.5786627 | I46: 0 | J46: 0 | K46: -
B47: 2210104 | C47: =VLOOKUP(B47,EXPENSE!C:D,2,FALSE) -> Medical Supplies | E47: 10000 | F47: 0 | G47: =F47/E47 -> 0 | I47: 0 | J47: 0 | K47: -
B48: 2210105 | C48: =VLOOKUP(B48,EXPENSE!C:D,2,FALSE) -> Drugs | E48: 4500 | F48: 0 | G48: =F48/E48 -> 0 | I48: 0 | J48: 0 | K48: -
B49: 2210107 | C49: =VLOOKUP(B49,EXPENSE!C:D,2,FALSE) -> Electrical Accessories | E49: 8000 | F49: 6296 | G49: =F49/E49 -> 0.787 | I49: 27000 | J49: 26363.96 | K49: =J49/I49 -> 0.97644296
B50: 2210108 | C50: =VLOOKUP(B50,EXPENSE!C:D,2,FALSE) -> Construction Material | E50: 378714 | F50: 296 | G50: =F50/E50 -> 0.00078159244 | I50: 35000 | J50: 19798 | K50: =J50/I50 -> 0.56565714
B51: 2210110 | C51: =VLOOKUP(B51,EXPENSE!C:D,2,FALSE) -> Specialised Stock | E51: 14335 | F51: 15902 | G51: =F51/E51 -> 1.1093129 | I51: 1000 | J51: 0 | K51: =J51/I51 -> 0
B52: 2210111 | C52: =VLOOKUP(B52,EXPENSE!C:D,2,FALSE) -> Other Office Materials and Consumables | E52: 15708 | F52: 2153.75 | G52: =F52/E52 -> 0.13711166 | I52: 0 | J52: 0 | K52: -
B53: 2210113 | C53: =VLOOKUP(B53,EXPENSE!C:D,2,FALSE) -> Feeding Cost | E53: 0 | F53: 0 | G53: - | I53: 701294 | J53: 0 | K53: =J53/I53 -> 0
B54: 2210115 | C54: Textbooks & Library Books & Value Books | E54: 500 | F54: 0 | G54: =F54/E54 -> 0 | I54: 4000 | J54: 2450 | K54: =J54/I54 -> 0.6125
B55: 2210118 | C55: =VLOOKUP(B55,EXPENSE!C:D,2,FALSE) -> Sports, Recreational & Cultural Materials | E55: 20633 | F55: 9380 | G55: =F55/E55 -> 0.45461154 | I55: 1000 | J55: 0 | K55: =J55/I55 -> 0
B56: 2210119 | C56: =VLOOKUP(B56,EXPENSE!C:D,2,FALSE) -> Household Items | E56: 33291 | F56: 1750 | G56: =F56/E56 -> 0.05256676 | I56: 0 | J56: 0 | K56: -
C58: SUB SUB - TOTAL | E58: =SUM(E44:E57) -> 665977 | F58: =SUM(F44:F57) -> 148975.34 | G58: =F58/E58 -> 0.22369442 | I58: =SUM(I44:I57) -> 911294 | J58: =SUM(J44:J57) -> 169497.81 | K58: =J58/I58 -> 0.18599685
B61: =Summarys!B113 -> 2210200 | C61: Utilities
B62: 2210201 | C62: =VLOOKUP(B62,EXPENSE!C:D,2,FALSE) -> Electricity charges | E62: 52500 | F62: 45618 | G62: =F62/E62 -> 0.86891429 | I62: 48000 | J62: 48505 | K62: =J62/I62 -> 1.0105208
B63: 2210202 | C63: =VLOOKUP(B63,EXPENSE!C:D,2,FALSE) -> Water | E63: 3840 | F63: 2377 | G63: =F63/E63 -> 0.61901042 | I63: 11000 | J63: 3200.2 | K63: =J63/I63 -> 0.29092727
B64: 2210203 | C64: =VLOOKUP(B64,EXPENSE!C:D,2,FALSE) -> Telecommunications | E64: 1892 | F64: 811 | G64: =F64/E64 -> 0.42864693 | I64: 400 | J64: 105 | K64: =J64/I64 -> 0.2625
B65: 2210204 | C65: =VLOOKUP(B65,EXPENSE!C:D,2,FALSE) -> Postal Charges | E65: 500 | F65: 436 | G65: =F65/E65 -> 0.872 | I65: 500 | J65: 50 | K65: =J65/I65 -> 0.1
B66: 2210205 | C66: =VLOOKUP(B66,EXPENSE!C:D,2,FALSE) -> Sanitation Charges | E66: 300204 | F66: 91755 | G66: =F66/E66 -> 0.30564216 | I66: 79000 | J66: 60277 | K66: =J66/I66 -> 0.763
B67: 2210206 | C67: =VLOOKUP(B67,EXPENSE!C:D,2,FALSE) -> Armed Guard and Security | E67: 1000 | F67: 0 | G67: =F67/E67 -> 0 | I67: 1500 | J67: 180 | K67: =J67/I67 -> 0.12
C69: SUB SUB - TOTAL | E69: =SUM(E62:E68) -> 359936 | F69: =SUM(F62:F68) -> 140997 | G69: =F69/E69 -> 0.39172797 | I69: =SUM(I62:I68) -> 140400 | J69: =SUM(J62:J68) -> 112317.2 | K69: =J69/I69 -> 0.79998006
B71: =Summarys!B114 -> 2210300 | C71: General Cleaning
B72: 2210301 | C72: =VLOOKUP(B72,EXPENSE!C:D,2,FALSE) -> Cleaning Materials | E72: 3000 | F72: 1558.2 | G72: =F72/E72 -> 0.5194 | I72: 3000 | J72: 345 | K72: =J72/I72 -> 0.115
C74: SUB SUB - TOTAL | E74: =SUM(E72:E73) -> 3000 | F74: =SUM(F72:F73) -> 1558.2 | G74: =F74/E74 -> 0.5194 | I74: =SUM(I72:I73) -> 3000 | J74: =SUM(J72:J73) -> 345 | K74: =J74/I74 -> 0.115
B76: =Summarys!B115 -> 2210400 | C76: Rentals
B77: 2210404 | C77: =VLOOKUP(B77,EXPENSE!C:D,2,FALSE) -> Hotel Accommodations | E77: 0 | F77: 0 | G77: - | I77: 19000 | J77: 8492.77 | K77: =J77/I77 -> 0.44698789
C79: SUB SUB - TOTAL | E79: =SUM(E77:E78) -> 0 | F79: =SUM(F77:F78) -> 0 | G79: - | I79: =SUM(I77:I78) -> 19000 | J79: =SUM(J77:J78) -> 8492.77 | K79: =J79/I79 -> 0.44698789
B81: =Summarys!B116 -> 2210500 | C81: Travel & Transport
B82: 2210502 | C82: =VLOOKUP(B82,EXPENSE!C:D,2,FALSE) -> Maintenance & Repairs - Official Vehicles | E82: 56775 | F82: 37412.7 | G82: =F82/E82 -> 0.65896433 | I82: 85000 | J82: 93374.55 | K82: =J82/I82 -> 1.0985241
B83: 2210503 | C83: =VLOOKUP(B83,EXPENSE!C:D,2,FALSE) -> Fuel & Lubricants - Official Vehicles | E83: 58389 | F83: 23653.5 | G83: =F83/E83 -> 0.40510199 | I83: 31000 | J83: 30250 | K83: =J83/I83 -> 0.97580645
B84: 2210505 | C84: =VLOOKUP(B84,EXPENSE!C:D,2,FALSE) -> Running Cost - Official Vehicles | E84: 102180 | F84: 79379.75 | G84: =F84/E84 -> 0.77686191 | I84: 55000 | J84: 78937 | K84: =J84/I84 -> 1.4352182
B85: 2210509 | C85: =VLOOKUP(B85,EXPENSE!C:D,2,FALSE) -> Other Travel & Transportation | E85: 17000 | F85: 18652.14 | G85: =F85/E85 -> 1.0971847 | I85: 24000 | J85: 14803 | K85: =J85/I85 -> 0.61679167
B86: 2210512 | C86: =VLOOKUP(B86,EXPENSE!C:D,2,FALSE) -> Mileage Allowance | E86: 500 | F86: 2507 | G86: =F86/E86 -> 5.014 | I86: 2000 | J86: 0 | K86: =J86/I86 -> 0
E87: 0 | I87: 0
C88: SUB SUB - TOTAL | E88: =SUM(E82:E87) -> 234844 | F88: =SUM(F82:F87) -> 161605.09 | G88: =F88/E88 -> 0.68813804 | I88: =SUM(I82:I87) -> 197000 | J88: =SUM(J82:J87) -> 217364.55 | K88: =J88/I88 -> 1.1033734
B90: =Summarys!B117 -> 2210600 | C90: Repairs & Maintenance
B91: 2210601 | C91: =VLOOKUP(B91,EXPENSE!C:D,2,FALSE) -> Roads, Driveways & Grounds | E91: 2000 | F91: 0 | G91: =F91/E91 -> 0 | I91: 10000 | J91: 0 | K91: =J91/I91 -> 0
B92: 2210602 | C92: =VLOOKUP(B92,EXPENSE!C:D,2,FALSE) -> Repairs of Residential Buildings | E92: 31120 | F92: 1690 | G92: =F92/E92 -> 0.054305913 | I92: 25500 | J92: 22617 | K92: =J92/I92 -> 0.88694118
B93: 2210603 | C93: =VLOOKUP(B93,EXPENSE!C:D,2,FALSE) -> Repairs of Office Buildings | E93: 59083 | F93: 32128.75 | G93: =F93/E93 -> 0.54379009 | I93: 14800 | J93: 2759.5 | K93: =J93/I93 -> 0.1864527
B94: 2210604 | C94: =VLOOKUP(B94,EXPENSE!C:D,2,FALSE) -> Maintenance of Furniture & Fixtures | E94: 500 | F94: 0 | G94: =F94/E94 -> 0 | I94: 20500 | J94: 2233 | K94: =J94/I94 -> 0.10892683
B95: 2210606 | C95: =VLOOKUP(B95,EXPENSE!C:D,2,FALSE) -> Maintenance of General Equipment | E95: 13640 | F95: 2035 | G95: =F95/E95 -> 0.14919355 | I95: 23000 | J95: 8858.75 | K95: =J95/I95 -> 0.38516304
B96: 2210607 | C96: =VLOOKUP(B96,EXPENSE!C:D,2,FALSE) -> Minor Repairs of Schools/Colleges | E96: 28000 | F96: 9167 | G96: =F96/E96 -> 0.32739286 | I96: 0 | J96: 0 | K96: -
B97: 2210611 | C97: =VLOOKUP(B97,EXPENSE!C:D,2,FALSE) -> Markets | E97: 5000 | F97: 0 | G97: =F97/E97 -> 0 | I97: 15000 | J97: 7433.9 | K97: =J97/I97 -> 0.49559333
B98: 2210613 | C98: =VLOOKUP(B98,EXPENSE!C:D,2,FALSE) -> Schools/Nurseries | E98: 0 | F98: 0 | G98: - | I98: 5000 | J98: 0 | K98: =J98/I98 -> 0
B99: 2210616 | C99: Sanitation Sites (Sanitation and Fumigation) | E99: 115000 | F99: 310500 | G99: =F99/E99 -> 2.7 | I99: 427000 | J99: 310500 | K99: =J99/I99 -> 0.72716628
B100: 2210617 | C100: =VLOOKUP(B100,EXPENSE!C:D,2,FALSE) -> Street Lights/Traffic Lights | E100: 57364 | F100: 8490 | G100: =F100/E100 -> 0.14800223 | I100: 31500 | J100: 13693.25 | K100: =J100/I100 -> 0.43470635
C102: SUB SUB - TOTAL | E102: =SUM(E91:E101) -> 311707 | F102: =SUM(F91:F101) -> 364010.75 | G102: =F102/E102 -> 1.1677978 | I102: =SUM(I91:I101) -> 572300 | J102: =SUM(J91:J101) -> 368095.4 | K102: =J102/I102 -> 0.64318609
B104: =Summarys!B118 -> 2210700 | C104: Traning, Seminar & Confer. Cost
B105: 2210701 | C105: =VLOOKUP(B105,EXPENSE!C:D,2,FALSE) -> Training Materials | E105: 2500 | F105: 0 | G105: =F105/E105 -> 0 | I105: 11000 | J105: 0 | K105: =J105/I105 -> 0
B106: 2210702 | C106: =VLOOKUP(B106,EXPENSE!C:D,2,FALSE) -> Visits, Conferences / Seminars (Local) | E106: 116626 | F106: 69832.5 | G106: =F106/E106 -> 0.598773 | I106: 125000 | J106: 116510.6 | K106: =J106/I106 -> 0.9320848
B107: 2210705 | C107: =VLOOKUP(B107,EXPENSE!C:D,2,FALSE) -> Hotel Accommodation | E107: 14000 | F107: 15960 | G107: =F107/E107 -> 1.14 | I107: 0 | J107: 0 | K107: -
B108: 2210706 | C108: =VLOOKUP(B108,EXPENSE!C:D,2,FALSE) -> Library & Subscription | E108: 1000 | F108: 812.5 | G108: =F108/E108 -> 0.8125 | I108: 7000 | J108: 580 | K108: =J108/I108 -> 0.082857143
B109: 2210708 | C109: =VLOOKUP(B109,EXPENSE!C:D,2,FALSE) -> Refreshments | E109: 82180 | F109: 60524 | G109: =F109/E109 -> 0.7364809 | I109: 55000 | J109: 40487.95 | K109: =J109/I109 -> 0.73614455
B110: 2210709 | C110: =VLOOKUP(B110,EXPENSE!C:D,2,FALSE) -> Seminars/Conferences/Workshops/Meetings Expenses | E110: 104270 | F110: 72227.95 | G110: =F110/E110 -> 0.69270116 | I110: 70000 | J110: 76046.5 | K110: =J110/I110 -> 1.0863786
B111: 2210710 | C111: =VLOOKUP(B111,EXPENSE!C:D,2,FALSE) -> Staff Development/Capacity Building | E111: 15000 | F111: 6325 | G111: =F111/E111 -> 0.42166667 | I111: 20000 | J111: 612 | K111: =J111/I111 -> 0.0306
B112: 2210711 | C112: =VLOOKUP(B112,EXPENSE!C:D,2,FALSE) -> Public Education & Sensitization | E112: 65977 | F112: 15172 | G112: =F112/E112 -> 0.22995893 | I112: 60000 | J112: 57801.5 | K112: =J112/I112 -> 0.96335833
C114: SUB SUB - TOTAL | E114: =SUM(E105:E113) -> 401553 | F114: =SUM(F105:F113) -> 240853.95 | G114: =F114/E114 -> 0.59980613 | I114: =SUM(I105:I113) -> 348000 | J114: =SUM(J105:J113) -> 292038.55 | K114: =J114/I114 -> 0.83919124
B116: =Summarys!B119 -> 2210800 | C116: Consultancy Expenses
B117: 2210801 | C117: =VLOOKUP(B117,EXPENSE!C:D,2,FALSE) -> Local Consultants Fees | E117: 90520 | F117: 85360.37 | G117: =F117/E117 -> 0.94300011 | I117: 0 | J117: 0 | K117: -
C119: SUB SUB - TOTAL | E119: =SUM(E117:E118) -> 90520 | F119: =SUM(F117:F118) -> 85360.37 | G119: =F119/E119 -> 0.94300011 | I119: =SUM(I117:I118) -> 0 | J119: =SUM(J117:J118) -> 0 | K119: -
B121: =Summarys!B120 -> 2210900 | C121: Special Services
B122: 2210902 | C122: =VLOOKUP(B122,EXPENSE!C:D,2,FALSE) -> Official Celebrations | E122: 55000 | F122: 33656.4 | G122: =F122/E122 -> 0.61193455 | I122: 55000 | J122: 31801 | K122: =J122/I122 -> 0.5782
B123: 2210905 | C123: =VLOOKUP(B123,EXPENSE!C:D,2,FALSE) -> Assembly Members Sittings All | E123: 58000 | F123: 64012 | G123: =F123/E123 -> 1.1036552 | I123: 65000 | J123: 59695 | K123: =J123/I123 -> 0.91838462
B124: 2210908 | C124: =VLOOKUP(B124,EXPENSE!C:D,2,FALSE) -> Property Valuation Expenses | E124: 500 | F124: 0 | G124: =F124/E124 -> 0 | I124: 32000 | J124: 16725 | K124: =J124/I124 -> 0.52265625
C126: SUB SUB - TOTAL | E126: =SUM(E122:E125) -> 113500 | F126: =SUM(F122:F125) -> 97668.4 | G126: =F126/E126 -> 0.86051454 | I126: =SUM(I122:I125) -> 152000 | J126: =SUM(J122:J125) -> 108221 | K126: =J126/I126 -> 0.71198026
B128: =Summarys!B121 -> 2211100 | C128: Other Charges & Fees
B129: 2211101 | C129: =VLOOKUP(B129,EXPENSE!C:D,2,FALSE) -> Bank Charges | E129: 6000 | F129: 5377.7 | G129: =F129/E129 -> 0.89628333 | I129: 11000 | J129: 11442.09 | K129: =J129/I129 -> 1.04019
C131: SUB SUB - TOTAL | E131: =SUM(E129:E130) -> 6000 | F131: =SUM(F129:F130) -> 5377.7 | G131: =F131/E131 -> 0.89628333 | I131: =SUM(I129:I130) -> 11000 | J131: =SUM(J129:J130) -> 11442.09 | K131: =J131/I131 -> 1.04019
B133: =Summarys!B122 -> 2212200 | C133: Emergency Services
B134: 2211202 | C134: =VLOOKUP(B134,EXPENSE!C:D,2,FALSE) -> Refurbishment Contingency | E134: 0 | F134: 0 | G134: - | I134: 133000 | J134: 69590.4 | K134: =J134/I134 -> 0.52323609
E135: 0
C136: SUB SUB - TOTAL | E136: =SUM(E134:E135) -> 0 | F136: =SUM(F134:F135) -> 0 | G136: - | I136: =SUM(I134:I134) -> 133000 | J136: =SUM(J134:J135) -> 69590.4 | K136: =J136/I136 -> 0.52323609
C138: SUB - TOTAL | E138: =E136+E131+E126+E119+E114+E102+E88+E79+E74+E69+E58 -> 2187037 | F138: =F136+F131+F126+F119+F114+F102+F88+F79+F74+F69+F58 -> 1246406.8 | G138: =F138/E138 -> 0.56990659 | I138: =I136+I131+I126+I119+I114+I102+I88+I79+I74+I69+I58 -> 2486994 | J138: =J136+J131+J126+J119+J114+J102+J88+J79+J74+J69+J58 -> 1357404.8 | K138: =J138/I138 -> 0.54580139
...

Sheet Cash & Bank bal.
B2: ='Bal. Sht'!B2:F2 -> ~ 0215100 - KOMENDA-EDINA-EGUAFO-ABREM MUNICIPAL ASSEMBLY ~
B3: BANK BALANCES AS AT THE YEAR ENDED
B4: ='Bal. Sht'!B4:F4 -> 31st DECEMBER 2017
E6: ='Bal. Sht'!D6 -> 2017 | G6: 2016
B7: ACCOUNT NAMES | E7: ACCOUNT | G7: ACCOUNT
E8: BALANCE (GH¢) | G8: BALANCE (GH¢)
B10: A/C 0018 ECHMP ADB | E10: 1144.35 | G10: 1144.35
B11: A/C 0104 KAKUM RURAL BANK (Agona Agency | E11: 1533.25 | G11: 1533.25
B12: A/C 005-102895-01-5-04 UBA ELMINA-GOUDA SIS. CITY | E12: 2995.95 | G12: 1136
B13: A/C 0323001014 A.D.B (CBRDP) | E13: -14.84 | G13: 139.18
B14: A/C 0793 GCB ACCTS NO 1. | E14: 0 | G14: 1111.6
B15: A/C 1001 ADB ELMINA - GOUDA SIS. CITY | E15: 16.25 | G15: 16.25
B16: A/C 120200235 SCH. FEEDING PROGRAMME | E16: 177.75 | G16: 177.75
B17: A/C 1202002357 GHANA @50 | E17: 0 | G17: 0
B18: A/C 2091920267931 MPOBEN | E18: 0 | G18: 0
B19: A/C 2305 NIB - CF A/C | E19: 319271.4 | G19: -31155.2
B20: A/C 2326 NIB - MP'S A/C | E20: 149375.96 | G20: 1323.52
B21: A/C 2404 HIPC A/C | E21: 2131.36 | G21: 2131.36
... B40: WASH PROG. A/C | E40: 35805.54 | G40: 42130.54
B42: TOTAL CASH BOOK BALANCES | E42: =SUM(E10:E40) -> 1178936.6 | G42: =SUM(G10:G40) -> 1154361.7
B44: BANK OVERDRAFT
B45: A/C 2305 NIB - CF A/C | E45: 0 | G45: 0
B46: A/C 461 KAKUM RURAL BANK A/C | E46: 0 | G46: 0
B47: A/C 7748 OPS & M'TCE SSB | E47: 0 | G47: 0
B48: A/C 451 KAKUM RURAL BANK A/C | E48: 0 | G48: 0
B50: TOTAL | E50: =SUM(E45:E49) -> 0 | G50: =SUM(G45:G49) -> 0
B54: TOTAL CASH BOOK BALANCE | E54: =E42-E50 -> 1178936.6 | G54: =G42-G50 -> 1154361.7
B58: =B2 -> ~ 0215100 - KOMENDA-EDINA-EGUAFO-ABREM MUNICIPAL ASSEMBLY ~
B59: CASH BALANCE AS AT THE END OF THE YEARS
B60: =B4 -> 31st DECEMBER 2017
E63: =E6 -> 2017 | G63: =G6 -> 2016
B64: ACCOUNT NAMES | E64: ACCOUNT | G64: ACCOUNT
E65: BALANCE (GH¢) | G65: BALANCE (GH¢)
B67: CASH ACCOUNTS | E67: 0 | G67: 498.1
B70: TOTAL CASH BALANCE | E70: =SUM(E67:E69) -> 0 | G70: =SUM(G67:G69) -> 498.1

Sheet SCHEDULES
B2: ='Bal. Sht'!B2:F2 -> ~ 0215100 - KOMENDA-EDINA-EGUAFO-ABREM MUNICIPAL ASSEMBLY ~
B3: ANALYSIS OF ADVANCES AS AT END OF THE YEARS
B4: ='Bal. Sht'!B4:F4 -> 31st DECEMBER 2017
H6: ='Bal. Sht'!D6 -> 2017 | I6: 2016
B7: DATE | C7: NAMES | F7: INITIAL | G7: AMOUNT | H7: OUTSTANDING | I7: OUTSTANDING
F8: AMOUNT | G8: PAID | H8: AMOUNT | I8: AMOUNT
B10: 42256 | C10: Raymond N. Nketsiah | F10: 1500 | G10: 200 | H10: =F10-G10 -> 1300 | I10: 1500
B11: 42256 | C11: Emmanuel Tawiah | F11: 200 | G11: 0 | H11: =F11-G11 -> 200 | I11: 200
B12: 42289 | C12: Emmanuel A. Eshun | F12: 850 | G12: 0 | H12: =F12-G12 -> 850 | I12: 850
B13: 42338 | C13: Rufus K. Quarshie | F13: 19217.25 | G13: 0 | H13: =F13-G13 -> 19217.25 | I13: 13710.15
B18: TOTAL ADVANCED | F18: =SUM(F10:F17) -> 21767.25 | G18: =SUM(G10:G17) -> 200 | H18: =SUM(H10:H17) -> 21567.25 | I18: =SUM(I10:I17) -> 16260.15
B28: =B2 -> ~ 0215100 - KOMENDA-EDINA-EGUAFO-ABREM MUNICIPAL ASSEMBLY ~
B29: ANALYSIS OF DEBTORS AS AT END OF THE YEARS
B30: =B4 -> 31st DECEMBER 2017
H32: =H6 -> 2017 | I32: =I6 -> 2016
B33: DATE | C33: NAMES | F33: INITIAL | G33: AMOUNT | H33: OUTSTANDING | I33: OUTSTANDING
F34: AMOUNT | G34: PAID | H34: AMOUNT | I34: AMOUNT
F36: 0 | G36: 0 | H36: =F36-G36 -> 0 | I36: 0
F37: 0 | G37: 0 | H37: =F37-G37 -> 0 | I37: 0
F38: 0 | G38: 0 | H38: =F38-G38 -> 0 | I38: 0
F39: 0 | G39: 0 | H39: =F39-G39 -> 0 | I39: 0
F40: 0 | G40: 0 | H40: =F40-G40 -> 0 | I40: 0
F41: 0 | G41: 0 | H41: =F41-G41 -> 0 | I41: 0
F42: 0 | G42: 0 | H42: =F42-G42 -> 0 | I42: 0
F43: 0 | G43: 0 | H43: =F43-G43 -> 0 | I43: 0
F44: 0 | G44: 0 | H44: =F44-G44 -> 0 | I44: 0
F45: 0 | G45: 0 | H45: =F45-G45 -> 0 | I45: 0
F46: 0 | G46: 0 | H46: =F46-G46 -> 0 | I46: 0
B48: TOTAL DEBTORS | F48: =SUM(F36:F47) -> 0 | G48: =SUM(G36:G47) -> 0 | H48: =SUM(H36:H47) -> 0 | I48: =SUM(I36:I47) -> 0
B58: =B2 -> ~ 0215100 - KOMENDA-EDINA-EGUAFO-ABREM MUNICIPAL ASSEMBLY ~
B59: ANALYSIS OF POVERTY REDUCTIONS AS AT END OF THE YAERS
B60: =B4 -> 31st DECEMBER 2017
H62: =H6 -> 2017 | I62: =I6 -> 2016
B63: DATE | C63: NAMES | F63: INITIAL | G63: AMOUNT | H63: OUTSTANDING | I63: OUTSTANDING
F64: AMOUNT | G64: PAID | H64: AMOUNT | I64: AMOUNT
F66: 0 | G66: 0 | H66: =F66-G66 -> 0 | I66: 0
F67: 0 | G67: 0 | H67: 0 | I67: 0
F68: 0 | G68: 0 | H68: 0 | I68: 0
B78: TOTAL POV'TY REDUCTION | F78: =SUM(F66:F77) -> 0 | G78: =SUM(G66:G77) -> 0 | H78: =SUM(H66:H77) -> 0 | I78: =SUM(I66:I77) -> 0
B88: =B2 -> ~ 0215100 - KOMENDA-EDINA-EGUAFO-ABREM MUNICIPAL ASSEMBLY ~
B89: ANALYSIS OF INVESTMENTS AS AT END OF THE YEARS
B90: =B4 -> 31st DECEMBER 2017
H92: =H6 -> 2017 | I92: =I6 -> 2016
B93: DATE | C93: NAMES | F93: INITIAL | G93: AMOUNT IN | H93: OUTSTANDING | I93: OUTSTANDING
F94: AMOUNT | G94: RETURNS | H94: AMOUNT | I94: AMOUNT
G96: 0 | H96: =F96-G96 -> 0
G97: 0 | H97: =F97-G97 -> 0
G98: 0 | H98: =F98-G98 -> 0
G99: 0 | H99: =F99-G99 -> 0
G100: 0 | H100: =F100-G100 -> 0
G101: 0 | H101: =F101-G101 -> 0
B108: TOTAL INVESTMENTS | F108: =SUM(F96:F107) -> 0 | G108: =SUM(G96:G107) -> 0 | H108: =SUM(H96:H107) -> 0 | I108: =SUM(I96:I107) -> 0
B119: =B2 -> ~ 0215100 - KOMENDA-EDINA-EGUAFO-ABREM MUNICIPAL ASSEMBLY ~
B120: ANALYSIS OF INCOMETAX AS AT END OF THE YAERS
B121: =B4 -> 31st DECEMBER 2017
H123: =H6 -> 2017 | I123: =I6 -> 2016
B124: DATE | C124: NAMES | F124: INITIAL | G124: AMOUNT | H124: OUTSTANDING | I124: OUTSTANDING
F125: AMOUNT | G125: PAID | H125: AMOUNT | I125: AMOUNT
F127: 0 | G127: 0 | H127: =F127-G127 -> 0 | I127: 0
F128: 0 | G128: 0 | H128: =F128-G128 -> 0 | I128: 0
F129: 0 | G129: 0 | H129: =F129-G129 -> 0 | I129: 0
F130: 0 | G130: 0 | H130: =F130-G130 -> 0 | I130: 0
F131: 0 | G131: 0 | H131: =F131-G131 -> 0 | I131: 0
F132: 0 | G132: 0 | H132: =F132-G132 -> 0 | I132: 0
F133: 0 | G133: 0 | H133: =F133-G133 -> 0 | I133: 0
F134: 0 | G134: 0 | H134: =F134-G134 -> 0 | I134: 0
F135: 0 | G135: 0 | H135: =F135-G135 -> 0 | I135: 0
F136: 0 | G136: 0 | H136: =F136-G136 -> 0 | I136: 0
F137: 0 | G137: 0 | H137: =F137-G137 -> 0 | I137: 0
F138: 0 | G138: 0 | H138: =F138-G138 -> 0 | I138: 0
B140: TOTAL INCOMETAX | F140: =SUM(F127:F139) -> 0 | G140: =SUM(G127:G139) -> 0 | H140: =SUM(H127:H139) -> 0 | I140: =SUM(I127:I139) -> 0
B150: =B28 -> ~ 0215100 - KOMENDA-EDINA-EGUAFO-ABREM MUNICIPAL ASSEMBLY ~
B151: ANALYSIS OF DEPOSITS AS AT END OF THE YAERS
B152: =B30 -> 31st DECEMBER 2017
H154: =H6 -> 2017 | I154: =I6 -> 2016
B155: DATE | C155: NAMES | F155: INITIAL | G155: AMOUNT | H155: OUTSTANDING | I155: OUTSTANDING
F156: AMOUNT | G156: PAID | H156: AMOUNT | I156: AMOUNT
B158: 37711 | C158: EDUCATION (SCHOLARSHIP | F158: 0 | G158: 0 | H158: =F158-G158 -> 0 | I158: 0
B159: 40358 | C159: K.E.E.A MUNICIPAL ASSEMBLY | F159: 0 | G159: 0 | H159: =F159-G159 -> 0 | I159: 0
B160: 40909 | C160: SISTER CITY PROGRAM | F160: 0 | G160: 0 | H160: =F160-G160 -> 0 | I160: 0
B166: TOTAL DEPOSITS | F166: =SUM(F158:F165) -> 0 | G166: =SUM(G158:G165) -> 0 | H166: =SUM(H158:H165) -> 0 | I166: =SUM(I158:I165) -> 0
B176: =B58 -> ~ 0215100 - KOMENDA-EDINA-EGUAFO-ABREM MUNICIPAL ASSEMBLY ~
B177: ANALYSIS OF RETENTIONS AS AT END OF THE YAERS
B178: =B60 -> 31st DECEMBER 2017
H180: =H6 -> 2017 | I180: =I6 -> 2016
B181: DATE | C181: NAMES | F181: INITIAL | G181: AMOUNT | H181: OUTSTANDING | I181: OUTSTANDING
F182: AMOUNT | G182: PAID | H182: AMOUNT | I182: AMOUNT
H184: =F184-G184 -> 0 | I184: 0
G185: 0 | H185: =F185-G185 -> 0 | I185: 0
G186: 0 | H186: =F186-G186 -> 0 | I186: 0
G187: 0 | H187: =F187-G187 -> 0 | I187: 0
G188: 0 | H188: =F188-G188 -> 0 | I188: 0
G189: 0 | H189: =F189-G189 -> 0 | I189: 0
I190: 0
B195: TOTAL RETENTIONS | F195: =SUM(F184:F194) -> 0 | G195: =SUM(G184:G194) -> 0 | H195: =SUM(H184:H194) -> 0 | I195: =SUM(I184:I194) -> 0
B205: =B88 -> ~ 0215100 - KOMENDA-EDINA-EGUAFO-ABREM MUNICIPAL ASSEMBLY ~
B206: ANALYSIS OF CREDITORS (OVERDRAFT) AS AT END OF THE YAERS
B207: =B90 -> 31st DECEMBER 2017
H209: =H6 -> 2017 | I209: =I6 -> 2016
B210: DATE | C210: NAMES | F210: INITIAL | G210: AMOUNT | H210: OUTSTANDING | I210: OUTSTANDING
...

Sheet Capture Credits
B2: ~ 0102100 - EJISU MUNICIPAL ASSEMBLY - A/R ~
B3: TRANSACTIONS LEDGER FOR THE MONTH ENDED
B4: 42035
B6: Transaction Code | C6: Date | D6: Description | E6: Payee | F6: Receipt No. | G6: Cheque / Ref. No. | H6: Cash A/c. (GH¢) | I6: Bank A/c. No. 1 (GH¢) | J6: Bank A/c. No. 2 (GH¢) | K6: Advent A/c. (GH¢) | L6: Sanitation A/c. (GH¢) | M6: DACF A/c. (GH¢) | N6: MP's CF A/c. No. 1 (GH¢) | O6: DFF A/c. No. 2 (GH¢) | P6: PWD A/c. (GH¢) | Q6: CODAPEC A/c. (GH¢) | R6: GSFP A/C (GH¢) | U6: Amount Total (GH¢) | V6: Item Nature
C8: ='Bal. Sheet'!B5 -> 31st DECEMBER 2013 AND 2014 | D8: BALANCE B/F | H8: 0 | I8: 0 | J8: 0 | K8: 0 | L8: 0 | M8: 0 | N8: 0 | O8: 0 | P8: 0 | Q8: 0 | R8: 0 | U8: =SUM(H8:T8) -> 0
D10: =VLOOKUP(B10,REVENUE!C:D,2,FALSE) -> #N/A | U10: =SUM(H10:T10) -> 0 | V10: =VLOOKUP(B10,REVENUE!C:F,3,FALSE) -> #N/A
D11: =VLOOKUP(B11,REVENUE!C:D,2,FALSE) -> #N/A | U11: =SUM(H11:T11) -> 0 | V11: =VLOOKUP(B11,REVENUE!C:F,3,FALSE) -> #N/A
D12: =VLOOKUP(B12,REVENUE!C:D,2,FALSE) -> #N/A | U12: =SUM(H12:T12) -> 0 | V12: =VLOOKUP(B12,REVENUE!C:F,3,FALSE) -> #N/A
D13: =VLOOKUP(B13,REVENUE!C:D,2,FALSE) -> #N/A | U13: =SUM(H13:T13) -> 0 | V13: =VLOOKUP(B13,REVENUE!C:F,3,FALSE) -> #N/A
D14: =VLOOKUP(B14,REVENUE!C:D,2,FALSE) -> #N/A | I14: 0 | U14: =SUM(H14:T14) -> 0 | V14: =VLOOKUP(B14,REVENUE!C:F,3,FALSE) -> #N/A
D15: =VLOOKUP(B15,REVENUE!C:D,2,FALSE) -> #N/A | U15: =SUM(H15:T15) -> 0 | V15: =VLOOKUP(B15,REVENUE!C:F,3,FALSE) -> #N/A
D16: =VLOOKUP(B16,REVENUE!C:D,2,FALSE) -> #N/A | U16: =SUM(H16:T16) -> 0 | V16: =VLOOKUP(B16,REVENUE!C:F,3,FALSE) -> #N/A
D17: =VLOOKUP(B17,REVENUE!C:D,2,FALSE) -> #N/A | U17: =SUM(H17:T17) -> 0 | V17: =VLOOKUP(B17,REVENUE!C:F,3,FALSE) -> #N/A
D18: =VLOOKUP(B18,REVENUE!C:D,2,FALSE) -> #N/A | U18: =SUM(H18:T18) -> 0 | V18: =VLOOKUP(B18,REVENUE!C:F,3,FALSE) -> #N/A
D19: =VLOOKUP(B19,REVENUE!C:D,2,FALSE) -> #N/A | U19: =SUM(H19:T19) -> 0 | V19: =VLOOKUP(B19,REVENUE!C:F,3,FALSE) -> #N/A
D20: =VLOOKUP(B20,REVENUE!C:D,2,FALSE) -> #N/A | U20: =SUM(H20:T20) -> 0 | V20: =VLOOKUP(B20,REVENUE!C:F,3,FALSE) -> #N/A
D21: =VLOOKUP(B21,REVENUE!C:D,2,FALSE) -> #N/A | U21: =SUM(H21:T21) -> 0 | V21: =VLOOKUP(B21,REVENUE!C:F,3,FALSE) -> #N/A
D22: =VLOOKUP(B22,REVENUE!C:D,2,FALSE) -> #N/A | U22: =SUM(H22:T22) -> 0 | V22: =VLOOKUP(B22,REVENUE!C:F,3,FALSE) -> #N/A
D23: =VLOOKUP(B23,REVENUE!C:D,2,FALSE) -> #N/A | U23: =SUM(H23:T23) -> 0 | V23: =VLOOKUP(B23,REVENUE!C:F,3,FALSE) -> #N/A
D24: =VLOOKUP(B24,REVENUE!C:D,2,FALSE) -> #N/A | U24: =SUM(H24:T24) -> 0 | V24: =VLOOKUP(B24,REVENUE!C:F,3,FALSE) -> #N/A
D25: =VLOOKUP(B25,REVENUE!C:D,2,FALSE) -> #N/A | U25: =SUM(H25:T25) -> 0 | V25: =VLOOKUP(B25,REVENUE!C:F,3,FALSE) -> #N/A
D26: =VLOOKUP(B26,REVENUE!C:D,2,FALSE) -> #N/A | U26: =SUM(H26:T26) -> 0 | V26: =VLOOKUP(B26,REVENUE!C:F,3,FALSE) -> #N/A
... D204: =VLOOKUP(B204,REVENUE!C:D,2,FALSE) -> #N/A | U204: =SUM(H204:T204) -> 0 | V204: =VLOOKUP(B204,REVENUE!C:F,3,FALSE) -> #N/A
D205: Total | H205: =SUM(H10:H204) -> 0 | I205: =SUM(I10:I204) -> 0 | J205: =SUM(J10:J204) -> 0 | K205: =SUM(K10:K204) -> 0 | L205: =SUM(L10:L204) -> 0 | M205: =SUM(M10:M204) -> 0 | N205: =SUM(N10:N204) -> 0 | O205: =SUM(O10:O204) -> 0 | ... U205: =SUM(U10:U204) -> 0
E207: Total Revenue (Current) + Balance B/f | H207: =H205+H8+Contra!S20 -> 0 | I207: =I205+I8+Contra!T20 -> 0 | J207: =J205+J8+Contra!U20 -> 0 | K207: =K205+K8+Contra!V20 -> 0 | L207: =L205+L8+Contra!W20 -> 0 | M207: =M205+M8+Contra!X20 -> 0 | N207: =N205+N8+Contra!Y20 -> 0 | O207: =O205+O8+Contra!Z20 -> 0 | ... T207: =T205+T8+Contra!AE20 -> 0 | U207: =SUM(H207:T207) -> 0
E209: Total Expenditure (Current) | H209: ='Capture Debits (IGF)'!H203+Contra!D20 -> 0 | I209: ='Capture Debits (IGF)'!I203+Contra!E20 -> 0 | J209: ='Capture Debits (IGF)'!J203+Contra!F20 -> 0 | K209: ='Capture Debits (IGF)'!K203+Contra!G20 -> 0 | L209: ='Capture Debits (IGF)'!L203+Contra!H20 -> 0 | M209: ='Capture Debits (GOG)'!H203+Contra!I20 -> 0 | N209: ='Capture Debits (GOG)'!I203+Contra!J20 -> 0 | O209: ='Capture Debits (GOG)'!J203+Contra!K20 -> 0 | P209: ='Capture Debits (GOG)'!K203+Contra!L20 -> 0 | Q209: ='Capture Debits (GOG)'!L203+Contra!M20 -> 0 | R209: ='Capture Debits (GOG)'!M203+Contra!N20 -> 0 | S209: ='Capture Debits (GOG)'!N203+Contra!O20 -> 0 | T209: ='Capture Debits (GOG)'!O203+Contra!P20 -> 0 | U209: =SUM(H209:T209) -> 0
E211: Cash Equivalent Closing | H211: =H207-H209 -> 0 | I211: =I207-I209 -> 0 | J211: =J207-J209 -> 0 | K211: =K207-K209 -> 0 | L211: =L207-L209 -> 0 | M211: =M207-M209 -> 0 | N211: =N207-N209 -> 0 | O211: =O207-O209 -> 0 | ... U211: =U207-U209 -> 0

Sheet Capture Debits (IGF)
B2: ~ 0102100 - EJISU MUNICIPAL ASSEMBLY - A/R ~
B3: TRANSACTIONS LEDGER FOR THE MONTH ENDED
B4: 42035
B6: Transaction Code | C6: Date | D6: Description | E6: Payee | F6: PV No. | G6: Cheque / Ref. No. | H6: Cash A/c. (GH¢) | I6: Bank A/c. No. 1 (GH¢) | J6: Bank A/c. No. 2 (GH¢) | K6: Advent A/c. (GH¢) | L6: Sanitation A/c. (GH¢) | N6: Amount Total (GH¢) | O6: Item Nature
B8: 2111001 | D8: =VLOOKUP(B8,EXPENSE!C:D,2,FALSE) -> Established Post | N8: =SUM(H8:M8) -> 0 | O8: =VLOOKUP(B8,EXPENSE!C:E,3,FALSE) -> Compensation of Employees
D9: =VLOOKUP(B9,EXPENSE!C:D,2,FALSE) -> #N/A | N9: =SUM(H9:M9) -> 0 | O9: =VLOOKUP(B9,EXPENSE!C:E,3,FALSE) -> #N/A
D10: =VLOOKUP(B10,EXPENSE!C:D,2,FALSE) -> #N/A | N10: =SUM(H10:M10) -> 0 | O10: =VLOOKUP(B10,EXPENSE!C:E,3,FALSE) -> #N/A
D11: =VLOOKUP(B11,EXPENSE!C:D,2,FALSE) -> #N/A | N11: =SUM(H11:M11) -> 0 | O11: =VLOOKUP(B11,EXPENSE!C:E,3,FALSE) -> #N/A
D12: =VLOOKUP(B12,EXPENSE!C:D,2,FALSE) -> #N/A | N12: =SUM(H12:M12) -> 0 | O12: =VLOOKUP(B12,EXPENSE!C:E,3,FALSE) -> #N/A
D13: =VLOOKUP(B13,EXPENSE!C:D,2,FALSE) -> #N/A | N13: =SUM(H13:M13) -> 0 | O13: =VLOOKUP(B13,EXPENSE!C:E,3,FALSE) -> #N/A
D14: =VLOOKUP(B14,EXPENSE!C:D,2,FALSE) -> #N/A | N14: =SUM(H14:M14) -> 0 | O14: =VLOOKUP(B14,EXPENSE!C:E,3,FALSE) -> #N/A
D15: =VLOOKUP(B15,EXPENSE!C:D,2,FALSE) -> #N/A | N15: =SUM(H15:M15) -> 0 | O15: =VLOOKUP(B15,EXPENSE!C:E,3,FALSE) -> #N/A
D16: =VLOOKUP(B16,EXPENSE!C:D,2,FALSE) -> #N/A | N16: =SUM(H16:M16) -> 0 | O16: =VLOOKUP(B16,EXPENSE!C:E,3,FALSE) -> #N/A
D17: =VLOOKUP(B17,EXPENSE!C:D,2,FALSE) -> #N/A | N17: =SUM(H17:M17) -> 0 | O17: =VLOOKUP(B17,EXPENSE!C:E,3,FALSE) -> #N/A
D18: =VLOOKUP(B18,EXPENSE!C:D,2,FALSE) -> #N/A | N18: =SUM(H18:M18) -> 0 | O18: =VLOOKUP(B18,EXPENSE!C:E,3,FALSE) -> #N/A
D19: =VLOOKUP(B19,EXPENSE!C:D,2,FALSE) -> #N/A | N19: =SUM(H19:M19) -> 0 | O19: =VLOOKUP(B19,EXPENSE!C:E,3,FALSE) -> #N/A
D20: =VLOOKUP(B20,EXPENSE!C:D,2,FALSE) -> #N/A | N20: =SUM(H20:M20) -> 0 | O20: =VLOOKUP(B20,EXPENSE!C:E,3,FALSE) -> #N/A
... D202: =VLOOKUP(B202,EXPENSE!C:D,2,FALSE) -> #N/A | N202: =SUM(H202:M202) -> 0 | O202: =VLOOKUP(B202,EXPENSE!C:E,3,FALSE) -> #N/A
D203: Total | H203: =SUM(H8:H202) -> 0 | I203: =SUM(I8:I202) -> 0 | J203: =SUM(J8:J202) -> 0 | K203: =SUM(K8:K202) -> 0 | L203: =SUM(L8:L202) -> 0 | M203: =SUM(M8:M202) -> 0 | N203: =SUM(N8:N202) -> 0

Sheet Capture Debits (GOG)
B2: ~ 0102100 - EJISU MUNICIPAL ASSEMBLY - A/R ~
B3: TRANSACTIONS LEDGER FOR THE MONTH ENDED
B4: 42035
B6: Transaction Code | C6: Date | D6: Description | E6: Payee | F6: PV No. | G6: Cheque / Ref. No. | H6: DACF A/c. (GH¢) | I6: MP's CF A/c. No. 1 (GH¢) | J6: DFF A/c. No. 2 (GH¢) | K6: PWD A/c. (GH¢) | L6: CODAPEC A/c. (GH¢) | M6: GSFP A/C (GH¢) | P6: Amount Total (GH¢) | Q6: Item Nature
D8: =VLOOKUP(B8,EXPENSE!C:D,2,FALSE) -> #N/A | P8: =SUM(H8:O8) -> 0 | Q8: =VLOOKUP(B8,EXPENSE!C:E,3,FALSE) -> #N/A
D9: =VLOOKUP(B9,EXPENSE!C:D,2,FALSE) -> #N/A | P9: =SUM(H9:O9) -> 0 | Q9: =VLOOKUP(B9,EXPENSE!C:E,3,FALSE) -> #N/A
D10: =VLOOKUP(B10,EXPENSE!C:D,2,FALSE) -> #N/A | P10: =SUM(H10:O10) -> 0 | Q10: =VLOOKUP(B10,EXPENSE!C:E,3,FALSE) -> #N/A
D11: =VLOOKUP(B11,EXPENSE!C:D,2,FALSE) -> #N/A | P11: =SUM(H11:O11) -> 0 | Q11: =VLOOKUP(B11,EXPENSE!C:E,3,FALSE) -> #N/A
D12: =VLOOKUP(B12,EXPENSE!C:D,2,FALSE) -> #N/A | P12: =SUM(H12:O12) -> 0 | Q12: =VLOOKUP(B12,EXPENSE!C:E,3,FALSE) -> #N/A
D13: =VLOOKUP(B13,EXPENSE!C:D,2,FALSE) -> #N/A | P13: =SUM(H13:O13) -> 0 | Q13: =VLOOKUP(B13,EXPENSE!C:E,3,FALSE) -> #N/A
D14: =VLOOKUP(B14,EXPENSE!C:D,2,FALSE) -> #N/A | P14: =SUM(H14:O14) -> 0 | Q14: =VLOOKUP(B14,EXPENSE!C:E,3,FALSE) -> #N/A
D15: =VLOOKUP(B15,EXPENSE!C:D,2,FALSE) -> #N/A | P15: =SUM(H15:O15) -> 0 | Q15: =VLOOKUP(B15,EXPENSE!C:E,3,FALSE) -> #N/A
D16: =VLOOKUP(B16,EXPENSE!C:D,2,FALSE) -> #N/A | P16: =SUM(H16:O16) -> 0 | Q16: =VLOOKUP(B16,EXPENSE!C:E,3,FALSE) -> #N/A
D17: =VLOOKUP(B17,EXPENSE!C:D,2,FALSE) -> #N/A | P17: =SUM(H17:O17) -> 0 | Q17: =VLOOKUP(B17,EXPENSE!C:E,3,FALSE) -> #N/A
D18: =VLOOKUP(B18,EXPENSE!C:D,2,FALSE) -> #N/A | P18: =SUM(H18:O18) -> 0 | Q18: =VLOOKUP(B18,EXPENSE!C:E,3,FALSE) -> #N/A
D19: =VLOOKUP(B19,EXPENSE!C:D,2,FALSE) -> #N/A | P19: =SUM(H19:O19) -> 0 | Q19: =VLOOKUP(B19,EXPENSE!C:E,3,FALSE) -> #N/A
... D202: =VLOOKUP(B202,EXPENSE!C:D,2,FALSE) -> #N/A | P202: =SUM(H202:O202) -> 0 | Q202: =VLOOKUP(B202,EXPENSE!C:E,3,FALSE) -> #N/A
D203: Total | H203: =SUM(H8:H202) -> 0 | I203: =SUM(I8:I202) -> 0 | J203: =SUM(J8:J202) -> 0 | K203: =SUM(K8:K202) -> 0 | L203: =SUM(L8:L202) -> 0 | M203: =SUM(M8:M202) -> 0 | N203: =SUM(N8:N202) -> 0 | O203: =SUM(O8:O202) -> 0 | P203: =SUM(P8:P202) -> 0

Sheet Contra
B2: ='Bal. Sheet'!B2:F2 -> ~ ASOKORE MAMPONG MUNICIPAL ASSEMBLY ~
B3: TRANSACTION FORM FOR CONTRA ENTRIES
B4: ='Bal. Sheet'!B5:F5 -> 31st DECEMBER 2013 AND 2014
C6: TRANSFER FROM COLUMN TRANSFER FROM COLUMN TRANSFER FROM COLUMN TRANSFER FROM COLUMN | R6: TRANSFER TO COLUMN TRANSFER TO COLUMN TRANSFER TO COLUMN TRANSFER TO COLUMN
B8: Date | C8: DESCRIPTION | D8: Cash A/c. (GH¢) | E8: Bank A/c. No. 1 (GH¢) | F8: Bank A/c. No. 2 (GH¢) | G8: Advent A/c. (GH¢) | H8: Sanitation A/c. (GH¢) | I8: DACF A/c. (GH¢) | J8: MP's CF A/c. No. 1 (GH¢) | K8: DFF A/c. No. 2 (GH¢) | L8: PWD A/c. (GH¢) | M8: CODAPEC A/c. (GH¢) | N8: GSFP A/C (GH¢) | R8: DESCRIPTION | S8: Cash A/c. (GH¢) | T8: Bank A/c. No. 1 (GH¢) | U8: Bank A/c. No. 2 (GH¢) | V8: Advent A/c. (GH¢) | W8: Sanitation A/c. (GH¢) | X8: DACF A/c. (GH¢) | Y8: MP's CF A/c. No. 1 (GH¢) | Z8: DFF A/c. No. 2 (GH¢) | AA8: PWD A/c. (GH¢) | AB8: CODAPEC A/c. (GH¢) | AC8: GSFP A/C (GH¢)
D20: =SUM(D10:D19) -> 0 | E20: =SUM(E10:E19) -> 0 | F20: =SUM(F10:F19) -> 0 | G20: =SUM(G10:G19) -> 0 | H20: =SUM(H10:H19) -> 0 | I20: =SUM(I10:I19) -> 0 | J20: =SUM(J10:J19) -> 0 | K20: =SUM(K10:K19) -> 0 | ... P20: =SUM(P10:P19) -> 0 | S20: =SUM(S10:S19) -> 0 | T20: =SUM(T10:T19) -> 0 | U20: =SUM(U10:U19) -> 0 | V20: =SUM(V10:V19) -> 0 | W20: =SUM(W10:W19) -> 0 | X20: =SUM(X10:X19) -> 0 | Y20: =SUM(Y10:Y19) -> 0 | Z20: =SUM(Z10:Z19) -> 0 | ... AE20: =SUM(AE10:AE19) -> 0

Sheet Sheet1
A2: 97178.45
A3: 1715403
A4: 659558.57
A5: 1242596.1
A6: 143951.7
A7: 11056
A8: 62680.87
A9: 129044.9
A10: 6169.2
A11: =SUM(A2:A10) -> 4067638.7
